Workbook
Name ____DIA1: #REF!
Name ____DIA2: #REF!
Name ____EE1: #REF!
Name ____GT1: #REF!
Name ____GTO1: #REF!
Name ____INC1: #REF!
Name ____INI1: #REF!
Name ____MA1: #REF!
Name ____MES1: #REF!
Name ____RC: #REF!
Name ___DAT1: #REF!
Name ___DIA1: #REF!
Name ___DIA2: #REF!
Name ___EE1: #REF!
Name ___GT1: #REF!
Name ___GTO1: #REF!
Name ___INC1: #REF!
Name ___INI1: #REF!
Name ___MA1: #REF!
Name ___MES1: #REF!
Name ___RC: #REF!
Name __1Excel_BuiltIn_Print_Area_1_1: #REF!
Name __DAT1: #REF!
Name __DIA1: #REF!
Name __DIA2: #REF!
Name __EE1: #REF!
Name __GT1: #REF!
Name __GTO1: #REF!
Name __INC1: #REF!
Name __INI1: #REF!
Name __MA1: #REF!
Name __MES1: #REF!
Name __RC: #REF!
Name _1_b_1: #REF!
Name _1Excel_BuiltIn_Print_Area_1_1: #REF!
Name _2_m_1: #REF!
Name _2Excel_BuiltIn_Print_Area_1_1: #REF!
Name _3Excel_BuiltIn_Print_Area_2_1: #REF!
Name _b: #REF!
Name _DAT1: #REF!
Name _DIA1: #REF!
Name _DIA2: #REF!
Name _EE1: #REF!
Name _GT1: #REF!
Name _GT2: #REF!
Name _GTO1: #REF!
Name _GTO11: #REF!
Name _INC1: #REF!
Name _INI1: #REF!
Name _m: #REF!
Name _MA1: #REF!
Name _MES1: #REF!
Name _RC: #REF!
Name _Toc124048707_1: #REF!
Name \b: #REF!
Name \m: #REF!
Name A: #REF!
Name A_impresión_IM: #REF!
Name anos: #REF!
Name AÑO: #REF!

Sheet TODO RIESGO DAÑOS MATERIALES
A1: ANEXO Nº 01 (ESPECIFICACIONES TECNICAS SEGURO DE TODO RIESGOS DAÑO MATERIALES)
A2: TOMADOR: | B2: MUNICIPIO DE PEREIRA
A3: ASEGURADO: | B3: =B2 -> MUNICIPIO DE PEREIRA
A4: BENEFICIARIO: | B4: =B3 -> MUNICIPIO DE PEREIRA
A5: NIT: | B5: 891.480.030-2.
A6: RAMO | B6: TODO RIESGO DAÑOS MATERIALES
A7: INTERMEDIARIO: | B7: GONSEGUROS CORREDORES DE SEGUROS S.A
A8: VIGENCIA: | B8: DESDE LAS 00:00 HORAS DEL 19 DE SEPTIEMBRE DE 2025 HASTA LAS 24:00 HORAS DEL 19 DE SEPTIEMBRE DE 2026
A9: CONDICIONES MINIMAS REQUERIDAS OBLIGATORIAS
A10: BIENES ASEGURADOS | B10: VALOR ASEGURABLE | C10: VALOR ASEGURADO | D10: PROPUESTA DE LA COMPAÑÍA
D11: TASA | E11: PRIMA
A12: Edificios: Toda clase de bienes e inmuebles de propiedad del asegurado o por los que sea responsable ubicados dentro o fuera de los predios asegurados (incluye, casetas, instalaciones deportivas, cerramientos, tanques, redes, lineas y cables. Incluida la norma de sismoresistencia, avisos, vias internas) Se Amparan bienes que por su naturaleza deban permanecer a la intemperie. | C12: =SUM('RELACION BIENES ALCALDIA '!B2:B116) -> 8.7696331e+11
A13: Adecuación a NSR 2010 antes NSR 98 | C13: 8.5638077e+10
A14: CONTENIDOS EN GENERAL: Corresponden a todo tipo de bienes como muebles y enseres en general propios de la actividad general de una entidad pública, incluidos equipos de oficina no eléctricos ni electrónicos, entre otros, sistemas de oficina abierta, al igual que los documentos de cualquier tipo, que se encuentren localizados dentro de los predios asegurados o fuera de los mismos y que esten bajo su responsabilidad, tenencia y/o control del ENTIDAD | C14: 1.1649943e+10
A15: CONTENIDOS EN GENERAL INSTITUCIONES EDUCATIVAS: Corresponden a todo tipo de bienes como muebles y enseres en general propios de la actividad general de una entidad pública, incluidos equipos de oficina no eléctricos ni electrónicos, entre otros, sistemas de oficina abierta, al igual que los documentos de cualquier tipo, que se encuentren localizados dentro de los predios asegurados o fuera de los mismos y que esten bajo su responsabilidad, tenencia y/o control del ENTIDAD | C15: ='RELACION BIENES ALCALDIA '!B124 -> 1164190000
A16: EQUIPOS ELECTRICOS Y ELECTRONICOS INCLUYE CABLEADO ESTRUCTURADO (equipos de comuniciacion, y similares, equipos de computo fijos y portatiles y similares aunque no se especifiquen, incluye equipos en comodatos de terceros al ENTIDAD y del ENTIDAD a terceros). | C16: =SUM('RELACION BIENES ALCALDIA '!B125:B146) -> 6.0653508e+11
A17: MAQUINARIA EN GENERAL Consistente principalmente pero no limitado a: Maquinaria, equipo, maquinaria y equipo subestaciones electricas, plantas de emergencia, calderas, ascensores, motores electricos, montacargas, aire acondicionado central, aire acondiconado de cada oficina, motobombas, transformadores y equipos similares, propios y/o bajo la responsabilidad del asegurado aunque no se especifiquen y demás bienes aunque no se hayan determinado específicamente. Incluye muebles y enseres Hospitalarios). | C17: 7.4923548e+10
A18: SERMOVIENTES(4 CANINOS) | C18: ='RELACION BIENES ALCALDIA '!B159 -> 20000000
A19: INSTRUMENTOS MUSICALES | C19: 1450000000
A20: OBRAS DE ARTE Y PIEZAS ARQUEOLOGICAS | C20: =SUM('RELACION BIENES ALCALDIA '!B160:B161) -> 9.1933575e+08
A21: Mercancias suministros en insumos | C21: ='RELACION BIENES ALCALDIA '!B160 -> 7.5711075e+08
A22: Vacunas refrigeradas | C22: 162225000
A23: Dinero en Efectivo (Dentro y o fuera de caja fuerte) | C23: ='RELACION BIENES ALCALDIA '!B196 -> 64014300
A24: 40 BICICLETAS | C24: ='RELACION BIENES ALCALDIA '!B164 -> 36754877
A25: Bibliotecas (Libros, enciclopedias y contenidos en general de estas) | C25: ='RELACION BIENES ALCALDIA '!B194 -> 4.8505702e+08
A26: Bienes en reposo | C26: ='RELACION BIENES ALCALDIA '!B165 -> 150000000
A27: Totales | C27: =SUM(C12:C26) -> 1.6609186e+12
A28: Total Indice Variable ( 6%) | C28: 9.427637e+10
A29: RENTA: 12 MESES: $250,000,000 MENSUALES | C29: 3000000000
A30: TOTAL | C30: =C27+C28+C29 -> 1.758195e+12
A31: PRIMA NETA
A32: IVA
A33: TOTAL
A34: OBJETO DEL SEGURO | B34: Amparar todos los activos (bienes inmuebles y muebles) de propiedad de la ENTIDAD o aquellos que se encuentren bajo su control, tenencia, responsabilidad o custodia, contra los daños o pérdidas materiales a consecuencia de cualquier riesgo, tanto por eventos internos o externos y en general los recibidos a cualquier título o por los que tenga algún interés asegurable, ubicados en el territorio nacional o por aquellos que por su naturaleza se deban trasladar a nivel mundial, dentro o fuera de las instalaciones del asegurado y/o en predios de terceros o a la intemperie y los utilizados en desarrollo del objeto social de la ENTIDAD.
A35: COBERTURA OBLIGATORIA
A36: MODALIDAD DE LA POLIZA: TODO RIESGO PERDIDA Y/O DAÑO MATERIAL CON EXCLUSIONES La aseguradora se obliga a indemnizar al asegurado los daños y/o pérdidas que sufran los intereses asegurados, así como los costos y/o gastos en que incurra, o todos combinados, como consecuencia de los riesgos que a continuación se enuncian y sujeto a los riesgos excluidos: Todo riesgo para las pérdidas y/o daños materiales que sufran los intereses asegurados por cualquier riesgo y/o causas, incluidos, pero no limitados a: Incendio, explosión, anegación, daños por agua; extended coverage; daños a calderas o aparatos generadores de vapor, huelga, asonada, motín, conmoción civil o popular, actos malintencionados de terceros, incluidos sabotaje y los actos terroristas, cometidos o no por movimientos subversivos (tomas a poblaciones, municipios y ciudades y los actos de la autoridad para repelerlos); terremoto, temblor y/o erupción volcánica, maremoto, tsunami, y/o eventos de la naturaleza tales como ciclón, huracán, tempestad, vientos, inundación, desbordamiento, alza en el nivel de aguas y enfangamiento, hundimiento, deslizamiento del terreno, derrumbes, ludes, desprendimiento de tierra y rocas, y las pérdidas y/o daños consecuenciales originados por tales fenómenos los cuales sean consecuencia de un hecho súbito, accidental e imprevisto cubiertos en la póliza ; daño interno de equipos eléctricos y electrónicos: coberturas de todo riesgo daño material por rotura de maquinaria y equipos eléctricos y electrónicos (explosión física o química interna, caída directa de rayo, rotura debido a fuerza centrifuga, cuerpo extraños, acción directa de la energía eléctrica y/o rayo, impericia, descuido, negligencia; sabotaje individual; error de diseño, defecto de mano de obra, falta de agua en aparatos generadores de vapor, otros accidentes ocurridos a los equipos por causas no expresamente excluidas en la póliza); rotura de vidrios, sustracción con violencia y sustracción sin violencia, y demás amparos y/o cobertura que no se encuentren expresamente excluidas. se amparan los hundimientos, desplazamientos, agrietamientos o asentamientos de cimientos, muros, pisos, techos y pavimentos, vibraciones o movimientos naturales del suelo, siempre y cuando sean consecuencia de un hecho accidental, súbito e imprevisto cubierto en la póliza La cobertura de Hurto simple y calificado se extiende a amparar los equipos moviles y portatiles , kit de emergencias, herramientas, equipos y similares dentro y/o fuera de los predios del asegurado y en aquellos donde ejerza su actividad y cuando estan siendo transportados en vehiculos del asegurado, de sus empleados y/o de terceros contratistas y/o subcontratistas del mismo.
A37: BIENES ASEGURADOS (INTERES ASEGURABLE) OBLIGATORIA
A38: Todos los bienes de propiedad real o personal del ASEGURADO, o en los que tuviere interés asegurable , o los recibidos a cualquier titulo, los tomados en arriendo, los recibidos en dación de pagos o los recibidos a cualquier titulo, comodato, los de terceros o aquellos por los cuales sea o pueda llegar a ser responsable, que se encuentren bajo su cuidado, control y custodia, utilizados en el desarrollo del objeto social del asegurado, consistentes principalmente en, pero no limitados a : edificios, estructuras, cimientos, muros de contención, cercas, escaleras externas, vidrios planos, patios, avisos, torres, toldos, techos, estacionamientos, vías de acceso, otras construcciones separadas de las edificaciones, instalaciones subterráneas, instalaciones eléctricas, de cableado estructural, de aires acondicionados, electrónicas, de comunicación, para conducción de gas sean o no subterráneas, tuberías. conductos, desagües, y en general todo tipo de instalación y equipos que se encuentren por debajo del nivel del suelo, instalaciones fijas de protección contra incendio, instalaciones eléctricas, alarmas, cámaras y circuitos cerrados de televisión, maquinaria, equipos, herramientas, ascensores, subestaciones y /o plantas eléctricas, motores, transformadores, muebles e inmuebles de todo tipo y descripción. enseres, equipos de construcción, equipos de oficina, de procesamiento de datos, equipos de comunicación, de audiovisuales, de sistemas, de laboratorios, equipos de hospitalización, equipos de apoyo, equipos de diagnostico, equipos de apoyo terapéutico, equipos médicos y científicos, instrumental médico mejoras locativas (acabados y obras realizadas en el edificio, mercancías, repuestos, insumos, armas de fuego, equipos móviles y portátiles, vehículos inmovilizados ( en reposo), dinero en efectivo, medallas, plata labrada, obras de arte, estatuas, frescos, colecciones, y muebles que tengan valor artístico, científico e histórico, manuscritos, planos, croquis, patrones, sellos, monedas, libros de comercio, títulos valores y billetes de bancos, instrumentos musicales, equipos de sonidos, bienes que por su naturaleza deben permanecer a la intemperie televisores, equipos de video, cámaras fotográficas, electrodomésticos, equipos para el manejo y movilización de materiales, camillas, papelería, mercancìas azarosas necesarias para el normal funcionamiento del establecimiento y demás bienes que aunque no hayan sido mencionados específicamente se encuentren localizados dentro o fuera de los predios asegurados y/o donde el asegurado desarrolle su actividad dentro del territorio de la republica de Colombia..
A39: DIRECCION UBICACIÓN RIESGOS | B39: Cra. 7 No. 18-55 Pereira - Risaralda. y demas riesgos donde el asegurado ejerce su actividad, aunque no esten determinados especificamente ubicados en el territorio Colombiano.
A41: DEFINICION DE BIENES
A42: DEFINICION DE EDIFICIOS | B42: Se entiende como tal las construcciones fijas con todas sus adiciones y/o anexos, incluyendo instalaciones de caneria sanitaria, e hidraulicas las instalaciones electricas, aparatos, maquinariay accesorios estacionarios para calefaccion, refrigeracion, ventiliacion, alumbrado, ascensores, divisiones, rejas, vidrios, puertas, ventanas, avisos, chimeneas, mejores locativas, refacciones y en general todos los implementeos e instalaciones permanente que formen parte de la construccion, incluyendo cimientos, zapatas, muros de cerramiento y contencion, los costos de direccion de obra e interventoria, cuyo valor esta incluido en la suma asegurada.Incluye la Norma Retie y Retilap.
A43: DEFINICION DE MAQUINARIA Y EQUIPO | B43: Toda la maquinaria , equipo , accesorios , herramientas., repuestos, tanques de almacenamiento, instalaciones eléctricas, vapor, aire, líquidos y de agua que correspondan a maquinaria, equipos fijos para manejo y movilización de materiales, transformadores, subestaciones, plantas eléctricas, calderas, equipos para extensión de incendio en general todo elemento correspondiente a maquinaria, siempre que su valor quede incluido dentro de la suma asegurada, de propiedad del asegurado, o por lo que sea responsable siempre y cuando no estén cubiertos por otra póliza y que se especifiquen con su correspondiente valor, contenidos dentro de cualquier edificio en la póliza
A44: DEFINICION DE MERCANCIAS | B44: Consistentes principalmente en pero no limitados a toda clase de repuestos, accesorios, material de empaque, y propaganda, suministros, herramientas, maquinaria, material biologico y en general todo elemento que los asegurados determinen como mercancía aunque no se hayan determinado específicamente de propiedad del asegurado o de terceros y/o por los cuales sea responsables y siempre y cuando no estén asegurados por otra pólizas se encuentren contenidos y ubicado en los riesgos amparados bajo la presente póliza.
A45: DEFINICION DE EQUIPOS MOVILES Y PORTATILES | B45: En adición a los términos, exclusiones, cláusulas y condiciones contenidas en la Póliza o en sus anexos, este seguro se extiende a cubrir toda pérdida o daño material (todo riesgo) incluyendo hurto y hurto calificado, Huelga, Motín, Asonada, Actos mal Intencionados de Terceros, actos subversivos y terroristas para equipos móviles y/ó portátiles, sean equipos de computo o equipos medicos o quirurgicos, herramientas de operación, investigación, medición y similares; eléctricas, electrónicas y mecánicas, incluyendo los equipos de laboratorio y accesorios especiales instalados en vehículos del ASEGURADO, mientras se hallen o sean movilizados, dentro y/ó fuera de los predios asegurados en territorio de la República de Colombia, incluyendo su transporte en vehículo de servicio público o privado, vehículos de propiedad deL ASEGURADO, de funcionarios del ASEGURADO y /o sus contratistas y subcontratistas.
A46: DEFINICION DE EQUIPO ELECTRICO Y/O ELECTRONICO | B46: Se definen como tal todos los equipos de procesamiento de datos son sus accesorios tales como pero o limitado a Equipos medicos quirurgicos y cientificos incluye instrumental medico y quirurgico , equipos de comunicacion, equipos de computo fijos y portátiles, impresoras, reguladoras de voltaje, unidad interrumpida de poder, unidad de procesamiento central, equipos de climatización, acometidas eléctricas, equipos de comunicación, intercomunicación y similares, equipos móviles y portátiles, copiado o fotocopiado, equipos técnicos y de precisión, de laboratorio, sistemas de video, proyección sistemas de seguridad y prevención y demás equipos similares que formen parte del giro normal y de la actividad propia del asegurado.
A47: DEFINICION DE MUEBLES Y ENSERES | B47: Consistente principalmente en toda clase de muebles, enseres, equipos, utensilios de las diferentes dependencias del asegurado tales como pero no limitados a maquinas de escribir, protectora de cheques y toda clase de maquinas , equipos y utensilios de oficina , armas de fuego, cuadros, estanterías, lámparas, alfombras etc., aunque se hayan determinado específicamente de propiedad del asegurado o por los que sea responsable siempre y cuando en este ultimo caso , no estén cubiertos por otras pólizas y se encuentre contenidos en los diferentes riesgos amparado bajo la presente póliza.
A48: DEFINICION DE MÁQUINAS EQUIPOS DE OFICINA EN GENERAL | B48: Se entiende como tal las maquinas manuales, de escribir, sumar, calcular, protectoras de cheques, electrodomesticos, relojes de control para el personal y celaduria, alarmas, sistemas de seguridad de toda clase( todos estos no electronicos), y demas similares aunque no se hayan determinado especificamente, de propiedad del asegurado o por los cuales sea responsable,
A49: COBERTURAS Y SUBLIMITES
A50: Daños Materiales | B50: 1
A51: Terremoto, temblor, erupcion volcanica y demas eventos de la naturaleza | B51: 1
A52: Actos Mal intencionados de terceros ,sabotaje , Terrorismo, Huelga, Motín, Asonada, conmoción o popular. | B52: 0.7
A53: Rotura de Maquinaria: | B53: 1
A54: Equipos electricos y electronicos: | B54: 1
A55: Frigorificos y Bienes Refrigerados | B55: 162225000
A56: Postes y lineas de transmisión hasta 300 mt fuera de los predios | B56: 500000000
A57: Hurto y Hurto Calificado | B57: Sublimite de $120,000,000,000 combinado para los bienes por vigencia
A58: EQUIPOS MOVILES Y PORTATILES. dentro y fuera de los predios del asegurado, en el territorio colombiano y en el exterior, ampara el hurto simple y calificado y la desaparición misteriosa. | B58: 500000000
A59: CLAUSULAS Y COBERTURAS BASICAS
A60: CONVENIO PARA EL PLAZO DEL PAGO DE LA PRIMA | B60: No obstante cualquier estipulación en contrario, por la presente cláusula se deja establecido que, de acuerdo con lo estipulado en el artículo 81 de la Ley 45/90 y la Resolución numero 03750 de Diciembre 31/74 de la Superintendencia Financiera, las partes contratantes convienen que las primas causadas por el presente Contrato de seguros y los Certificados o Anexos que se emitan en aplicación al mismo serán pagadas por el asegurado dentro de los noventa (90) días a partir de la fecha en que el respectivo documento sea recibido en sus oficinas, directamente por la Aseguradora y/o por el intermediario de seguros, quien deberá certificar haber recibido a satisfacción las respectivas pólizas en las condiciones contratadas; Si las pólizas no han sido correctamente elaboradas, el término para el pago solo empezará a contarse desde la fecha en que se presenten en debida forma. La demora en el pago originada por la presentación incorrecta de los documentos requeridos será responsabilidad del contratista y no tendrán por ello derecho al pago de intereses o compensación de ninguna naturaleza o a la aplicación de la terminación del contrato por mora en el pago de la prima.
A61: REVOCACIÓN, NO RENOVACIÓN O MODIFICACIONES DE LA PÓLIZA Y SUS ANEXOS | B61: La Aseguradora deberá dar aviso por escrito al ASEGURADO, con una anticipación de noventa (90) días en caso que decida modificar, revocar o no renovar esta póliza y/o alguno de sus amparos adicionales o modificar cualquiera de sus condiciones. En caso de revocación la aseguradora devolverá al asegurado, la proporción de prima correspondiente al tiempo que falte para el vencimiento de la Póliza, liquidada a prorrata. Para HMACC AMIT TERRORISMO Aplican 10 días. Si la revocación es solicitada por EL ASEGURADO , la Aseguradora devolverá el valor de la prima no corrida del riesgo, liquidada a Prorrata
A62: MODIFICACIONES A FAVOR DEL ASEGURADO | B62: Si durante la vigencia de este seguro se presentan modificaciones a las condiciones generales y particulares de la póliza, que presenten un beneficio a favor del ASEGURADO, tales modificaciones se consideran automáticamente incorporadas a la póliza siempre que el cambio no implique un aumento en la prima originalmente pactada.
A63: CLAUSULA DE APLICACION DE CONDICIONES PARTICULARES | B63: Queda expresamente acordado y convenido, que la Compañía acepta las condiciones básicas tecnicas establecidas en este anexo en los terminos señalados en el mismo, por lo tanto, en caso de existir discrepancia ente los ofrecimientos contenidos en la propuesta tecnica básica, frente a los textos de los ejemplares de las pólizas, certificados, anexos o cualquier otro documento; prevalecerá la información y condiciones básicas tecnicas establecidas.
A64: PRORROGAS | B64: Queda expresamente declarado y convenido que la (s) aseguradora (s) queda (n) obligadas (s) a otorgar la (s) prorroga (s) que el Asegurado, solicite en caso de que se requiera tiempo adicional para surtir los trámites internos de un nuevo proceso, en las mismas condiciones en que se encuentran suscritas las pólizas como tambien las modificaciones que se requieran en el transcurso de la vigencia sin condicionamiento alguno, incluido el intermediario.
A65: REVISION DE TERMINOS PARA PRORROGA | B65: Bajo esta clusula la compañía podrá realizar revisión de términos para las prórrogas cuando la siniestralidad incurrida sobrepase el 60%. (Siniestralidad incurrida =siniestros pagos + reservas + 10% IBRN/primas netas).
A66: AVISO DE SINIESTRO | B66: No obstante lo dispuesto en las condiciones la Póliza o en sus anexos, por la presente cláusula se conviene entre las partes, un término sesenta (60) días habiles para que el Asegurado de aviso al Asegurador de cualquier evento que afecte a la presente Póliza, contados a partir de la fecha en que haya tenido conocimiento de dicho evento, sin perjuicio de lo establecido en el artículo 1081 del Código de Comercio.
A67: GARANTIAS | B67: Queda expresamente acordado y aceptado que la cobertura otorgada bajo la presente póliza no queda sujeta al cumplimiento de ningún tipo de garantía por parte de la entidad asegurada.
A68: ERRORES, OMISIONES O INEXACTITUDES NO INTENCIONALES | B68: El tomador está obligado a declarar sinceramente los hechos y circunstancias que determinen el estado del riesgo. La inexactitud sobre hechos o circunstancias que, conocidas por la compañía, la hubieren retraído de celebrar el contrato o inducido a estipular condiciones más onerosas, produce la nulidad relativa del seguro. Sin embargo, si se incurriere en errores, omisiones e inexactitudes inculpables al tomador o al asegurado, el contrato no será nulo ni habrá lugar a la aplicación del inciso tercero del artículo 1058 del Código de Comercio sobre reducción porcentual de la prestación asegurada. En este caso se deberá pagar la prima adecuada al verdadero estado del riesgo.
A69: CLAUSULA DE JURISDICCION Y SOLUCION DE CONTROVERSIAS | B69: Toda y cualquier diferencia que surja entre las partes por la interpretación del presente contrato, su ejecución, cumplimiento, terminación o las consecuencias futuras del mismo, será dirimida bajo la jurisdicción y legislación de la República de Colombia. Las diferencias y controversias que surjan se solucionarán con sujeción a las instancias que determine la entidad asegurada y/o tomadora
A70: DOMICILIO | B70: Sin perjuicios de las disposiciones procesales para los efectos relacionados con el presente contrato, se fija como domicilio de las partes la ciudad de Pererira, Risaralda en la República de Colombia.
A71: RESTABLECIMIENTO AUTOMATICO DEL VALOR ASEGURADO POR PAGO DE SINIESTRO, NO APLICA PARA HAMCCOP, AMIT Y TERRORISMO | B71: Queda entendido y convenido en adición a los términos y condiciones contenidas en la Póliza o en sus anexos que el valor asegurado se reducirá en igual cantidad del monto del siniestro y que la Aseguradora acepta el restablecimiento automático del mismo, mediante el pago de la prima a que haya lugar.
... A103: TABLA DE DEMERITO | B103: TABLA DE DEMERITO PARA ROTURA DE MAQUINARIA Y EQUIPO ELECTRONICO: No aplica para las herramientas que tengan componentes electricos u/o electronicos
B104: AÑOS | C104: DEMERITO ANUAL | E104: DEMERITO ACUMULADO
B105: 1 A 3 AÑOS | C105: 0 | E105: 0
B106: DE 4 A 10 AÑOS | C106: 0.005 | E106: 0.05
B107: DE 11 A 20 AÑOS | C107: 0.01 | E107: 0.1
B108: DE 21 0 MAS AÑOS | C108: 0.015 | E108: 0.3
A109: NO APLICACIÓN DE DÉMERITO POR USO O MEJORÁ TECNOLÓGICA PARA DAÑOS O PÉRDIDAS DE EQUIPOS ELÉCTRICOS, ELECTRÓNICOS Y/O DE ROTURA DE MAQUINARÍA. | B109: Queda expresamente acordado que la aseguradora no realizará aplicación de Avance Tecnológico o Démerito por uso, para equipos adquiridos por las Entidades aseguradas a partir del 01 de enero de 2010. En caso de siniestro que afecte los equipos amparados bajo la presente póliza y que deban ser indemnizados por pérdidas totales, no se dará aplicación a ningún porcentaje o valor por concepto de avance tecnológico de los equipos afectados por el hecho que dio origen a la reclamación.
A110: AUTORIZACIÓN PARA REPARACIONES EN CASO DE SINIESTRO | B110: Por medio de la presente cláusula se autoriza al asegurado para iniciar trabajos conducentes a identificar el alcance y magnitud de las fallas y/o adelantar las reparaciones necesarias inmediatamente después de un siniestro sin consultar previamente a la Aseguradora, siempre que estas reparaciones no excedan en más de $ 50.000.000 el deducible pactado y bajo el compromiso de
A111: EXTENSION DE COBERTURA PARA EQUIPOS QUE ESTEN O NO TRABAJANDO | B111: Por medio de la presente cláusula se extiende el amparo de la Póliza para los equipos cubiertos por la misma, ya sea que tales equipos estén o no trabajando o hayan sido desmontados para reparación, limpieza, revisión, reacondicionamiento o cuando sean desmontados, trasladados, montados y probados dentro de los predios del Asegurado. $500,000,000 SIEMPRE Y CUANDO LA AFECTACIÓN SEA POR UN EVENTO AMPARADO POR LA PÓLIZA Y ESTEN BAJO EL CONTROL DEL ASEGURADO.
A112: INCREMENTO EN COSTOS DE CONSTRUCCIÓN POR ADECUACIÓN A LA NORMA DE SISMO RESISTENCIA | B112: La suma asegurada y el valor a indemnizar en caso de siniestro incluyen el sobre-costo (si lo hubiere), de adecuar la construcción a las normas de sismo resistencia vigentes, hasta por el limite estipulado en la póliza. En caso de siniestro se reconocerá sin afectar la suma asegurada principal, el sobre costo de adecuar la construcción a las normas de sismo resistencia vigentes. Esta cobertura opera aún en el caso de que el asegurado no haya efectuado el estudio ó la adecuación a sus inmuebles y aún en el caso que no se presenten daños estructurales .
B113: Adecuación de construcciones a las normas de sismo resistencia. Se extiende la cobertura del seguro a amparar los costos y gastos razonables en que incurra el asegurado, cuando a consecuencia de un evento amparado bajo la presente póliza, los edificios y obras civiles sufran daños estructurales, cuya reparación o reconstrucción conlleve la adecuación a normas sismo resistentes vigentes al momento de efectuarse la reparación o reconstrucción del bien asegurado hasta el 100% de los costos adicionales en que incurra el asegurado. Para los casos que se haga necesario un rediseño para la reconstrucción o reparación con el fin de cumplir normas legales de sismo resistencia, la aseguradora reconocerá un 10% adicional sobre el valor asegurado del bien. En caso de presentarse dichos costos no habrá lugar a aplicación de infraseguro, sino que el porcentaje mencionado se adicionará a la suma asegurada para efectos de la indemnización.
A114: CLAUSULA DE TUBOS Y VALVULAS | B114: El seguro se extiende a cubrir daños en los tubos de rayos x, válvulas, tubos de vacío, tubos amplificadores de imagen, etc limitado al valor actualque estos bienes tengan inmediatamente antes de ocurrir el daño, incluidos fletes ordinarios, costos de desmontaje y remontaje así como eventuales derehos de aduana etc. Para la cobertura prevista en esta cláusula, se indemnizarán solo aquellos daños que sean a consecuencia directa de otro daño indemnizable en los bienes asegurados pero no se indemnizarà los daños que en opinión de peritos del fabricante o proveedor sean considerados como daño por desgaste.
A115: ROTURA DE VIDRIOS | B115: Incluyendo los generados por Hmacc, Amit y terrorismo, hasta la suma de $40,000,000,000(Sin aplicacion de deducible)
A116: PROPIEDAD HORIZONTAL | B116: Se hace constar que esta póliza ampara exclusivamente la parte del edificio de propiedad del Asegurado, bajo su control, custodia o por la cual sea legalmente responsable. En consecuencia las pérdidas ocurridas en aquellas partes de la construcción que sean de servicio común y por consiguiente de la Propiedad colectiva, quedarán amparados únicamente en proporción al derecho que sobre ellas tenga el Asegurado.
A117: COBERTURA DE INUNDACION O ENLODAMIENTO | B117: Cubre las perdidas o daños a la propiedad asegurada causados por inundación o enlodamiento como resultado de rotura o estallido de la tubería de conducción (tubería de presión suministrando el agua de accionamiento para la maquinaria asegurada), válvulas de cierre, y/o bombas de retorno debido a los riesgos cubiertos por la presente póliza.
A118: BIENES DE TERCEROS BAJO CUIDADO, CONTROL Y/O CUSTODIA | B118: Por medio del presente anexo, y en los términos aquí previstos, se cubre los daños o pérdidas materiales que sean consecuencia directa de cualquiera de los eventos amparados en ella, el interés del asegurado y la responsabilidad por propiedad similar perteneciente a otros, parcial o totalmente, pero en poder del asegurado y por los que sea legal o contractualmente responsable, ya sea por que haya vendido pero no entregado, en almacenaje, para reparación, procesamiento o por cualquier otro motivo, siempre y cuando los correspondientes bienes estén localizados en los predios del asegurado. Para efectos de este anexo la expresión “interés del asegurado y la responsabilidad por propiedad similar perteneciente a otros “significa el interés que el asegurado tiene sobre determinado bien o bienes cuya propiedad no le pertenece pero que están relacionados con su actividad y que son objeto de éste seguro y los tiene bajo su responsabilidad, cuidado, control y custodia.
A119: FERIAS Y EXPOSICIONES | B119: Se amparan automaticamente los bienes asegurados que sean trasladados temporalemten a otro (s) sitio (s), a los predios donde el asegurado ejerce su actividad, con destino a participar en ferias y/o exposiciones dentro del territorio de la Republica de Colombia. Por un periodo no mayor a 60 dias y sublimite de $1,000,000,000
A120: COBERTURA EN MOTORES DE COMBUSTION INTERNA Y GENERADORES REFRIGERADOS POR HIDROGENO | B120: Se amparan las perdidas y/o daños debido a explosiones en motores de combustión interna o generadores refrigerados por hidrogeno.
A121: VALORES ASEGURADOS GLOBALES | B121: Se deja aclarado y convenido que los proponentes que participen en la presente solicitud de ofertas, aceptan el manejo de valores asegurados globales.
A122: DAÑOS POR TERREMOTO | B122: Las pérdidas o daños por terremoto, temblor y/o erupción volcánica se indemnizarán al 100 % del valor asegurado (el cual incluye el mayor valor por adecuación a la normatividad vigente sobre sismo resistencia) menos el deducible respectivo, y siempre hasta el límite asegurado.
A123: AMPARO DE EXTENDED COVERAGE, ( ampliacion de la cobertura) | B123: La presente póliza se extiende a cubrir las pérdidas ó daños a la propiedad asegurada causados por avenidas, inundaciones, enlodamiento, corrimientos de tierra, desprendimiento de tierra o de rocas, hundimientos, desplazamientos, agrietamientos y asentamiento de muros, pisos, techos, túneles, galerías, pavimentos, cimientos ó similares, ocasionados por eventos amparados en la poliza
A124: MAQUINARIA , HERRAMIENTAS, EQUIPO MOVIL Y PORTATIL FUERA DE LOS PREDIOS | B124: Ampara las perdidas o daños que sufra la maquinaria, herramientas y equipo, movil o portatil como consecuencia directa de cuaoquiera de los eventos cubiertos contratados por el asegurado, Incluido el hurto simple.
A125: NO TASACION DE LA PROPIEDAD NO DAÑADA | B125: En caso de siniestro cuando la cuantia reclamada sea igual inferior a $100,000,000 no se realizara tasacion de la propiedad no dañada.
... A142: COMPROMISO DE LA ASEGURADORA PARA EL PAGO DE LAS INDEMNIZACIONES. | B142: Una vez formalizada la reclamación hasta 10 días hábiles. Queda expresamente convenido y aceptado, que la Aseguradora se compromete a efectuar el pago de la indemnización de los siniestros, dentro de los diez (10) días hábiles siguientes al término previsto para el pronunciamiento y aceptación de los reclamos.
A143: PARA LOS SIGUIENTES AMPAROS ADICIONALES SUBLIMITADOS NO HAY APLICACIÓN DE DEDUCIBLE
A144: AMPAROS ADICIONALES SUBLIMITADOS EN CASO DE SINIESTRO LA COMPAÑÍA CUBRIRA LOS GASTOS RAZONABLES EN QUE INCURRA EL ASEGURADO POR UNO, VARIOS O TODOS ESTOS CONCEPTOS SIN EXCEDER EL 20% DE LA SUMA ASEGURADA DE LOS BIENES AFECTADOS
A145: GASTOS ADICIONALES Y EXTRAORDINARIOS POR HORAS EXTRA, TRABAJO EN DIAS FESTIVOS, TRABAJO NOCTURNO, FLETE EXPRESO, FLETE AÉREO. | B145: Por la presente cláusula y no obstante lo que se diga en contrario en las condiciones generales de la Póliza y sus anexos, este seguro cubre los gastos extraordinarios, honorarios profesionales, en que incurra el Asegurado por concepto de tiempo extra, trabajo nocturno, trabajo en días festivos, envíos por expreso, gastos adicionales por arrendamiento de otros equipos, reposición de material y pérdida de información en portadores externos de datos, con ocasión de cualquier daño o pérdida, amparada por la presente póliza
A146: REMOCION DE ESCOMBROS Y GASTOS DE DEMOLICIÓN | B146: Los gastos en quen incurra el asegurado para la remocion de escombros o el desmantelamiento, demolicion o apuntalamiento de la parte o parte de los bienes amparados que hayna sido danados o destruidos a consecuencia de la realizacion de cualquier riesgo cubierto bajo la presente poliza.
A147: GASTOS PARA LA EXTINCION Y EVITAR LA PROPAGACION DEL SINIESTRO | B147: Gastos en que incurra el asegurado por la utilizacion de productos y sustancias dirigidas a la extincion del siniestro o evitar su propagacion, asi como los elementos o equipos dstaruidos total o parcialmente como consecuencia de la actividad dirigida a este proposito.
A148: GASTOS POR REPOSICION DE INFORMACION, ARCHIVOS Y DOCUMENTOS | B148: Se cubre la reproducción ó reemplazo de la información contenida en documentos manuscritos, planos, cintas magnéticas, sistemas electrónicos de procesamiento de datos y demás sistemas de almacenamiento de información, archivos de contabilidad y registros, incluyendo el arrendamiento de equipos y el pago de digitadores, programadores de sistemas, ingenieros y dibujantes, entre otros, necesarios para recopilar o reconstruir de nuevo toda la información destruida, averiada o inutilizada de la contabilidad por el limite estipulado en la póliza.
...

Sheet RELACION BIENES ALCALDIA 
A1: BIENES ASEGURADOS | B1: VALORES ASEGURADOS | C1: TIPO DE BIEN | D1: INDICE VARIABLE
A2: Cra 7 No 18-55 Palacio Municipal Edificio (incluido ascensores y subestación eléctrica y planta de emergencia, sistema hidráulico y tanques de agua) DEPENDENCIAS, OFICINAS DE LA ADMINISTRACION MUNICIPAL, ADMINISTRACIÓN CENTRAL Y AREA URBANA Y RURAL DEL MUNICIPIO. Edificios (propios, comodatos y alquiler) | B2: =34903933055.09+31031021078 -> 6.5934954e+10 | C2: EDIFICIO | D2: SI
A3: Concejo de Pereira – Cra 6 Nro 21-62 Pereira Edificio | B3: 8.2207672e+09 | C3: EDIFICIO | D3: SI
A4: Centro Administrativo Cuba edificio | B4: 2556578978 | C4: EDIFICIO | D4: SI
A5: CREEME Vereda Combia Baja, Pereira Edificios | B5: 3.3832579e+09 | C5: EDIFICIO | D5: SI
A6: Edificios Vereda la Siria Combia Baja - frente al CREEME Edificio | B6: 721946438 | C6: EDIFICIO | D6: SI
A7: Cuerpo de Bomberos Pereira Edificios - Estaciones Central, Cuba, Parque Industrial y Puerto Caldas, la florida, Caimalito, Base oriente - Barrio Ormaza) EDIFICIOS | B7: 14239479428 | C7: EDIFICIO | D7: SI
A8: Centros Educativos del Municipio, Edificios (74 urbanos y 99 rurales) , incluyendo el Instituto Educativo Hans Drews Arango, y los SEDES comunales de: Ormaza y Parque Industrial. | B8: 1.4370864e+11 | C8: EDIFICIO | D8: SI
A9: Plaza de Ferias de Cerritos Edificios, galpones, corrales de exposición y embarcaderos de ganado y coliseo de exposición, mall de comidas | B9: 8.2911585e+09 | C9: EDIFICIO | D9: SI
A10: AREA PRIVADA -Unidad Administrativa El Lago Calle 25 No, 7-40/48 LISTADO | B10: 4354055828 | C10: EDIFICIO | D10: SI
A11: Planta semisótano (parqueaderos 1 al 7)
A12: Bodega 1
A13: Planta sótano (parqueadero 16, 17, 18, 20, 21, 22, 32, 33)
A14: Planta sótano ( bodega 4 y 5 )
A15: Planta piso 1 (locales 101 y 102)
A16: Planta piso 2 (locales 202 y 203)
A17: Planta piso 3
A18: Planta piso 4
A19: Planta piso 5
A20: Planta piso 6
A21: Planta piso 7
A22: Desarrollo Social y Político Edificios casetas comunales rurales y urbanas, Centros de Desarrollo Vecinales) | B22: 6784232408 | C22: EDIFICIO | D22: SI
A23: Parque del Café Edificios, kioscos, piscinas y zonas húmedas | B23: 52849479428 | C23: EDIFICIO | D23: SI
A24: Centro Comercial Parqueadero la 17 AREA PRIVADA - Edificio (sótano, nivel y nivel A) | B24: 5.517756e+08 | C24: EDIFICIO | D24: SI
A25: Mercado de Minorista Calle 41 con Cra 11 Locales 1G 2H y 3-032 y Parqueaderos Edificio (incluye elevadores mecánicos, subestación y planta eléctrica y sistema hidráulico y tanques de agua | B25: 1.0085282e+10 | C25: EDIFICIO | D25: SI
A26: MERCASA AREA PRIVADA (45 locales comerciales) | B26: 784479428 | C26: EDIFICIO | D26: SI
A27: Centro Comercial Fiducentro AREA PRIVADA - Locales (F101 al F106) | B27: 535597028 | C27: EDIFICIO | D27: SI
A28: Unidad Permanente de Vida Calle 14 con Cra 5 esquina EDIFICIO | B28: 4314679478 | C28: EDIFICIO | D28: SI
A29: Edificio Diario del Otún AREA PRIVADA - Local 108 | B29: 1753567028 | C29: EDIFICIO | D29: SI
A30: Plazoleta el Lago (obra civil, arquitectónica y ornamentación) | B30: 13786649648 | C30: EDIFICIO | D30: SI
A31: Obelisco - sector Villa Olímpica | B31: 7111242728 | C31: EDIFICIO | D31: SI
A32: CRA 8 No calles 36-37 coliseo Rafael Cuartas Edificios (graderías, cancha, cerramiento e instalaciones e iluminación) | B32: 3.3218815e+10 | C32: EDIFICIO | D32: SI
A33: Piscinas Villa Olímpica Edificios (piscinas: olímpica, clavados y auxiliar, graderías, plataforma de clavados, oficinas, túneles y cerramientos e instalaciones en general) | B33: 4.4078966e+10 | C33: EDIFICIO | D33: SI
... A117: Carrera 7a No. 18-55 Palacio Municipal Otros bienes (acometidas, software, bienes en comodato Finca Albania, acetatos, música etc.) | B117: 67540774 | C117: CONTENIDOS | D117: SI
A118: MEGACABLE ESTACION OLAYA Muebles y Enseres | B118: =55219350+6028200 -> 61247550 | C118: CONTENIDOS | D118: SI
A119: MEGACABLE ESTACIÓN TERMINAL Muebles y Enseres | B119: =54731450+3161681 -> 57893131 | C119: CONTENIDOS | D119: SI
A120: MEGACABLE ESTACIÓN UNIVERSIDAD Muebles y Enseres | B120: =268852263+8261681 -> 277113944 | C120: CONTENIDOS | D120: SI
A121: MEGACABLE ESTACIÓN UNIVERSIDAD Stock Inventarios | B121: =1200000000+422222047 -> 1622222047 | C121: CONTENIDOS | D121: SI
A122: MEGACABLE ESTACIÓN LAS BRISAS Muebles y Enseres | B122: =54731450+12728644 -> 67460094 | C122: CONTENIDOS | D122: SI
A123: MEGACABLE CABINAS | B123: =55000*3453.26*50 -> 9496465000 | C123: CONTENIDOS | D123: SI
A124: Contenidos y dotaciones Centros Educativos | B124: 1164190000 | C124: CONTENIDOS | D124: SI
A125: Equipo electrónico bomberos | B125: 600000000 | C125: EQUIPO ELECTRICO Y ELECTRONICO | D125: SI
A126: Equipo electrónico (radiocomunicaciones) bomberos | B126: 500000000 | C126: EQUIPO ELECTRICO Y ELECTRONICO | D126: SI
A127: 29 Sistemas De Autogeneracion De Energia Mediante Paneles Solares Fotovoltaicos secretaria de educacion | B127: 7833644410 | C127: EQUIPO ELECTRICO Y ELECTRONICO | D127: SI
A128: Equipo eléctrico y electrónico (en todas las dependencias de la Administración Municipal, y Centros educativos urbanos y rurales del Municipio; incluido en este concepto instalaciones, redes y cableados estructurados para comunicación en general) | B128: =566668747400-17528211676 -> 549140535724 | C128: EQUIPO ELECTRICO Y ELECTRONICO | D128: SI
A129: ESTADIO HERNAN RAMIREZ VILLEGAS Equipos eléctricos y electrónicos - Equipos de ayuda audiovisual | B129: 2.8912981e+08 | C129: EQUIPO ELECTRICO Y ELECTRONICO | D129: SI
A130: Lucy Tejada (Punto Vive Digital) Equipos Electrónicos | B130: =150240727.929657+237155852.446916 -> 3.8739658e+08 | C130: EQUIPO ELECTRICO Y ELECTRONICO | D130: SI
A131: La Bella (Punto Vive Digital) Equipos Electrónicos | B131: 1.0839377e+08 | C131: EQUIPO ELECTRICO Y ELECTRONICO | D131: SI
A132: San Fernando (Punto Vive Digital) Equipos Electrónicos | B132: 1.3582658e+08 | C132: EQUIPO ELECTRICO Y ELECTRONICO | D132: SI
A133: Villa Consota (Punto Vive Digital) Equipos Electrónicos | B133: 1.3090094e+08 | C133: EQUIPO ELECTRICO Y ELECTRONICO | D133: SI
A134: El Remanso (Punto Vive Digital) Equipos Electrónicos | B134: 1.4830902e+08 | C134: EQUIPO ELECTRICO Y ELECTRONICO | D134: SI
A135: DATA CENTER (Ubicado en Aguas y Aguas sede Canceles) Equipos Electrónicos | B135: 5461180300 | C135: EQUIPO ELECTRICO Y ELECTRONICO | D135: SI
A136: Equipos Eléctricos electrónicos y audiovisuales ( emisora, Biblioteca, fomento al turismo, administrativa, banda de músicos, oferta cultural, fomento al turismo | B136: 1.6633677e+09 | C136: EQUIPO ELECTRICO Y ELECTRONICO | D136: SI
A137: Riesgo Ubicado Estación Repetidora "Remigio Antonio Cañarte" Cerro de la Cruz incluidos todos el sistema de potencia y control de los equipos receptores, emisores y amplificadores incluida la estructura de la antena, a demas la planta electrica y la bomba hidraulica, redes de datos y cctv | B137: 1.9578712e+08 | C137: EQUIPO ELECTRICO Y ELECTRONICO | D137: SI
A138: Calle 19 No. 9-50 - y Torre Central - PEREIRA - RISARALDA Piso 22 Diario el Otún y oficina 901 Torre Central, piso 3 Torre Central Equipos Eléctricos y Electrónicos | B138: 2.9516994e+08 | C138: EQUIPO ELECTRICO Y ELECTRONICO | D138: SI
A139: HOSPITAL KENNEDY - CONSULTA EXTERNA PISO 2 - CLLE 9 CRA. 12 - PEREIRA Equipos Electronicos | B139: 560560850 | C139: EQUIPO ELECTRICO Y ELECTRONICO | D139: SI
A140: EMISORA PEREIRA AL AIRE UBICADA EN EL EDIFICIO LUCY TEJADA Procesadores de audio, enlace FM compuesto, equipos transmisiones Comrex, microfonos de cabina, brazos ecualizables para microfonos, juego de antenas Yagui para enlace, computadores de escritorio, consolos | B140: 84856935 | C140: EQUIPO ELECTRICO Y ELECTRONICO | D140: SI
A141: ALTO FILOBONITO CORREGIMIENTO DE ALTAGRACIA - SEDE TRANSMISORES Equipos de la emisora Pereira al Aire como antena de cuatro elementos, torre sistema radiante, contador de frecuencia, monitor de modulación, planta electrica, transmisor FM estado solido, juego de antenas Yagui para enlace | B141: 1.7635959e+08 | C141: EQUIPO ELECTRICO Y ELECTRONICO | D141: SI
A142: MEGACABLE ESTACION OLAYA Equipo Electronico y Electricos | B142: =11660000000+110112695+250153790 -> 12020266485 | C142: EQUIPO ELECTRICO Y ELECTRONICO | D142: SI
A143: MEGACABLE ESTACIÓN TERMINAL Equipo Electronico y Electricos | B143: =5860000000+967128490 -> 6827128490 | C143: EQUIPO ELECTRICO Y ELECTRONICO | D143: SI
A144: MEGACABLE ESTACIÓN UNIVERSIDAD Equipo Electronico y Electricos | B144: =6711494950+99532849 -> 6811027799 | C144: EQUIPO ELECTRICO Y ELECTRONICO | D144: SI
A145: MEGACABLE ESTACIÓN LAS BRISAS Equipo Electronico y Electricos | B145: =5860000000+105233603 -> 5965233603 | C145: EQUIPO ELECTRICO Y ELECTRONICO | D145: SI
A146: MUSEO LUCY TEJADA Obras de arte todo riesgo incluidos marcos, bastidores y mobiliario especializado de las exposiciones, sistemas electrónicos y electrónicos como las luces de exposición, red de datos incluido el CCTV, el rack de comuncaciones y todos los equipos dependientes de el. | B146: 7200000000 | C146: EQUIPO ELECTRICO Y ELECTRONICO | D146: SI
A147: Maquinaria, equipo, dotaciones, herramientas, accesorios e instalaciones, kit primeros auxilios bomberos | B147: 5000000000 | C147: MAQUINARIA Y EQUIPOS | D147: SI
A148: Todo Riesgo equipos de bomberos, herramientas, camiones de bomberos, camionetas, camión de rescate bomberos | B148: 1000000000 | C148: MAQUINARIA Y EQUIPOS | D148: SI
A149: Mobiliario y equipo de 5 estaciones (gimnasio, lockers, módulos oficinas, sillas, camarotes, entre otros) bomberos | B149: 3000000000 | C149: MAQUINARIA Y EQUIPOS | D149: SI
A150: Todo Riesgo motocicletas y patinetas de bomberos y demás elementos incluídos bomberos | B150: 100000000 | C150: MAQUINARIA Y EQUIPOS | D150: SI
A151: Maquinaria, equipo, dotaciones, herramientas, accesorios e instalaciones | B151: 3.6625502e+09 | C151: MAQUINARIA Y EQUIPOS | D151: SI
A152: Parque recreacional el OSO (Carrera 34a con calle 74 b barrio la Campińia Equipo y Maquinaria | B152: 1045629200 | C152: MAQUINARIA Y EQUIPOS | D152: SI
A153: PARQUE RECREACIONAL Y DEPORTIVO JOSE MARIA ZAPATA ARIAS Equipo y Maquinaria (Motores Piscina) | B153: 625363200 | C153: MAQUINARIA Y EQUIPOS | D153: SI
A154: MEGACABLE ESTACION OLAYA Maquinaria y Equipo y herramientas | B154: =17906628731+132913113 -> 18039541844 | C154: MAQUINARIA Y EQUIPOS | D154: SI
A155: MEGACABLE ESTACIÓN TERMINAL Maquinaria y Equipo y herramientas | B155: =10201256281+94273113 -> 10295529394 | C155: MAQUINARIA Y EQUIPOS | D155: SI
A156: MEGACABLE ESTACIÓN UNIVERSIDAD Maquinaria y Equipo y herramientas | B156: =12239517615+94273113 -> 12333790728 | C156: MAQUINARIA Y EQUIPOS | D156: SI
A157: MEGACABLE ESTACIÓN LAS BRISAS Maquinaria y Equipo y herramientas | B157: =9015814366+136351622 -> 9152165988 | C157: MAQUINARIA Y EQUIPOS | D157: SI
A158: MEGACABLE LINEAS Y CABLES pilonas cable portador tractor -equipos | B158: =9886146247+782830992 -> 10668977239 | C158: MAQUINARIA Y EQUIPOS | D158: SI
A159: Cuatro perros de rescate bomberos | B159: 20000000 | C159: SEMOVIENTES | D159: NO
A160: Mercancías, suministros e insumos | B160: 7.5711075e+08 | C160: MERCANCIAS | D160: NO
A161: HOSPITAL KENNEDY - CONSULTA EXTERNA PISO 2 - CLLE 9 CRA. 12 - PEREIRA Vacunas refrigeradas - Secretaria de salud | B161: 162225000 | C161: MERCANCIAS | D161: NO
A162: MUSEO LUCY TEJADA Obras de interes patrimonial Escultura del Bolivar Desnudo, colección arqueologica del municipio alojada en centro cultural Lucy Tejada, obras internas tipo mural del Lucy Tejada y Santiago londoño asi como obras de gran formato propiedad de la secretaria de cultura y alcaldia de Pereira. | B162: 25085147020 | C162: OBRAS DE ARTE | D162: NO
A163: Obras de arte todo Riesgo (Incluyendo obras de la sala Carlos Drews Castro y Lucy Tejadas | B163: 1058514702 | C163: OBRAS DE ARTE | D163: NO
A164: CAM Todo Riesgo 40 Bicicletas | B164: 36754877 | C164: BICICLETAS INDICE VARIABLE SI | D164: SI
A165: BIENES EN REPOSO (VEHICULOS Y MAQUINARIA) | B165: 150000000 | C165: BIENES EN REPOSO | D165: NO
A166: No. EQUIPO:BUL003, CLASE DE EQUIPO: BULDOZER D4E, MODELO: 1980, MARCA: CATERPILLAR
A167: No. EQUIPO:CAR003, CLASE DE EQUIPO: CARGADOR 930, MODELO: 1980, MARCA: CATERPILLAR
A168: No. EQUIPO:OBJ811, CLASE DE EQUIPO: SKY, MODELO: 1989, MARCA: INTERNATIONAL
A169: No. EQUIPO:OBJ814, CLASE DE EQUIPO: SKY, MODELO: 1989, MARCA: INTERNATIONAL
A170: No. EQUIPO:OVE275, CLASE DE EQUIPO: MICRO BUSETA URBAN, MODELO: 2007, MARCA: NISSAN
A171: No. EQUIPO:R1, CLASE DE EQUIPO: RETROEXCAVADORA, MODELO: 1989, MARCA: SUPERCAT 580
A172: No. EQUIPO:OVE192, CLASE DE EQUIPO: VOLQUETA, MODELO: 2001, MARCA: INTERNATIONAL
A173: No. EQUIPO:OVE 321, CLASE DE EQUIPO: VOLQUETA, MODELO: 2009, MARCA: KODIAK
A174: No. EQUIPO:SNP24, CLASE DE EQUIPO: MOTOCICLETA , MODELO: 2007, MARCA: SUZUKI
A175: No. EQUIPO:OVE176, CLASE DE EQUIPO: BUSETA, MODELO: , MARCA: CHEVROLET
A176: No. EQUIPO:OVE258, CLASE DE EQUIPO: VOLQUETA, MODELO: 2006, MARCA: VOLSWAGEN
A177: No. EQUIPO:OVE257, CLASE DE EQUIPO: VOLQUETA, MODELO: 2006, MARCA: VOLSWAGEN
... A193: No. EQUIPO:M-33, CLASE DE EQUIPO: CAMIONETA, MODELO: 1998, MARCA: CHEVROLET LUV
A194: Bibliotecas: Libros enciclopedias, revistas, textos, entre otros ( biblioteca "Ramón Correa Mejia" "San Joaquin" y Bibliotecas satélites Urbanas y Rurales) | B194: 4.8505702e+08 | C194: BIBLIOTECAS | D194: NO
A195: Instrumentos Musicales (Todo riesgo) Incluye Banda sinfónica, Bandas satélites, Piano de cola teatro municipal Santiago Londoño escuelas de Musica, Piano harrodser blanco ubicado en el auditorio Lucy Tejada | B195: 1450000000 | C195: INTRUMENTOS MUSICALES | D195: NO
A196: Dineros y valores dentro y fuera de cajas fuertes | B196: 64014300 | C196: DINEROS | D196: NO

Sheet EQUIPO Y MAQUINARIA
A2: ANEXO No 02 ESPECIFICACIONES TECNICAS SEGURO DE TODO RIESGO EQUIPO Y MAQUINARIA
A3: TOMADOR: | B3: ='TODO RIESGO DAÑOS MATERIALES'!B2 -> MUNICIPIO DE PEREIRA
A4: ASEGURADO : | B4: =+B3 -> MUNICIPIO DE PEREIRA | C4: =+B3 -> MUNICIPIO DE PEREIRA
A5: BENEFICIARIO: | B5: =+B4 -> MUNICIPIO DE PEREIRA | C5: =+B4 -> MUNICIPIO DE PEREIRA
A6: NIT | B6: ='TODO RIESGO DAÑOS MATERIALES'!B5 -> 891.480.030-2. | C6: 890.399.029-5
A7: RAMO | B7: TODO RIESGO EQUIPO Y MAQUINARIA | C7: TODO RIESGO DANO MATERIAL
A8: INTERMEDIARIO | B8: GONSEGUROS CORREDORES DE SEGUROS S.A.
A9: VIGENCIA | B9: ='TODO RIESGO DAÑOS MATERIALES'!B8 -> DESDE LAS 00:00 HORAS DEL 19 DE SEPTIEMBRE DE 2025 HASTA LAS 24:00 HORAS DEL 19 DE SEPTIEMBRE DE 2026 | C9: DESDE: xx de xxxx DEL 2012 HORA: 00,00 HASTA: xxx DEL XXXXX 2013 HORA:00,00
A10: CONDICIONES TÉCNICAS BÁSICAS OBLIGATORIAS
A11: DESCRIPCION DE LA ACTIVIDAD DEL ASEGURADO | B11: Entidad Pública -
A12: DIRECCION COMERCIAL /TELEFONO | B12: Cra. 7 No. 18-55 Pereira - Risaralda.
A13: DIRECCION DEL RIESGO | B13: Territorio Colombiano
A14: OBJETO DEL SEGURO | B14: Amparar las pérdidas o daños materiales que sufran los bienes de propiedad de la entidad, bajo su responsabilidad, tenencia y/o control, y en general los recibidos a cualquier titulo y/o por los que tenga algún interés asegurable, de acuerdo con el tipo de maquinaria de la relación asegurada, en sus operaciones sobre cualquier terreno y zona en el cual realizan sus operaciones.
A15: BIENES ASEGURADOS | B15: Toda la maquinaria y equipo de propiedad de la entidad, que se hallen bajo su responsabilidad, tenencia y/o control, y en general los recibidos a cualquier titulo o por los que tenga algún interés asegurable y consistente principalmente, pero no limitados, en los siguientes: Maquinaria y equipo consistente principalmente en: Buldoceres, Tractores, Motoniveladoras, Excavadoras, Retroexcavadoras, Equipos Agrícolas, Planchones y otras similares ubicados en el territorio nacional, de propiedad de la entidad, bajo su responsabilidad, tenencia y/o control.
A16: BIENES NO ASEGURABLES | B16: • Vehículos a motor destinados para transitar en vias públicas y provistos de una licencia y/o placa para tal fin, cuando la operación de los mismos sea la movilización en vías públicas y esten asegurados en pólizas de autos. • Embarcaciones, naves flotantes, aeronaves o máquinas que hagan parte de ellas.
A17: MODALIDAD DE VALOR ASEGURADO DE LOS BIENES ASEGURADOS | B17: EQUIPO Y MAQUINARÍA: Valor de reposición o reemplazo.
A18: VALORES ASEGURADOS | B18: Según relacion
A19: COBERTURA BASICA TODO RIESGO | B19: La aseguradora se obliga a indemnizar al asegurado los daños y/o pérdidas que sufran los intereses asegurados, así como los costos y/o gastos en que incurra, o todos combinados, por cualquier causa, como consecuencia de los riesgos que a continuación se enuncian y sujeto a los riesgos excluidos: Incendio y/o Rayo, Explosión, Impacto directo de rayo, Terremoto, Temblor y/o Erupción, Maremoto (100%). Actos Mal Intencionados de Terceros, Asonada, Motín, Conmoción Civil o Popular y Huelga. (Incluido Terrorismo). 100% del valor asegurado. Cobertura para Daño interno, si a consecuencia de tal daño interno o desarreglo surge un accidente que produce daños externos, este daño consecuencial será indemnizable sujeto a la demostración del mantenimiento. Cobertura para partes Eléctricas y/o Electrónicas. Sustracción con y sin violencia (Hurto y Hurto Calificado). Daños por agua Anegación Extended coverage Errores de Diseño y Defectos de Fabricación. Movilización por sus propios medios Volcamiento Responsabilidad Civil básico obligatorio de 500,000,000 Colisión con objetos en movimiento o estacionarios
A20: CONVENIO PARA EL PLAZO DEL PAGO DE LA PRIMA | B20: No obstante cualquier estipulación en contrario, por la presente cláusula se deja establecido que, de acuerdo con lo estipulado en el artículo 81 de la Ley 45/90 y la Resolución numero 03750 de Diciembre 31/74 de la Superintendencia Financiera, las partes contratantes convienen que las primas causadas por el presente Contrato de seguros y los Certificados o Anexos que se emitan en aplicación al mismo serán pagadas por el asegurado dentro de los noventa (90) días a partir de la fecha en que el respectivo documento sea recibido en sus oficinas, directamente por la Aseguradora y/o por el intermediario de seguros, quien deberá certificar haber recibido a satisfacción las respectivas pólizas en las condiciones contratadas; Si las pólizas no han sido correctamente elaboradas, el término para el pago solo empezará a contarse desde la fecha en que se presenten en debida forma. La demora en el pago originada por la presentación incorrecta de los documentos requeridos será responsabilidad del contratista y no tendrán por ello derecho al pago de intereses o compensación de ninguna naturaleza o a la aplicación de la terminación del contrato por mora en el pago de la prima.
A21: REVOCACIÓN, NO RENOVACIÓN O MODIFICACIONES DE LA PÓLIZA Y SUS ANEXOS | B21: La Aseguradora deberá dar aviso por escrito al ASEGURADO, con una anticipación de noventa (90) días en caso que decida modificar, revocar o no renovar esta póliza y/o alguno de sus amparos adicionales o modificar cualquiera de sus condiciones. En caso de revocación la aseguradora devolverá al asegurado, la proporción de prima correspondiente al tiempo que falte para el vencimiento de la Póliza, liquidada a prorrata. Para HMACC AMIT TERRORISMO Aplican 10 días. Si la revocación es solicitada por EL ASEGURADO , la Aseguradora devolverá el valor de la prima no corrida del riesgo, liquidada a Prorrata
A22: MODIFICACIONES A FAVOR DEL ASEGURADO | B22: Si durante la vigencia de este seguro se presentan modificaciones a las condiciones generales y particulares de la póliza, que presenten un beneficio a favor del ASEGURADO, tales modificaciones se consideran automáticamente incorporadas a la póliza siempre que el cambio no implique un aumento en la prima originalmente pactada.
... A39: COMPROMISO DE LA ASEGURADORA PARA EL PAGO DE LAS INDEMNIZACIONES. | B39: Una vez formalizada la reclamación hasta 10 días hábiles. Queda expresamente convenido y aceptado, que la Aseguradora se compromete a efectuar el pago de la indemnización de los siniestros, dentro de los diez (10) días hábiles siguientes al término previsto para el pronunciamiento y aceptación de los reclamos.
A40: PARA LOS SIGUIENTES AMPAROS ADICIONALES SUBLIMITADOS NO HAY APLICACIÓN DE DEDUCIBLE
A41: AMPAROS ADICIONALES SUBLIMITADOS EN CASO DE SINIESTRO LA COMPAÑÍA CUBRIRA LOS GASTOS RAZONABLES EN QUE INCURRA EL ASEGURADO POR UNO, VARIOS O TODOS ESTOS CONCEPTOS SIN EXCEDER EL 20% DE LA SUMA ASEGURADA DE LOS BIENES AFECTADOS
A42: GASTOS RAZONABLES DE HORAS EXTRAS, TRABAJO NOCTURNO O EN DÍAS FESTIVOS Y FLETE EXPRESO Y AÉREO. | B42: Bajo esta cobertura se amparan los gastos adicionales y extraordinarios por concepto de horas extras, trabajo nocturno o en días festivos, flete expreso y aéreo, que se incurran o deba incurrir con motivo de una pérdida o daño amparado.
A43: GASTOS RAZONABLES DE VIAJES Y ESTADÍA. | B43: Bajo esta cobertura se amparan los gastos (que incurra o deba incurrir) de viajes de y estadía de funcionarios, empleados y técnicos que intervienen en la planificación de la reconstrucción o adquisición de los bienes asegurados.
A44: REMOCIÓN DE ESCOMBROS Y GASTOS DE DEMOLICIÓN. | B44: Mediante este amparo la compañía indemnizará, los gastos razonables (en que incurra o deba incurrir) demostrados por remoción de escombros, desmantelamiento, demolición o de apuntalamiento de los bienes asegurados, que hayan sido dañados o destruidos por la ocurrencia de cualquiera de los riesgos amparados, incluyendo los gastos de limpieza, recuperación de materiales y el traslado de los escombros a sitio autorizado, con ocasión de un siniestro.
A45: GASTOS PARA LA DEMOSTRACIÓN DEL SINIESTRO. | B45: Bajo este amparo se cubren los gastos razonables en que incurra o deba incurrir el asegurado, para la demostración de la ocurrencia y cuantía del siniestro y serán indemnizados bajo esta póliza. La aseguradora indemnizará hasta el 100% de los gastos demostrados.
A46: GASTOS PARA LA EXTINCIÓN DEL SINIESTRO. | B46: La Compañía se obliga a indemnizar el 100% de los gastos en que necesaria y razonablemente incurra o deba incurrir el asegurado así como los costos de los productos o sustancias utilizadas, o de los elementos o equipos destruidos total o parcialmente, como consecuencia de las actividades dirigidas a la extinción de cualquier siniestro amparado por la póliza o para evitar su propagación, de acuerdo con lo señalado en el artículo 1074 del Código de Comercio. Se precisa que bajo ninguna circunstancia se considerara como gastos de extinción de un incendio la colaboración personal prestada por el asegurado, ni la de sus empleados, obreros o sus contratistas para el apoyo a la gestión.
A47: GASTOS DE AUDITORES, REVISORES Y CONTADORES. | B47: Bajo este amparo la Compañía indemnizará, los gastos razonables en que en que incurra o deba incurrir el asegurado, por pago de auditores, revisores y contadores que se requieran para analizar y certificar los datos extraídos de los libros de contabilidad y demás documentos del negocio del asegurado, al igual que cualesquiera otras informaciones que sean solicitadas por la compañía al asegurado, para la demostración de la ocurrencia y cuantía del siniestro, según lo establecido en esta póliza.
A48: PAGO DE HONORARIOS PROFESIONALES. | B48: Se otorga cobertura para amparar los honorarios (en que incurra o deba incurrir) razonables de arquitectos, interventores, ingenieros, técnicos, consultores u otros profesionales, que sean razonablemente necesarios, así como los gastos de viaje y estadía que se requieran para la planificación, reconstrucción o reparación de los bienes asegurados, a condición de que sea consecuencia de un siniestro cubierto por la póliza.
A49: GASTOS PARA LA PRESERVACIÓN DE BIENES Y CONTINUACIÓN DE ACTIVIDADES. | B49: Se ampara bajo la presente cobertura, los gastos razonables en que incurra o deba incurrir el asegurado para realizar remplazos temporales y/o provisionales o reacondicionamientos y/o reparación de los bienes asegurados afectados por siniestro, así como la ejecución de obras o construcciones provisionales o transitorias, siempre y cuando estos gastos sean requeridos para la preservación y/o conservación de los bienes asegurados con el fin de establecer y continuar con igual eficiencia, como sea posible, las operaciones del giro normal de las actividades del asegurado que sean afectados directamente por un evento amparado.
A50: GASTOS PARA ACELERAR LA REPARACIÓN, REACONDICIONAMIENTO O EL REEMPLAZO DE LOS BIENES ASEGURADOS. | B50: Se ampara bajo la presente cobertura, los gastos razonables en que en que incurra o deba incurrir el asegurado para acelerar la reparación, reacondicionamiento o el reemplazo de los bienes asegurados.
A51: GASTOS PARA REACONDICIONAMIENTOS O REPARACIONES PROVISONALES O TRANSITORIAS. | B51: Se ampara bajo la presente cobertura, los gastos razonables en que en que incurra o deba incurrir el asegurado con el fin de efectuar reacondicionamientos o reparaciones provisionales transitorias, con el objeto de salvar, preservar o conservar los bienes amparados.
A52: GASTOS EXTRAORDINARIOS. | B52: Bajo esta condición la cobertura de la póliza se extiende a amparar los gastos extras por arrendamientos de bienes, equipos, instalaciones y edificios en que incurra el asegurado, adicionales y en exceso a sus costos normales de operación, con el único fin de poder continuar con igual eficiencia, como sea posible, las operaciones del giro normal de sus actividades que se vean afectadas directamente por un evento amparado bajo este seguro.
A53: COBERTURA AUTOMÁTICA PARA NUEVOS BIENES. SUBLÍMITE DE $1.000.000.000 | B53: La presente clausula se amplia hasta $1.000,000,000 para otorgar cobertura automática, a partir del momento en que el asegurado asuma la responsabilidad por los bienes hasta la suma asegurada, sujeto a que éste queda obligado a dar aviso a la aseguradora dentro de los 90 días siguientes. Se precisa, que la aplicación de esta cobertura dará derecho a la compañía al cobro de la prima proporcional calculada a prorrata, de acuerdo con las tasas ofrecidas en este proceso y correspondiente al periodo de amparo, incluido el término automático otorgado para esta condición.
... A69: REPOSICION O REEMPLAZO | B69: Bajo esta cláusula la Compañía pagará la indemnización por el valor de la reposición o reemplazo de los bienes asegurados, cuando el conjunto o la totalidad de ellos queden destruidos o de tal modo averiados que pierdan la aptitud para el fin a que están destinados o cuando no obstante no perder esa aptitud, su reparación aunque se facilite, implique perjuicios en la calidad o eficiencia en la producción u operación y de conformidad con lo siguiente:
A70: 1. Por igual valor de reposición o reemplazo se hará la indemnización de las secciones, partes o piezas de tales bienes, cuando en vez de reponerse o reemplazarse el conjunto o la totalidad de ellos o cada uno de ellos, se proceda a su reconstrucción o reparación necesaria para que no haya perjuicio alguno en la calidad o eficiencia de la producción u operación.
A71: 2. Se entiende por valor de reposición de la totalidad de los bienes, de un conjunto o grupo de ellos o cada uno de ellos individualmente considerando, el valor a nuevo de los mismos, sin deducción alguna por depreciación, demérito, uso, vetustez, o en fin, por cualquier otro concepto.
A72: 3. Si con ocasión del siniestro, la reposición o reparación del conjunto o totalidad de los bienes, ó de un grupo de éstos o de cualquiera de ellos, el asegurado hiciera cualquier cambio o reforma en sus instalaciones, o reemplazare el o los bienes siniestrados por otro u otros de diferente naturaleza, o de mayor capacidad, serán de su cuenta los mayores costos que dichos cambios ocasionen
A73: 4. La compañía aseguradora también se obliga a indemnizar el siniestro total o parcial con base en el valor de la reconstrucción, reposición, reparación o reemplazo.
A74: Cobertura para accesorios y equipo móvil: sublimite $250,000,000 Evento / Vigencia
A75: CONCILIACION POR RESPONSABILIDAD CIVIL: | B75: Por medio de la presente cláusula se deja constancia que en los casos donde la responsabilidad del asegurado sea evidente, la compañía de seguros se compromete a realizar el proceso de conciliación con los terceros afectados, una vez el tercero vincule a la compñia de seguros en la reclamación.
A76: NOTA: SE DEBE DILIGENCIAR UNICAMENTE LA PARTE SOMBREADA EN GRIS. LAS DEMAS AREAS DEL CUADRO NO DEBEN SER MODIFICADAS
A77: CLAUSULAS PARTICULARES OPCIONALES REQUERIDAS | C77: S / N / D | D77: PUNTOS
A78: NO APLICACIÓN DE DEMÉRITOS | B78: Queda entendido, convenido y aceptado que en caso de pérdida total o parcial que afecte los bienes asegurados por la presente póliza el ajuste de pérdidas parciales o totales se hará sin tener en cuenta el demérito por uso, los deméritos tecnológicos o cualquier otro tipo de deméritos y se tomará como base de indemnización el valor de reposición a nuevo de un equipo de similares características y capacidad.
A79: AUTORIZACION PARA REPARACIONES TEMPORALES: HASTA POR LA SUMA DE $ 250,000,000 | B79: No obstante cualquier estipulación en contrario en las condiciones generales y particulares de la póliza se autoriza al asegurado para efectuar las alteraciones y/o reparaciones temporales tendientes a disminuir la pérdida transitorias. Sin aplicacion de deducible aviso 60 dias
A80: SERVICIO DE GRUA PARA LA MAQUINARIA
A81: INCREMENTO EN LOS COSTOS DE OPERACIÓN | B81: Incremento en los costos de operación 60 dias por bien asegurado límite diario de $2,000,000 agregado anual de $120,000,000, siempre y cuando se derive de un evento amparado en la poliza
A82: DEDUCIBLES MINIMOS REQUERIDOS | B82: PROPUESTA ASEGURADORA
A83: TODAS LAS COBERTURAS
A84: RCE | B84: SIN DEDUCIBLE
A86: NOMBRE Y FIRMA REPRESENTANTE LEGAL

Sheet RELACIÓN EYM
A1: ANEXO 02 A RELACION MAQUINARIA Y EQUIPO
A2: Bienes Asegurados | B2: Equipo | C2: Mod | D2: Motor | E2: Chasis | F2: Valor asegurado
A3: Vibrocompactador Caterpillar modelo CB 34B y accesorios - TL-164 | B3: VIBROC | C3: 2016 | D3: CYP03315 | E3: 03B400164 | F3: 180000000 | G3: INFRA
A4: Vibrocompactador, TIPO SV210 | B4: VIBROC | C4: 2016 | D4: 68348325 | E4: DDDSV210NGNTB2110 | F4: 250000000 | G4: INFRA
A5: Retroexcavadora 420F2 | B5: MC090460 | C5: 2018 | D5: G4D59959 | E5: CAT0420FALBS01285 | F5: 446228750 | G5: INFRA
A6: Bulldozer 1850K | B6: CASE | C6: 2009 | D6: 563432 | E6: N9DC80001 | F6: 265862069 | G6: INFRA
A7: Motoniveladora 845 | B7: CASE | C7: 2006 | D7: 30379841 | E7: N6af03194 | F7: 450000000 | G7: INFRA
A8: Maquinaria OVE495 | B8: ADECUACION BOMBERO | C8: 2020 | D8: 74501476 | E8: 3HAEJTAR3LL378611 | F8: 425800000 | G8: INFRA
A9: Maquinaria OVE496 | B9: ADECUACION BOMBERO | C9: 2020 | D9: 74498607 | E9: 3HAEJTAR1LL182795 | F9: 425800000 | G9: INFRA
A10: Maquinaria OVE497 | B10: ADECUACION BOMBERO | C10: 2020 | D10: 74501460 | E10: 3HAEJTAR3LL380049 | F10: 425800000 | G10: INFRA
A11: Furgon de rescate OVE492 | B11: TIPO RESCATE | C11: 2020 | D11: N04CUV31724 | E11: 9F3MCP3H5K3103840 | F11: 269267059 | G11: INFRA
A12: Minicargador New Holland L220 | B12: MINICARGADOR | C12: 2020 | D12: 126586 | E12: JAFOL220EJM445289 | F12: 200000000 | G12: INFRA
A13: Fresadora Simex | B13: M018022A06- PL 35,15 | C13: 2020 | D13: NA | E13: NA | F13: 112633000 | G13: INFRA
A14: Pavimentadora sobre llantas | B14: AMMANN AFW 150 G | C14: 2020 | D14: NA | E14: NA | F14: 241164000 | G14: INFRA
A15: CARGADOR 621E | B15: CASE | C15: 2009 | D15: 618982 | E15: N9F206744 | F15: 220000000 | G15: INFRA
A16: MOTONIVELADORA 120G | B16: CATERPILLAR | C16: 1996 | D16: 07Z31717 | E16: 87V10025 | F16: 200000000 | G16: INFRA
A17: MINI CARGADOR 853 | B17: BOBCAT | C17: 1994 | D17: N3958288 | E17: 512821590 | F17: 60000000 | G17: INFRA
A18: MOTONIVELADORA 120K | B18: CATERPILLAR | C18: 2018 | D18: TX708316 | E18: CAT0120KLJAP07225 | F18: 680000000 | G18: INFRA
A19: RETROEXCAVADORA 580SN | B19: CASE | C19: 2006 | D19: 629993 | E19: N9C525742 | F19: 180000000 | G19: INFRA
A20: OVE403 | B20: EXTINTORA | C20: 2015 | D20: 531HM2U1612797 | E20: 3HAWCDR8FL606170 | F20: 936397344 | G20: INFRA
A21: MOTONIVELADORA MC748007 | B21: NEW HOLLAND | C21: 2024 | D21: 6294745 | E21: NPAF10174 | F21: 938807217 | G21: INFRA
A22: RETROEXCAVADORA MC634244 | B22: NEW HOLLAND | C22: 2023 | D22: 804545748385569 | E22: NKJ0B80CJNKH31899 | F22: 435115003 | G22: INFRA
A23: MOTONIVELADORA MC748009 | B23: NEW HOLLAND | C23: 2024 | D23: F4HE9687WJ1106302024 | E23: NRAF10472 | F23: 938807217 | G23: INFRA
A24: MOTONIVELADORA MC748008 | B24: NEW HOLLAND | C24: 2024 | D24: F4HE9687WJ1106293172 | E24: NPAF10111 | F24: 938807217 | G24: INFRA
A25: RETROEXCAVADORA MC640775 | B25: NEW HOLLAND | C25: 2023 | D25: 804545748385248 | E25: NKJ0B80CTNKH31901 | F25: 435115003 | G25: INFRA
A26: RETROEXCAVADORA MC631203 | B26: NEW HOLLAND | C26: 2023 | D26: 804545748382954 | E26: NKJ0B80CHNK13716 | F26: 435115003 | G26: INFRA
A28: VALOR ASEGURADO | F28: =SUM(F3:F26) -> 10090718882
A29: INDICE VARIABLE | F29: =F28*5% -> 5.0453594e+08

Sheet AUTOMOVILES
A1: ANEXO Nº 03 ( ESPECIFICACIONES TECNICAS SEGURO DE AUTOMOVILES )
A2: X | B2: ='EQUIPO Y MAQUINARIA'!B3 -> MUNICIPIO DE PEREIRA
A3: ASEGURADO : | B3: =+B2 -> MUNICIPIO DE PEREIRA
A4: BENEFICIARIO: | B4: =+B3 -> MUNICIPIO DE PEREIRA
A5: NIT | B5: ='EQUIPO Y MAQUINARIA'!B6 -> 891.480.030-2.
A6: RAMO | B6: AUTOMOVILES
A7: INTERMEDIARIO | B7: GONSEGUROS CORREDORES DE SEGUROS S.A.
A8: VIGENCIA | B8: ='EQUIPO Y MAQUINARIA'!B9 -> DESDE LAS 00:00 HORAS DEL 19 DE SEPTIEMBRE DE 2025 HASTA LAS 24:00 HORAS DEL 19 DE SEPTIEMBRE DE 2026
A9: CONDICIONES TECNICAS BASICAS OBLIGATORIAS
A10: DESCRIPCION DE LA ACTIVIDAD DEL ASEGURADO | B10: Entidad Pública
A11: DIRECCION COMERCIAL /TELEFONO | B11: Cra. 7 No. 18-55 Pereira - Risaralda.
A12: Objeto del Seguro: | B12: Amparar los daños y/o pérdidas que sufran los vehículos de propiedad, bajo tenencia, control o por los que sea legalmente responsable la entidad, o los perjuicios patrimoniales y/o extrapatrimoniales por daños a bienes o lesiones o muerte a terceros que causen.
A13: LIMITES ASEGURADOS RESPONSABILIDAD CIVIL EXTRACONTRATUAL OBLIGATORIO
A14: AUTOMOVILES
A15: - Daños a bienes de terceros | B15: $1,500,000,000 AUTOS $300,000,000 MOTOS
A16: - Lesiones o muerte a una persona | B16: $1,500,000,000 AUTOS $300,000,000 MOTOS
A17: - Lesiones o muerte a dos o más personas | B17: $3,000,000,000 AUTOS $600,000,000 MOTOS
A19: COBERTURAS AL VEHICULO OBLIGATORIAS
A20: Pérdida Total por Daños | B20: Valor Guia de Valores (Tabla de Fasecolda) mas accesorios
A21: Pérdida Parcial por Daños | B21: Valor Guia de Valores (Tabla de Fasecolda) mas accesorios
A22: Pérdida total o Parcial por Hurto | B22: Valor Guia de Valores (Tabla de Fasecolda) mas accesorios
A23: Terremoto, temblor y/o erupción volcánica y otros eventos de la naturaleza. | B23: Valor Guia de Valores (Tabla de Fasecolda) mas accesorios
A24: Amparo Patrimonial | B24: SI
A25: Asistencia Jurídica en Proceso Civil, Penal y Administrativo. | B25: SI
A26: Asistencia en viaje | B26: Incluyendo perímetro urbano y rural, excluye motos
A27: Casa Cárcel | B27: 50 SMDLV
A28: Gastos de transporte | B28: Con un tiempo mínimo de 60 días y $40.000 diarios.
A29: Gastos de grúa, transporte y protección al vehículo, para automóviles, vehículos livianos y camionetas. | B29: Sin limite de kilometraje
A30: Huelga, Motín, Asonada, Conmoción Civil o Popular, explosión, terrorismo (Actos Mal Intencionados de Terceros), movimientos subversivos o, en general, conmociones populares de cualquier clase. | B30: Incluidos actos terroristas y riesgos asegurados por pólizas contratadas por el gobierno nacional o entidades de cualquier orden
A31: Accidentes Personales para el conductor | B31: Valor asegurado $50.000.000
... A33: Deducible | B33: No aplicación de deducible
A34: VALORES ASEGURADOS
A35: AUTOMÓVILES | B35: Ver relacion adjunta
A36: MOTOCICLETAS | B36: Ver relacion adjunta
A37: CLAUSULAS Y SUBLIMITES OBLIGATORIOS Queda expresamente acordado y convenido que la aseguradora acepta las condiciones tecnicas básicas obligatorias establecidas en este anexo, en los termimos aqui señalados; por lo tanto, en caso de exisitir discrepancia entre este texto frente a los ejemplares de las condiciones generales de la poliza o en los certificados, anexos, nota de cobertura, slip de cotizacion o cualquier otro documento incluido o no en la oferta, prevaleceran los terminos de este anexo de condiciones tecnicas básicas obligatorias. Por lo tanto se deberá entender que la aseguradora acepta las siguientes cláusulas.
A38: HONORARIOS DE ABOGADOS Y GASTOS DE DEFENSA. | B38: Se cubren los gastos de honorarios requeridos para asistir profesionalmente a la entidad, demandados como consecuencia de daños a cosas, o lesiones o muerte de terceras personas durante el ejercicio de sus actividades laborales.
A39: AMPARO AUTOMATICO VEHICULOS NUEVOS O USADOS término de noventa (120) días para aviso. | B39: Limite: $ 400.000.000. Los vehículos automotores adquiridos por el Asegurado quedan automáticamente amparados por la presente Póliza, siempre que el Asegurado, notifique a la Aseguradora su adquisición dentro de los noventa (90) días calendarios siguientes a la fecha en que reciba el Vehículo, ó este quede por su cuenta y bajo la garantía de que todos los vehículos de su propiedad, serán amparados de acuerdo con las condiciones pactadas. El límite de responsabilidad de la Aseguradora en cuanto a los vehículos que ingresan a la Póliza, para los amparos de Daños, Robo y Hurto e Incendio, en ningún caso excederá, del valor que aparezca en la factura de compra o documento similar. Para el Amparo de Responsabilidad Civil, así como para los Amparos adicionales, los límites serán los estipulados en la póliza.
A40: CONVENIO PARA EL PLAZO DEL PAGO DE LA PRIMA | B40: No obstante cualquier estipulación en contrario, por la presente cláusula se deja establecido que, de acuerdo con lo estipulado en el artículo 81 de la Ley 45/90 y la Resolución numero 03750 de Diciembre 31/74 de la Superintendencia Financiera, las partes contratantes convienen que las primas causadas por el presente Contrato de seguros y los Certificados o Anexos que se emitan en aplicación al mismo serán pagadas por el asegurado dentro de los noventa (90) días a partir de la fecha en que el respectivo documento sea recibido en sus oficinas, directamente por la Aseguradora y/o por el intermediario de seguros, quien deberá certificar haber recibido a satisfacción las respectivas pólizas en las condiciones contratadas; Si las pólizas no han sido correctamente elaboradas, el término para el pago solo empezará a contarse desde la fecha en que se presenten en debida forma. La demora en el pago originada por la presentación incorrecta de los documentos requeridos será responsabilidad del contratista y no tendrán por ello derecho al pago de intereses o compensación de ninguna naturaleza o a la aplicación de la terminación del contrato por mora en el pago de la prima.
A41: REVOCACIÓN, NO RENOVACIÓN O MODIFICACIONES DE LA PÓLIZA Y SUS ANEXOS | B41: La Aseguradora deberá dar aviso por escrito aL ASEGURADO, con una anticipación de noventa (90) días, en caso que decida modificar, revocar o no renovar esta póliza y/o alguno de sus amparos adicionales o modificar cualquiera de sus condiciones. En caso de revocación la aseguradora devolverá al asegurado, la proporción de prima correspondiente al tiempo que falte para el vencimiento de la Póliza, liquidada a prorrata. Si la revocación es solicitada por EL ASEGURADO , la Aseguradora devolverá el valor de la prima no corrida del riesgo, liquidada a Prorrata.
A42: MODIFICACIONES EN FAVOR DEL ASEGURADO | B42: Si durante la vigencia de este seguro se presentan modificaciones a las condiciones generales y particulares de la póliza, que presenten un beneficio a favor del ASEGURADO, tales modificaciones se consideran automáticamente incorporadas a la póliza siempre que el cambio no implique un aumento en la prima originalmente pactada.
A43: CLAUSULA DE APLICACIÓN DE CONDICIONES PARTICULARES | B43: Queda expresamente acordado y convenido, que la Compañía acepta las condiciones básicas técnicas establecidas en este anexo en los términos señalados en el mismo, por lo tanto, en caso de existir discrepancia ente los ofrecimientos contenidos en la propuesta técnica básica, frente a los textos de los ejemplares de las pólizas, certificados, anexos o cualquier otro documento; prevalecerá la información y condiciones básicas técnicas establecidas.
A44: PRORROGAS | B44: Queda expresamente declarado y convenido que la (s) aseguradora (s) queda (n) obligadas (s) a otorgar la (s) prorroga (s) que el Asegurado, solicite en caso de que se requiera tiempo adicional para surtir los trámites internos de un nuevo proceso, en las mismas condiciones en que se encuentran suscritas las pólizas como tambien las modificaciones que se requieran en el transcurso de la vigencia sin condicionamiento alguno, incluido el intermediario.
A45: REVISION DE LOS TERMINOS PARA PRORROGA | B45: Bajo esta clusula la compañía podrá realizar revisión de términos para las prórrogas cuando la siniestralidad incurrida sobrepase el 60%. (Siniestralidad incurrida =siniestros pagos + reservas + 10% IBRN/primas netas).
A46: AVISO DE SINIESTRO | B46: No obstante lo dispuesto en las condiciones de la Póliza o en sus anexos, por la presente cláusula se conviene entre las partes, un término sesenta (60) días calendario para que el Asegurado de aviso al Asegurador de cualquier evento que afecte a la presente Póliza, contados a partir de la fecha en que haya tenido conocimiento de dicho evento, sin perjuicio de lo establecido en el artículo 1081 del Código de Comercio.
A47: ERRORES, OMISIONES E INEXACTITUDES NO INTENCIONALES | B47: El tomador está obligado a declarar sinceramente los hechos y circunstancias que determinen el estado del riesgo. La inexactitud sobre hechos o circunstancias que, conocidas por la compañía, la hubieren retraído de celebrar el contrato o inducido a estipular condiciones más onerosas, produce la nulidad relativa del seguro. Sin embargo, si se incurriere en errores, omisiones e inexactitudes inculpables al tomador o al asegurado, el contrato no será nulo ni habrá lugar a la aplicación del inciso tercero del artículo 1058 del Código de Comercio sobre reducción porcentual de la prestación asegurada. En este caso se deberá pagar la prima adecuada al verdadero estado del riesgo.
A48: CLAUSULA DE JURISDICCION Y SOLUCION DE CONTROVERSIAS | B48: Se deja constancia que en caso de existir alguna controversia, ésta se dirimirá de acuerdo con lo establecido en la Ley y los diferentes mecanismos de solucion de conflictos
A49: DOMICILIO | B49: Sin perjuicios de las disposiciones procesales para los efectos relacionados con el presente contrato, se fija como domicilio de las partes la ciudad de Pereira, Risaralda, en la República de Colombia.
... A85: PAGOS DE RESPONSABILIDAD CIVIL CON BASE EN MANIFIESTA RESPONSABILIDAD | B85: Los oferentes aceptan, en aquellos casos de responsabilidad civil en que resulte evidente la Responsabilidad del conductor del vehículo asegurado, a efectuar el pago indemnizatorio a los terceros afectados, según lo indicado en las condiciones generales de la póliza, sin la exigencia del fallo o resolución de las autoridades competentes. El asegurado no podrá declararse culpable sin previa autorización de la compañía de seguros
A86: CLAUSULAS PARTICULARES SOLICITADAS :Si la clausula es aceptada anotar una S, si es negada una N o si es aceptada con desviacion, indicar en el formato de desviaciones el texto propuesto.
A87: CLAUSULAS PARTICULARES OPCIONALES REQUERIDAS | C87: S/N/D | D87: PUNTOS
A88: ASESORIA Y CAPACITACIÓN EN PESV | B88: Asesoría en la implementación del PESV (plan estratégico de seguridad vial) y capacitación en seguridad vial
A89: EVENTOS DE GUERRA, REBELIÓN Y SEDICIÓN | B89: No obstante lo establecido en las condiciones generales de la póliza, se deja constancia que los hechos cometidos por movimientos subversivos o terroristas, serán considerados dentro de las coberturas de Asonada, motín, conmoción civil o popular y huelga y Actos mal intencionados de terceros.
A90: DAÑOS MUTUOS REMOLCADOR Y REMOLQUE | B90: Se deja constancia que se cubren los daños materiales que se puedan causar entre el remolcador y el remolque como consecuencia de eventos cubiertos por la póliza.
A91: DAÑOS POR AMIT, SABOTAJE Y TERRORISMO. | B91: Deben ser indemnizados directamente por la aseguradora sin exigencia al asegurado de reclamarle al estado o a la entidad competente que lo represente.
A92: COBERTURA PARA VEHICULOS DE FUNCIONARIOS EN COMISION | B92: Por daños y hurto de vehículos de propiedad de funcionarios en comisión de servicios autorizada en sus propios vehículos. . Límite de $40.000.000 evento $80.000.000 vigencia
A93: AFECTADOS EN ACCIDENTES EN LOS CUALES SEA EVIDENTE LA RESPONSABILIDAD DEL ASEGURADO. | B93: Afectados en accidentes en los cuales sea evidente la responsabilidad del Asegurado.
A94: DEDUCIBLES OBLIGATORIOS SIN APLICACIÓN DE DEDUCIBLE

Sheet RELACION AUTOS
A1: ANEXO 03-A RELACION DE AUTOMOVILES
A2: # | B2: COD. FASECOLDA | C2: MARCA | D2: TIPO | E2: PLACA | F2: MODELO | G2: MOTOR # | H2: CHASIS # | I2: VALOR ASEGURADO | J2: OBSERVACION
A3: 1 | B3: 1611031 | C3: CHEVROLET NPR 3 SER MT 4600 TD 4X2 | D3: CHASIS CABINA | E3: BOM 34(OVE272) | F3: 2007 | G3: 450970 | H3: 9GDNPR7167BOO8510 | I3: 54500000 | J3: BOMBEROS | K3: BOM
A4: 2 | B4: 1620016 | C4: CHEVROLET LUV KB21 MT 1600 | D4: CAMIONETA ESTACAS | E4: OVD562 | F4: 1986 | G4: 891248 | H4: KS617522KB21 | I4: 23800000 | J4: TALLERES | K4: INFRA
A5: 3 | B5: 3611002 | C5: INTERNATIONAL | D5: VOLQUETA | E5: OVE064 | F5: 1996 | G5: 469GH2U0911945 | H5: SII658315 | I5: 60900000 | J5: INFRAESTRUCTURA | K5: SGA
A6: 4 | B6: 5621005 | C6: MAZDA | D6: CAMIONETA | E6: OVE202 | F6: 2002 | G6: G6249304 | H6: 9FJUN84G02000616 | I6: 31300000 | J6: TALLERES | K6: SGA
A7: 5 | B7: 03626007 | C7: INTERNATIONAL | D7: VOLQUETA | E7: OVE229 | F7: 2004 | G7: 470HM2U1421475 | H7: 3HAMMAAR34L609693 | I7: 101400000 | J7: INFRAESTRUCTURA | K7: BOM
A8: 6 | B8: 1621034 | C8: CHEVROLET LUV DMAX 3000 DOBLE CABINA | D8: CAMIONETA | E8: OVE246 | F8: 2005 | G8: 226686 | H8: 8LBETF1E550000657 | I8: 46800000 | J8: VIVIENDA | K8: SGA
A9: 7 | B9: 1621031 | C9: CHEVROLET LUV DMAX 3000 DOBLE CABINA | D9: CAMIONETA | E9: OVE247 | F9: 2005 | G9: 226436 | H9: 8LBETF1E350000639 | I9: 43600000 | J9: PARQUES Y ARBORIZACIÓN | K9: SGA
A10: 8 | B10: 6403024 | C10: NISSAN | D10: MICROBUS | E10: OVE252 | F10: 2005 | G10: ZD300048663 | H10: JN1MG4E25Z0713273 | I10: 42800000 | J10: GOBIERNO | K10: SGA
A11: 9 | B11: 9226003 | C11: VOLKSWAGEN | D11: VOLQUETA | E11: OVE259 | F11: 2006 | G11: 30554917 | H11: 9BWCM82T06R613405 | I11: 103100000 | J11: TALLERES | K11: BOM
A12: 10 | B12: 6421009 | C12: NISSAN D 22 4X4 | D12: CAMIONETA | E12: OVE261 | F12: 2006 | G12: KA24951814X | H12: JN1CDUD22Z0036437 | I12: 39000000 | J12: GOBIERNO | K12: INFRA
A13: 11 | B13: 1601104 | C13: CHEVROLET | D13: AUTOMOVIL | E13: OVE274 | F13: 2007 | G13: 1R0-019238 | H13: 8LAXF11R870024898 | I13: 20500000 | J13: GOBIERNO | K13: SGA
A14: 12 | B14: 6406080 | C14: NISSAN URVAN | D14: CAMIONETA | E14: OVE275 | F14: 2007 | G14: Z0705044CM | H14: JN1PG4E25Z0705044 | I14: 43200000 | J14: PALACIO | K14: SGA
A15: 13 | B15: 6421026 | C15: NISSAN FRONTIER D22 | D15: CAMIONETA | E15: OVE276 | F15: 2007 | G15: KA24968516X | H15: JN1CDG22ZOO45578 | I15: 43700000 | J15: TALLERES | K15: INFRA
A16: 14 | B16: 9008118 | C16: TOYOTA | D16: CAMPERO | E16: OVE302 | F16: 2008 | G16: 1KD7551279 | H16: MROYZ59G780073790 | I16: 74300000 | J16: TIC | K16: SGA
A17: 15 | B17: 1621083 | C17: CHEVROLET LUV | D17: PICKUP UP DC | E17: OVE305 | F17: 2009 | G17: 746997 | H17: 8LBETF3E890018072 | I17: 79900000 | J17: DIGER | K17: SGA
A18: 16 | B18: 1626087 | C18: CHEVROLET | D18: VOLQUETA | E18: OVE318 | F18: 2009 | G18: 9SZ42281 | H18: 9GDP7H1C09B116976 | I18: 92600000 | J18: TALLERES | K18: INFRA
A19: 17 | B19: 1621083 | C19: CHEVROLET | D19: PICKUP UP DC | E19: OVE323 | F19: 2009 | G19: 792213 | H19: 8LBETF3E890027497 | I19: 79900000 | J19: TALLERES | K19: INFRA
A20: 18 | B20: 1621083 | C20: CHEVROLET | D20: PICKUP UP DC | E20: OVE324 | F20: 2009 | G20: 792216 | H20: 8LBETF3E890027496 | I20: 60300000 | J20: GOBIERNO | K20: SGA
A21: 19 | B21: 1608051 | C21: CHEVROLET CAPTIVA | D21: CAMIONETA | E21: OVE339 | F21: 2010 | G21: NAS617881 | H21: 3GNFLME77A5617881 | I21: 31300000 | J21: PERSONERIA | K21: SGA
A22: 20 | B22: 8806004 | C22: SUZUKI GRAN VITARA | D22: CAMIONETA | E22: OVE350 | F22: 2011 | G22: J20A715015 | H22: 8LDCB5352B0070752 | I22: 39900000 | J22: RURAL | K22: INFRA
A23: 21 | B23: 1620121 | C23: CHEVROLET | D23: AMBULANCIA | E23: OVE357 (BOM 60) | F23: 2012 | G23: 166948 | H23: 8LBETF4E7C0135082 | I23: 68800000 | J23: BOMBEROS | K23: INFRA
A24: 22 | B24: 9008172 | C24: TOYOTA | D24: FORTUNER | E24: OVE378 | F24: 2014 | G24: 1KDA272785 | H24: 8AJYZ59G4E3065945 | I24: 133400000 | J24: ALCALDE | K24: INFRA
A25: 23 | B25: 1621092 | C25: CAMIONETA PICK UP | D25: CAMIONETA | E25: OVE394 | F25: 2015 | G25: MB8402 | H25: 8LBETF3W6F0276529 | I25: 83900000 | J25: GOBIERNO | K25: INFRA
A26: 24 | B26: 9206063 | C26: VOLKSWAGEN | D26: CAMIONETA | E26: OVE395 | F26: 2015 | G26: CNF042140 | H26: WV1ZZZ2HZFA010482 | I26: 110600000 | J26: ADMINISTRATIVA | K26: INFRA
A27: 25 | B27: 3622105 | C27: INTERNATIONAL | D27: EXTINTORA | E27: OVE403 | F27: 2015 | G27: 531HM2U1612797 | H27: 3HAWCDR8FL606170 | I27: 303400000 | J27: BOMBEROS | K27: INFRA
A28: 26 | B28: 1621090 | C28: CHEVROLET | D28: PICKUP UP DC | E28: OVE408 | F28: 2016 | G28: NC9811 | H28: 8LBETF3W1G0375519 | I28: 90900000 | J28: SOCIAL | K28: INFRA
A29: 27 | B29: 1621090 | C29: CHEVROLET | D29: PICKUP UP DC | E29: OVE409 | F29: 2016 | G29: NC7514 | H29: 8LBETF3W1G0375518 | I29: 90900000 | J29: SOCIAL | K29: INFRA
A30: 28 | B30: 1621090 | C30: CHEVROLET | D30: DIMAX | E30: OVE410 | F30: 2016 | G30: NC9803 | H30: 8LBETF3W1G0375521 | I30: 90900000 | J30: CONCEJO | K30: INFRA
A31: 29 | B31: 1606222 | C31: CHEVROLET | D31: CAMIONETA PAS | E31: OVE416 | F31: 2016 | G31: CGL904588 | H31: 3GNCJ8EE7GL904588 | I31: 40200000 | J31: PRIMERA DAMA | K31: INFRA
A32: 30 | B32: 11303021 | C32: JAC HFC6108H | D32: BUS | E32: OVE419 | F32: 2016 | G32: 78153408 | H32: LJ16B96G7GB100118 | I32: 236300000 | J32: ADULTO MAYOR | K32: BOM
A33: 31 | B33: 1603132 | C33: CHEVROLET | D33: BUSETA | E33: OVE431 | F33: 2016 | G33: 4HK1418890 | H33: 9GCNPR755GB036743 | I33: 124400000 | J33: TALLERES | K33: SGA
A34: 32 | B34: 3626096 | C34: INTERNATIONAL 4300 4x2 Hardox Durastar | D34: VOLQUETA | E34: OVE440 | F34: 2018 | G34: 74087770 | H34: 3HAMMMMR1JL471659 | I34: 237100000 | J34: TALLERES | K34: INFRA
A35: 33 | B35: 3626096 | C35: INTERNATIONAL 4300 4x2 Hardox Durastar | D35: VOLQUETA | E35: OVE441 | F35: 2018 | G35: 74087771 | H35: 3HAMMMMR8JL471660 | I35: 237100000 | J35: TALLERES | K35: BOM
A36: 34 | B36: 3626096 | C36: INTERNATIONAL 4300 4x2 Hardox Durastar | D36: VOLQUETA | E36: OVE442 | F36: 2018 | G36: 74087767 | H36: 3HAMMMMRXJL471661 | I36: 237100000 | J36: TALLERES | K36: BOM
A37: 35 | B37: 9006163 | C37: TOYOTA FORTUNER [2] 2.7L MID TP 2700CC 4X2 EURO IV TC | D37: CAMIONETA | E37: OVE460 | F37: 2018 | G37: 2TRA347811 | H37: 8AJCX8GS9J0692144 | I37: 160200000 | J37: CONTRALORIA | K37: SGA
A38: 36 | B38: 9226015 | C38: VOLKSWAGEN CONSTELLATION 17.230 DEE 3560 E5 CHASIS | D38: VOLQUETA | E38: OVE469 | F38: 2018 | G38: 0154800A034798 | H38: 9536G8240JR807941 | I38: 230000000 | J38: TALLERES | K38: BOM
A39: 37 | B39: 9226015 | C39: VOLKSWAGEN CONSTELLATION 17.230 DEE 3560 E5 CHASIS | D39: VOLQUETA | E39: OVE470 | F39: 2018 | G39: 0154822A094816 | H39: 9536G8241JR808936 | I39: 230000000 | J39: TALLERES | K39: INFRA
A40: 38 | B40: 9226015 | C40: VOLKSWAGEN CONSTELLATION 17.230 DEE 3560 E5 CHASIS | D40: VOLQUETA | E40: OVE471 | F40: 2018 | G40: 0154805A444798 | H40: 9536G8245JR807868 | I40: 230000000 | J40: TALLERES | K40: INFRA
A41: 39 | B41: 9226015 | C41: VOLKSWAGEN CONSTELLATION 17.230 DEE 3560 E5 CHASIS | D41: VOLQUETA | E41: OVE472 | F41: 2018 | G41: 0154807A064807 | H41: 9536G8245JR807966 | I41: 230000000 | J41: TALLERES | K41: BOM
A42: 40 | B42: 9226015 | C42: VOLKSWAGEN CONSTELLATION 17.230 DEE 3560 E5 CHASIS | D42: VOLQUETA | E42: OVE473 | F42: 2018 | G42: 0154823A124816 | H42: 9536G8245JR808969 | I42: 230000000 | J42: TALLERES | K42: SGA
A43: 41 | B43: 1604100 | C43: NHR DC ABS E4 | D43: CHASIS CAB | E43: OVE474 | F43: 2019 | G43: 3P7817 | H43: 9GDNLR779KB009997 | I43: 90100000 | J43: TALLERES | K43: INFRA
A44: 42 | B44: 1604100 | C44: NHR DC ABS E4 | D44: CHASIS CAB | E44: OVE475 | F44: 2019 | G44: 3P7792 | H44: 9GDNLR770KB009998 | I44: 90100000 | J44: TALLERES | K44: SGA
A45: 43 | B45: 1604100 | C45: NHR DC ABS E4 | D45: CHASIS CAB | E45: OVE476 | F45: 2019 | G45: 3R7589 | H45: 9GDNLR773KB010000 | I45: 90100000 | J45: TALLERES | K45: SGA
A46: 44 | B46: 1621096 | C46: CHEVROLET DMAX 3] [FL] 2.5L WORK MT 2500CC 4X4 TD ABS 2AB | D46: PICKUP UP DC | E46: OVE491 | F46: 2019 | G46: TA5036 | H46: 8LBETF3W1K0393431 | I46: 91000000 | J46: PERSONERIA | K46: INFRA
A47: 45 | B47: 3704043 | C47: HINO DUTRO TEAM | D47: CAMION | E47: OVE492 | F47: 2019 | G47: N04CUV31724 | H47: 9F3MCP3H5K3103840 | I47: 131300000 | J47: BOMBEROS | K47: SGA
A48: 46 | B48: 3610111 | C48: INTERNATIONAL HV607 SBA 4X2 | D48: BOMBERO | E48: OVE495 | F48: 2020 | G48: 74501476 | H48: 3HAEJTAR3LL378611 | I48: 424800000 | J48: BOMBEROS | K48: SGA
A49: 47 | B49: 3610111 | C49: INTERNATIONAL HV607 SBA 4X3 | D49: BOMBERO | E49: OVE496 | F49: 2020 | G49: 74498607 | H49: 3HAEJTAR1LL182795 | I49: 424800000 | J49: BOMBEROS | K49: INFRA
A50: 48 | B50: 3610111 | C50: INTERNATIONAL HV607 SBA 4X4 | D50: BOMBERO | E50: OVE497 | F50: 2020 | G50: 74501460 | H50: 3HAEJTAR3LL380049 | I50: 424800000 | J50: BOMBEROS | K50: SGA
A51: 49 | B51: 3722008 | C51: HINO SG1A F7B MT 8900CC TD 4X2 | D51: REMOLCADOR Y CABEZOTE | E51: OVE498 | F51: 2020 | G51: A09CUP20152 | H51: 9F3SG1AF7LXX10138 | I51: 272300000 | J51: TALLERES | K51: SGA
A52: 50 | B52: 6421062 | C52: NISSAN NP 300 FRONTIER | D52: PICKUP UP DC | E52: OVE506 | F52: 2020 | G52: YD25699670P | H52: 3N6CD33B3ZK406938 | I52: 117200000 | J52: BOMBEROS | K52: INFRA
A53: 51 | B53: 3760033 | C53: HINO 500 | D53: CARROTANQUE | E53: OVE516 | F53: 2022 | G53: J05EVE10926 | H53: 9F3FC9JJ7NXX10450 | I53: 215700000 | J53: BOMBEROS | K53: INFRA
A54: 52 | B54: 9211087 | C54: TOYOTA | D54: HILUX | E54: OVE544 | F54: 2023 | G54: 1GR-H355323 | H54: 8AJBU3CD5P0091479 | I54: 254000000 | J54: DIGER | K54: BOM
A55: 53 | B55: 1621105 | C55: CHEVROLET | D55: CAMIONETA | E55: OVE545 | F55: 2023 | G55: L84TPG335544 | H55: 3GCUD9ED9PG335544 | I55: 250379930 | J55: BOMBEROS | K55: INFRA
A56: 54 | B56: 11107001 | C56: BYD | D56: CAMION | E56: OVE546 | F56: 2023 | G56: TZ180XSC122082982 | H56: LC0CE4DB0P0002834 | I56: =139900000+1000000 -> 140900000 | J56: BOMBEROS | K56: INFRA
A57: 55 | B57: 11304047 | C57: JAC | D57: UTILITARIO | E57: OVE551 | F57: 2023 | G57: N4402265 | H57: LJ11PDBD9P1301132 | I57: 127400000 | J57: TALLERES | K57: INFRA
A58: 56 | B58: 3021101 | C58: FORD RANGER | D58: CAMIONETA | E58: OVE574 | F58: 2025 | G58: SJ420723 | H58: 8AFBRO1E3SJ420723 | I58: 168688380 | J58: SALUD | K58: INFRA
A59: 57 | B59: 3626110 | C59: INTERNATIONAL MV607 | D59: VOLQUETA | E59: OVE577 | F59: 2025 | G59: 99286681 | H59: 3HAEUMMR1SL585940 | I59: 585548216 | J59: INFRAESTRUCTURA | K59: INFRA
A60: 58 | B60: 3626110 | C60: INTERNATIONAL MV607 | D60: VOLQUETA | E60: OVE578 | F60: 2025 | G60: 99286775 | H60: 3HAEUMMR1SL585941 | I60: 585548216 | J60: INFRAESTRUCTURA | K60: INFRA
A61: 59 | B61: 3626110 | C61: INTERNATIONAL MV607 | D61: VOLQUETA | E61: OVE579 | F61: 2025 | G61: 99286927 | H61: 3HAEUMMR1SL783209 | I61: 585548216 | J61: INFRAESTRUCTURA | K61: INFRA
A62: 60 | B62: 3626110 | C62: INTERNATIONAL MV607 | D62: VOLQUETA | E62: OVE580 | F62: 2025 | G62: 99287189 | H62: 3HAEUMMR1SL783209 | I62: 585548216 | J62: INFRAESTRUCTURA | K62: INFRA
A63: 61 | B63: 3626110 | C63: INTERNATIONAL MV607 | D63: VOLQUETA | E63: OVE581 | F63: 2025 | G63: 99287643 | H63: 3HAEUMMR1SL783212 | I63: 585548216 | J63: INFRAESTRUCTURA | K63: INFRA
A64: 62 | B64: 3626110 | C64: INTERNATIONAL MV607 | D64: VOLQUETA | E64: OVE582 | F64: 2025 | G64: 99287203 | H64: 3HAEUMMR1SL180109 | I64: 585548216 | J64: INFRAESTRUCTURA | K64: INFRA
A65: 63 | B65: 3626110 | C65: INTERNATIONAL MV607 | D65: VOLQUETA | E65: OVE583 | F65: 2025 | G65: 99287486 | H65: 3HAEUMMR1SL180110 | I65: 585548216 | J65: INFRAESTRUCTURA | K65: INFRA
A66: 64 | B66: 3626110 | C66: INTERNATIONAL MV607 | D66: VOLQUETA | E66: OVE584 | F66: 2025 | G66: 99287563 | H66: 3HAEUMMR1SL180111 | I66: 585548216 | J66: INFRAESTRUCTURA | K66: INFRA
A67: 65 | B67: 3626110 | C67: INTERNATIONAL MV607 | D67: VOLQUETA | E67: OVE585 | F67: 2025 | G67: 99291187 | H67: 3HAEUMMR1SL180112 | I67: 585548216 | J67: INFRAESTRUCTURA | K67: INFRA
A68: 66 | B68: 3626110 | C68: INTERNATIONAL MV607 | D68: VOLQUETA | E68: OVE586 | F68: 2025 | G68: 99291046 | H68: 3HAEUMMR1SL180113 | I68: 585548216 | J68: INFRAESTRUCTURA | K68: BOM
A69: 67 | B69: 3626110 | C69: INTERNATIONAL MV607 | D69: VOLQUETA | E69: OVE587 | F69: 2025 | G69: 99291188 | H69: 3HAEUMMR1SL478486 | I69: 585548216 | J69: INFRAESTRUCTURA | K69: INFRA
A70: 68 | B70: 3626110 | C70: INTERNATIONAL MV607 | D70: VOLQUETA | E70: OVE588 | F70: 2025 | G70: 99301751 | H70: 3HAEUMMR1SL478487 | I70: 585548216 | J70: INFRAESTRUCTURA
A71: 69 | B71: 3626110 | C71: INTERNATIONAL MV607 | D71: VOLQUETA | E71: OVE589 | F71: 2025 | G71: 99302344 | H71: 3HAEUMMR1SL478488 | I71: 585548216 | J71: INFRAESTRUCTURA
A72: 70 | B72: 3626110 | C72: INTERNATIONAL MV607 | D72: VOLQUETA | E72: OVE590 | F72: 2025 | G72: 99291047 | H72: 3HAEUMMR1SL478489 | I72: 585548216 | J72: INFRAESTRUCTURA
A73: 71 | B73: 3626110 | C73: INTERNATIONAL MV607 | D73: VOLQUETA | E73: OVE591 | F73: 2025 | G73: 99302400 | H73: 3HAEUMMR1SL478490 | I73: 585548216 | J73: INFRAESTRUCTURA
A74: 72 | B74: 3626110 | C74: INTERNATIONAL MV607 | D74: VOLQUETA | E74: OVE592 | F74: 2025 | G74: 99302253 | H74: 3HAEUMMR1SL644112 | I74: 585548216 | J74: INFRAESTRUCTURA
A75: 73 | B75: 9036212 | C75: TOYOTA LAND CRUISER | D75: CAMIONETA | E75: OVE594 | F75: 2025 | G75: 9440046 | H75: JTEARCAJ6S5012044 | I75: 368200000 | J75: ALCALDE
A76: 74 | B76: 1642052 | C76: CHEVROLET COLORADO | D76: CAMIONETA | E76: OVE602 | F76: 2025 | G76: LWNF242391041 | H76: 90BG1481KOSC412692 | I76: 183800000 | J76: BOMBEROS
A77: 75 | B77: 1642052 | C77: CHEVROLET COLORADO | D77: CAMIONETA | E77: OVE603 | F77: 2025 | G77: LWNF242391017 | H77: 90BG1481K0SC412690 | I77: 183800000 | J77: BOMBEROS
A78: 89 | B78: 1661122 | C78: CHEVROLET CHASIS CAB NHR DC EVSC | D78: CAMION ESTACAS | E78: OVE609 | F78: 2026 | G78: 4JZ1-306H03 | H78: JAANLR88ET7100483 | I78: 141900000 | J78: INFRAESTRUCTURA
A79: 76 | B79: 9001066 | C79: TOYOTA COROLLA 1600CC | D79: AUTOMOVIL | E79: PEW873 | F79: 2005 | G79: 43498551ZZ | H79: 8XA53ZEC259504116 | I79: 25600000 | J79: SOCIAL
A80: 77 | B80: 3417198 | C80: HONDA | D80: MOTOCICLETA | E80: QTS90G | F80: 2023 | G80: ND12E2P204624 | H80: 9C2ND1220PR204607 | I80: 26500000 | J80: BOMBEROS
A81: 78 | B81: 3417198 | C81: HONDA | D81: MOTOCICLETA | E81: QTS91G | F81: 2023 | G81: ND12E2P204585 | H81: 9C2ND1220PR204678 | I81: 26500000 | J81: BOMBEROS
A82: 79 | B82: 20525005 | C82: BLUE SERVICES L MAGNITUDE 55H 3 EJES | D82: CAMA BAJA | E82: S33419 | F82: 2020 | G82: 22020 | H82: 9F9CHJ2RMLP185002 | I82: 94300000 | J82: TALLERES | K82: SGA
A83: 80 | B83: 8817082 | C83: SUZUKI | D83: MOTOCICLETA | E83: SSR51 | F83: 2010 | G83: H402183445 | H83: 9FSSH42A4AC012279 | I83: 8500000 | J83: RURAL | K83: BOM
A84: 81 | B84: 8817082 | C84: SUZUKI | D84: MOTOCICLETA | E84: SSR52 | F84: 2010 | G84: H402183388 | H84: 9FSSH42A4AC012282 | I84: 8500000 | J84: RURAL | K84: SGA
A85: 82 | B85: 9817137 | C85: YAMAHA | D85: MOTOCICLETA | E85: SUM18 | F85: 2013 | G85: G391E004757 | H85: 9FKKG0413D2004757 | I85: 10600000 | J85: RURAL | K85: SGA
A86: 83 | B86: 9817137 | C86: YAMAHA | D86: MOTOCICLETA | E86: SUM19 | F86: 2013 | G86: G391E004774 | H86: 9FKKG0413D2004774 | I86: 10600000 | J86: RURAL | K86: SGA
A87: 84 | B87: 3417148 | C87: HONDA | D87: MOTOCICLETA | E87: SZG05 | F87: 2015 | G87: KC09E73036475 | H87: 9FMKC0929FF002642 | I87: 3900000 | J87: BOMBEROS | K87: BOM
A88: 85 | B88: 8817145 | C88: SUZUKI GN 125 | D88: MOTOCICLETA | E88: TSH57E | F88: 2018 | G88: 157FMI3B2X76435 | H88: 9FSNF41B9KC294644 | I88: 4500000 | J88: ARCHIVO | K88: BOM
A89: 86 | B89: 8817145 | C89: SUZUKI GN 125 | D89: MOTOCICLETA | E89: TSH72E | F89: 2018 | G89: 157FMI3B2X75820 | H89: 9FSNF41B8KC294604 | I89: 4500000 | J89: ARCHIVO
A90: 87 | B90: 8817145 | C90: SUZUKI GN 125 | D90: MOTOCICLETA | E90: TSH85E | F90: 2018 | G90: 157FMI3B2X75975 | H90: 9FSNF41B2KC294551 | I90: 4500000 | J90: ARCHIVO
A91: 88 | B91: 9021014 | C91: TOYOTA | D91: HILUX | E91: ZRM074 | F91: 2000 | G91: 9FH33UNG8Y8000878 | H91: 2305286 | I91: 40800000 | J91: PALACIO
A92: VALOR ASEGURADO TOTAL MOTOCICLETAS | I92: =SUM(I3:I91) -> 18337339766
A95: VALOR ASEGURADO TOTAL APRQUE AUTOMOTOR | I95: =I92 -> 18337339766

Sheet MANEJO ESTATAL
A1: ANEXO Nº 04 ESPECIFICACIONES TECNICAS SEGURO DE MANEJO ENTIDADES ESTATALES
A2: TOMADOR: | B2: =AUTOMOVILES!B2 -> MUNICIPIO DE PEREIRA
A3: ASEGURADO : | B3: =AUTOMOVILES!B3 -> MUNICIPIO DE PEREIRA
A4: BENEFICIARIO: | B4: =AUTOMOVILES!B4 -> MUNICIPIO DE PEREIRA
A5: NIT | B5: =AUTOMOVILES!B5 -> 891.480.030-2.
A6: RAMO | B6: SEGURO DE MANEJO ENTIDADES ESTATALES | D6: SEGURO DE MANEJO ENTIDADES ESTATALES
A7: INTERMEDIARIO | B7: GONSEGUROS CORREDORES DE SEGUROS S.A.
A8: VIGENCIA | B8: =AUTOMOVILES!B8 -> DESDE LAS 00:00 HORAS DEL 19 DE SEPTIEMBRE DE 2025 HASTA LAS 24:00 HORAS DEL 19 DE SEPTIEMBRE DE 2026
A9: CONDICIONES TECNICAS BASICAS OBLIGATORIAS
A10: DESCRIPCION DE LA ACTIVIDAD DEL ASEGURADO | B10: Entidad Pública -
A11: DIRECCION COMERCIAL /TELEFONO | B11: Cra. 7 No. 18-55 Pereira - Risaralda.
A12: DIRECCION DEL RIESGO | B12: Territorio Colombiano
A13: AMPAROS OBLIGATORIOS | B13: Delitos contra la Administración Pública
B14: Delitos contra el patrimonio económico.
B15: Juicios por Responsabilidad Fiscal
B16: Gastos de reconstrucción de cuentas.
B17: Gastos de rendición de cuentas.
A18: OBJETO DEL SEGURO | B18: Amparar los riesgos que impliquen menoscabo de los fondos y/o bienes de propiedad de la entidad, o que estén bajo su tenencia, control y/o responsabilidad causados por acciones u omisiones de sus servidores, que incurran en delitos contra la administración pública o fallos con responsabilidad fiscal, por incumplimiento de las disposiciones legales y reglamentarias, incluyendo el costo de la rendición de cuentas en caso de abandono del cargo o fallecimiento del empleado, en concordancia con la Resolución 014249 del 15 de mayo de 1992, aprobada por la Contraloría General de la República.
A19: MODALIDAD DE COBERTURA | B19: Los amparos otorgados, en la presente póliza, operan bajo la modalidad de delimitación temporal de cobertura, denominada OCURRENCIA, es decir que se cubrirán las pérdidas que sufra o que se causen al asegurado durante la vigencia de la póliza.
A20: VALORES ASEGURADOS OBLIGATORIOS
A21: Amparo básico | B21: 600000000
A22: Empleados no identificados 100% del valor asegurado principal | B22: 600000000
A23: Protección de depósitos bancarios: 100% del valor asegurado principal. | B23: 600000000
A24: Empleados de firmas temporales y especializadas, de cooperativas y empresas asociativas: 100% del valor asegurado principal. | B24: 600000000
A25: Pago del siniestro sin necesidad de Fallo Fiscal | B25: 600000000
A26: Costas en juicios y honorarios profesionales 40% del Valor Asegurado | B26: =B25*40% -> 240000000
A27: Bienes bajo cuidado, tenencia o control declarados por el asegurado. 40% del valor asegurado | B27: =B26*40% -> 96000000
A28: Gastos de Reconstrucción de cuentas | B28: =B25*50% -> 300000000
A29: Gastos de Rendición de cuentas | B29: =B25*50% -> 300000000
A30: Cargos Asegurados | B30: Total Planta de cargos del Asegurado
A31: CLAUSULAS Y SUBLIMITES OBLIGATORIOS Queda expresamente acordado y convenido que la aseguradora acepta las condiciones tecnicas básicas obligatorias establecidas en este anexo, en los termimos aqui señalados; por lo tanto, en caso de exisitir discrepancia entre este texto frente a los ejemplares de las condiciones generales de la poliza o en los certificados, anexos, nota de cobertura, slip de cotizacion o cualquier otro documento incluido o no en la oferta, prevaleceran los terminos de este anexo de condiciones tecnicas básicas obligatorias. Por lo tanto se deberá entender que la aseguradora acepta las siguientes cláusulas.
A32: EMPLEADOS NO IDENTIFICADOS | B32: En caso de ocurrencia de cualquier pérdida, en la que la entidad, no pudiera determinar específicamente al empleado o los empleados responsables, la compañía reconocerá la indemnización correspondiente, siempre y cuando las circunstancias que dieron lugar al evento, permitan considerar que en la ocurrencia del mismo intervinieron uno o varios empleados de la entidad, a cualquier titulo (autor intelectual, material o cómplice). Queda entendido que la responsabilidad de la compañía, respecto de tales pérdidas, no excederá en ningún caso del monto asegurado estipulado en la póliza. Los faltantes de inventario estarán amparados en los mismos términos establecidos anteriormente, siempre y cuando no sean atribuibles a entradas y salidas de almacén. Prevalecerá sobre esta condición el señalamiento de la pérdida por hurto simple cuando así lo indique la entidad. No se interpretara como faltante de inventario la pérdida de bienes en deposito y/o almacenados (guardados), que sean señaladas como hurto simple. NOTA: Para faltantes de inventario, sublimite del 15%
A33: PROTECCIÓN DE DEPÓSITOS BANCARIOS | B33: Cubre las pérdidas de dinero que el asegurado tenga depositado en sus cuentas corrientes o de ahorro en entidades bancarias o financieras (incluidos sus respectivos intereses), que se deba a falsificación o adulteración de un cheque, letra de cambio, pagaré, carta de crédito o cualquier otra clase de título valor que el banco o entidad financiera presuma que ha sido firmado, endosado o avalado por el asegurado o por una persona que obre en su nombre o representación y que el banco o entidad financiera compruebe que no es responsable por dicho pago, incluyendo: • Cualquier cheque o giro hecho o girado en nombre de la Entidad pagadero a una persona ficticia y endosado o pagado a nombre de dicha persona. • Cualquier cheque o giro hecho o girado en transacción de la Entidad o por su representante a favor de un tercero y entregado al representante de éste que resultare endosado o cobrado por persona distinta de aquel a quien se giró. • y, Cualquier cheque o giro con destino al pago de salarios que habiendo sido girado u ordenado por la Entidad, resultare endosado y cobrado por un tercero obrando supuestamente a nombre del girador, o de aquel a quien se debía hacer el pago. Para efectos de esta cobertura, las firmas estampadas por medios mecánicos, se consideran como firmas autografas
A34: EXTENSION DE COBERTURA PARA EMPLEADOS OCASIONALES, TEMPORALES Y TRANSITORIOS | B34: Por la presente condición la cobertura de la presente póliza se extiende a amparar a los trabajadores ocasionales, temporales o transitorios y a quienes sin serlo, realicen prácticas o investigaciones en sus dependencias. Esta cobertura queda sujeta a que las operaciones que realicen tales personas estén bajo el control de la entidad
A35: EXTENSION DE COBERTURA PARA EMPLEADOS DE FIRMAS ESPECIALIZADAS Y OTROS | B35: Bajo esta condición la cobertura de la presente póliza se extiende a amparar a todas aquellas personas naturales que presten servicios en los establecimientos del asegurado bajo cualquier título o contrato, incluidos los empleados de firmas especializadas, los empleados de contratistas independientes, los cuales deben cumplir con las normas que los regulan y con las garantías exigidas por la ley 80 de 1993. Esta cobertura queda sujeta a que las operaciones que realicen tales personas estén bajo el control de la entidad
A36: EXTENSIÓN DE COBERTURA PARA PERDIDAS OCASIONADAS POR EMPLEADOS DE CONTRATISTAS INDEPENDIENTES | B36: AL 100% DEL VALOR ASEGURADO.
A37: CLAUSULAS PARTICULARES Y CONDICIONES ESPECIALES OBLITATORIAS
A38: CONVENIO PARA EL PLAZO DEL PAGO DE LA PRIMA | B38: No obstante cualquier estipulación en contrario, por la presente cláusula se deja establecido que, de acuerdo con lo estipulado en el artículo 81 de la Ley 45/90 y la Resolución numero 03750 de Diciembre 31/74 de la Superintendencia Financiera, las partes contratantes convienen que las primas causadas por el presente Contrato de seguros y los Certificados o Anexos que se emitan en aplicación al mismo serán pagadas por el asegurado dentro de los noventa (90) días a partir de la fecha en que el respectivo documento sea recibido en sus oficinas, directamente por la Aseguradora y/o por el intermediario de seguros, quien deberá certificar haber recibido a satisfacción las respectivas pólizas en las condiciones contratadas; Si las pólizas no han sido correctamente elaboradas, el término para el pago solo empezará a contarse desde la fecha en que se presenten en debida forma. La demora en el pago originada por la presentación incorrecta de los documentos requeridos será responsabilidad del contratista y no tendrán por ello derecho al pago de intereses o compensación de ninguna naturaleza o a la aplicación de la terminación del contrato por mora en el pago de la prima.
A39: REVOCACIÓN, NO RENOVACIÓN O MODIFICACIONES DE LA PÓLIZA Y SUS ANEXOS | B39: La Aseguradora deberá dar aviso por escrito al ASEGURADO, con una anticipación de noventa (90) días en caso que decida modificar, revocar o no renovar esta póliza y/o alguno de sus amparos adicionales o modificar cualquiera de sus condiciones. En caso de revocación la aseguradora devolverá al asegurado, la proporción de prima correspondiente al tiempo que falte para el vencimiento de la Póliza, liquidada a prorrata.
A40: MODIFICACIONES A FAVOR DEL ASEGURADO | B40: Si durante la vigencia de este seguro se presentan modificaciones a las condiciones generales y particulares de la póliza, que presenten un beneficio a favor del ASEGURADO, tales modificaciones se consideran automáticamente incorporadas a la póliza siempre que el cambio no implique un aumento en la prima originalmente pactada.
A41: CLAUSULA DE APLICACION DE CONDICIONES PARTICULARES | B41: Queda expresamente acordado y convenido, que la Compañía acepta las condiciones básicas tecnicas establecidas en este anexo en los terminos señalados en el mismo, por lo tanto, en caso de existir discrepancia ente los ofrecimientos contenidos en la propuesta tecnica básica, frente a los textos de los ejemplares de las pólizas, certificados, anexos o cualquier otro documento; prevalecerá la información y condiciones básicas tecnicas establecidas.
A42: PRORROGAS | B42: Queda expresamente declarado y convenido que la (s) aseguradora (s) queda (n) obligadas (s) a otorgar la (s) prorroga (s) que el Asegurado, solicite en caso de que se requiera tiempo adicional para surtir los trámites internos de un nuevo proceso, en las mismas condiciones en que se encuentran suscritas las pólizas como tambien las modificaciones que se requieran en el transcurso de la vigencia sin condicionamiento alguno, incluido el intermediario.
A43: REVISION DE TERMINOS PARA PRORROGA | B43: Bajo esta clusula la compañía podrá realizar revisión de términos para las prórrogas cuando la siniestralidad incurrida sobrepase el 60%. (Siniestralidad incurrida =siniestros pagos + reservas + 10% IBRN/primas netas).
A44: AVISO DE SINIESTRO | B44: No obstante lo dispuesto en las condiciones la Póliza o en sus anexos, por la presente cláusula se conviene entre las partes, un término sesenta (60) días habiles para que el Asegurado de aviso al Asegurador de cualquier evento que afecte a la presente Póliza, contados a partir de la fecha en que haya tenido conocimiento de dicho evento, sin perjuicio de lo establecido en el artículo 1081 del Código de Comercio.
A45: GARANTIAS | B45: Queda expresamente acordado y aceptado que la cobertura otorgada bajo la presente póliza no queda sujeta al cumplimiento de ningún tipo de garantía por parte de la entidad asegurada.
A46: ERRORES, OMISIONES O INEXACTITUDES NO INTENCIONALES | B46: El tomador está obligado a declarar sinceramente los hechos y circunstancias que determinen el estado del riesgo. La inexactitud sobre hechos o circunstancias que, conocidas por la compañía, la hubieren retraído de celebrar el contrato o inducido a estipular condiciones más onerosas, produce la nulidad relativa del seguro. Sin embargo, si se incurriere en errores, omisiones e inexactitudes inculpables al tomador o al asegurado, el contrato no será nulo ni habrá lugar a la aplicación del inciso tercero del artículo 1058 del Código de Comercio sobre reducción porcentual de la prestación asegurada. En este caso se deberá pagar la prima adecuada al verdadero estado del riesgo.
A47: CLAUSULA DE JURISDICCION Y SOLUCION DE CONTROVERSIAS | B47: Se deja constancia que en caso de existir alguna controversia, ésta se dirimirá de acuerdo con lo establecido en la Ley y los diferentes mecanismos de solucion de conflictos
A48: DOMICILIO | B48: Sin perjuicios de las disposiciones procesales para los efectos relacionados con el presente contrato, se fija como domicilio de las partes la ciudad de Pereir, Risaralda, en la República de Colombia.
A49: RESTABLECIMIENTO AUTOMÁTICO DEL VALOR ASEGURADO POR PAGO DE SINIESTRO CON COBRO DE PRIMA (1) VEZ | B49: Queda entendido y convenido en adición a los términos y condiciones contenidas en la Póliza o en sus anexos que el valor asegurado se reducirá en igual cantidad del monto del siniestro y que la Aseguradora acepta el restablecimiento automático del mismo, mediante el pago de la prima a que haya lugar.
... A79: COMPROMISO DE LA ASEGURADORA PARA EL PAGO DE LAS INDEMNIZACIONES. | B79: Una vez formalizada la reclamación hasta 10 días hábiles. Queda expresamente convenido y aceptado, que la Aseguradora se compromete a efectuar el pago de la indemnización de los siniestros, dentro de los diez (10) días hábiles siguientes al término previsto para el pronunciamiento y aceptación de los reclamos.
A80: CLAUSULAS PARTICULARES SOLICITADAS :Si la clausula es aceptada anotar una S, si es negada una N o si es aceptada con desviacion, indicar en el formato de desviaciones el texto propuesto.
A81: CLAUSULAS PARTICULARES OPCIONALES REQUERIDAS | C81: S/N/D | D81: PUNTOS
A82: NO CONCURRENCIA DE DEDUCIBLES: | B82: De presentarse un evento indemnizable bajo la presente póliza, en cualquiera de sus secciones o por cualquiera de los riesgos cubiertos por la misma, que afecte a dos o más artículos o bienes amparados y si en los mismos figuran deducibles diferentes, para los efectos de liquidación de siniestro, se aplicará únicamente el deducible cuya cobertura se afectó por el origen del siniestro y no la sumatoria de ellos
A83: DESAPARICIONES MISTERIOSAS | B83: Queda entendido, convenido y aceptado que con la introducción de esta cláusula dentro de la póliza, la Compañía de Seguros extiende la totalidad de las coberturas contratadas a las pérdidas o desapariciones misteriosas, sufridas por el asegurado y sobre las cuales no se pueda identificar el autor material, intelectual o cómplice. No obstante para que esta cobertura opere se deberá presumir que uno de los empleados del asegurado estuvo involucrado bajo cualquiera de las modalidades antes indicadas. Sublímite de $50.000.000 Evento/vigencia.
A84: PERDIDAS OCASIONADAS POR MERMAS | B84: No obstante lo que se diga en contrario en las condiciones generales de la póliza, por la presente cláusula se cubren las pérdidas ocasionadas por mermas, diferencias de inventarios, desapariciones o pérdidas no imputables al empleado. No obstante para que esta cobertura opere se deberá presumir que uno de los empleados del asegurado estuvo involucrado bajo cualquiera de las modalidades antes indicadas.
A85: DEDUCIBLES
A86: COBERTURAS | B86: PROPUESTA ASEGURADORA
A87: Todas las coberturas
A88: Cajas Menores | B88: SIN DEDUCIBLE
A94: NOMBRE Y FIRMA REPRESENTANTE LEGAL

Sheet IRF
A4: ANEXO No 05 ESPECIFICACIONES TECNICAS SEGURO DE INFIDELIDAD Y RIESGOS FINANCIEROS
A5: TOMADOR | B5: ='MANEJO ESTATAL'!B2 -> MUNICIPIO DE PEREIRA
A6: ASEGURADO | B6: ='MANEJO ESTATAL'!B3 -> MUNICIPIO DE PEREIRA
A7: BENEFICIARIO | B7: ='MANEJO ESTATAL'!B4 -> MUNICIPIO DE PEREIRA
A8: NIT | B8: ='MANEJO ESTATAL'!B5 -> 891.480.030-2.
A9: RAMO | B9: INFIDELIDAD Y RIESGOS FINANCIEROS
A10: INTERMEDIARIO | B10: GONSEGUROS CORREDODRES DE SEGUROS S.A.
A11: VIGENCIA | B11: ='MANEJO ESTATAL'!B8 -> DESDE LAS 00:00 HORAS DEL 19 DE SEPTIEMBRE DE 2025 HASTA LAS 24:00 HORAS DEL 19 DE SEPTIEMBRE DE 2026
A12: CONDICIONES TECNICAS BASICAS OBLIGATORIAS
A13: DESCRIPCION DE LA ACTIVIDAD DEL ASEGURADO | B13: Entidad territorial que representa el gobierno municipal y ejerce el poder ejecutivo en el territorio, encargada de administrar los recursos del municipio, garantizar la prestación de servicios públicos, velar por el bienestar de la comunidad, y promover el desarrollo local.
A14: DIRECCIONCOMERCIAL | B14: Cra. 7 No. 18-55 Pereira - Risaralda.
A15: DIRECCION DEL RIESGO | B15: Territorio Colombiano
A16: INTERES ASEGURABLE | B16: Se cubren los perjuicios patrimoniales las pérdidas, daños y/o gastos en que tenga que incurrir el asegurado, como consecuencia de actos fraudulentos cometidos y/o causados por empleados y/o por terceros y/o por personal a su servicio y/o en complicidad con éstos y demás eventos amparados acorde con las condiciones de la pólza.
A17: VALOR ASEGURADO
A18: 6000000000
A19: COBERTURA | B19: VALOR ASEGURADO
A20: Infidelidad de Empleados. Se cubren los perjuicios patrimoniales que sufra la entidad con motivo de actos deshonestos y fraudulentos de los servidores públicos a su servicio | B20: 6000000000
A21: Ámbito | B21: Mundial
A22: Jurisdicción | B22: Colombia
A23: Predios sobre los cuales la entidad tenga interés | B23: 6000000000
A24: Tránsito de Valores u Otras Propiedades incluyendo mercancías | B24: 6000000000
A25: Falsificación de cheques u otros documentos | B25: 6000000000
A26: Falsificación de Documento de Retiro de Propiedad | B26: 6000000000
A27: Falsificación extendida | B27: 6000000000
A28: Moneda Falsificada y Giros Postales | B28: 6000000000
A29: Hurto por Computador | B29: 6000000000
A30: Fraude en Transferencia de Fondos | B30: 6000000000
A31: Pérdida de derechos de suscripción | B31: 6000000000
A32: Costos legales y honorarios de abogados | B32: 6000000000
A33: Manejo y negociación de documentos seriales | B33: 6000000000
A34: Pérdidas por amenaza y extorsión a la propiedad y a las personas | B34: 6000000000
... A39: Protección de Depósitos Bancarios | B39: 6000000000
A40: Costo neto financiero | B40: 150.000.000 por mes / 1.800.000.000 por vigencia Tasa mensual 2.5%
A41: Se cubre el incendio y líneas aliadas incluyendo terremoto, HAMMC y AMIT, de dinero y títulos valores | B41: 6000000000
A42: Se cubre la pérdida de otros bienes diferentes a dinero y títulos valores | B42: 6000000000
A43: Restablecimiento automático del valor asegurado por pago de siniestro | B43: (1) vez con cobro de prima
A44: MODALIDAD DE COBERTURA | B44: Los amparos otorgados, en la presente póliza, operan bajo la modalidad Descubrimiento
A45: CLAUSULAS OBLIGATORIAS
A46: CONVENIO PARA EL PLAZO DE PAGO DE LA PRIMA | B46: No obstante cualquier estipulación en contrario, por la presente cláusula se deja establecido que, de acuerdo con lo estipulado en el artículo 81 de la Ley 45/90 y la Resolución numero 03750 de Diciembre 31/74 de la Superintendencia Financiera, las partes contratantes convienen que las primas causadas por el presente Contrato de seguros y los Certificados o Anexos que se emitan en aplicación al mismo serán pagadas por el asegurado dentro de los noventa (90) días a partir de la fecha en que el respectivo documento sea recibido en sus oficinas, directamente por la Aseguradora y/o por el intermediario de seguros, quien deberá certificar haber recibido a satisfacción las respectivas pólizas en las condiciones contratadas; Si las pólizas no han sido correctamente elaboradas, el término para el pago solo empezará a contarse desde la fecha en que se presenten en debida forma. La demora en el pago originada por la presentación incorrecta de los documentos requeridos será responsabilidad del contratista y no tendrán por ello derecho al pago de intereses o compensación de ninguna naturaleza o a la aplicación de la terminación del contrato por mora en el pago de la prima.
A47: REVOCACIÓN, NO RENOVACIÓN O MODIFICACIONES DE LA PÓLIZA Y SUS ANEXOS | B47: La Aseguradora deberá dar aviso por escrito aL ASEGURADO, con una anticipación de noventa (90) días, en caso que decida modificar, revocar o no renovar esta póliza y/o alguno de sus amparos adicionales o modificar cualquiera de sus condiciones. En caso de revocación la aseguradora devolverá al asegurado, la proporción de prima correspondiente al tiempo que falte para el vencimiento de la Póliza, liquidada a prorrata. Si la revocación es solicitada por EL ASEGURADO , la Aseguradora devolverá el valor de la prima no corrida del riesgo, liquidada a Prorrata.
A48: MODIFICACIONES EN FAVOR DEL ASEGURADO | B48: Si durante la vigencia de este seguro se presentan modificaciones a las condiciones generales y particulares de la póliza, que presenten un beneficio a favor del ASEGURADO, tales modificaciones se consideran automáticamente incorporadas a la póliza siempre que el cambio no implique un aumento en la prima originalmente pactada.
A49: CLAUSULA DE APLICACIÓN DE CONDICIONES PARTICULARES | B49: Queda expresamente acordado y convenido, que la Compañía acepta las condiciones básicas técnicas establecidas en este anexo en los términos señalados en el mismo, por lo tanto, en caso de existir discrepancia ente los ofrecimientos contenidos en la propuesta técnica básica, frente a los textos de los ejemplares de las pólizas, certificados, anexos o cualquier otro documento; prevalecerá la información y condiciones básicas técnicas establecidas.
A50: PRORROGAS | B50: Queda expresamente declarado y convenido que la (s) aseguradora (s) queda (n) obligadas (s) a otorgar la (s) prorroga (s) que el Asegurado, solicite en caso de que se requiera tiempo adicional para surtir los trámites internos de un nuevo proceso, en las mismas condiciones en que se encuentran suscritas las pólizas como tambien las modificaciones que se requieran en el transcurso de la vigencia sin condicionamiento alguno, incluido el intermediario.
A51: REVISION DE LOS TERMINOS PARA PRORROGA | B51: Bajo esta clusula la compañía podrá realizar revisión de términos para las prórrogas cuando la siniestralidad incurrida sobrepase el 60%. (Siniestralidad incurrida =siniestros pagos + reservas + 10% IBRN/primas netas).
A52: AVISO DE SINIESTRO | B52: No obstante lo dispuesto en las condiciones de la Póliza o en sus anexos, por la presente cláusula se conviene entre las partes, un término sesenta (60) días calendario para que el Asegurado de aviso al Asegurador de cualquier evento que afecte a la presente Póliza, contados a partir de la fecha en que haya tenido conocimiento de dicho evento, sin perjuicio de lo establecido en el artículo 1081 del Código de Comercio.
A53: GARANTIAS | B53: Queda expresamente acordado y aceptado que la cobertura otorgada bajo la presente póliza no queda sujeta al cumplimiento de ningún tipo de garantía por parte de la entidad asegurada.
A54: ERRORES, OMISIONES E INEXACTITUDES NO INTENCIONALES | B54: El tomador está obligado a declarar sinceramente los hechos y circunstancias que determinen el estado del riesgo. La inexactitud sobre hechos o circunstancias que, conocidas por la compañía, la hubieren retraído de celebrar el contrato o inducido a estipular condiciones más onerosas, produce la nulidad relativa del seguro. Sin embargo, si se incurriere en errores, omisiones e inexactitudes inculpables al tomador o al asegurado, el contrato no será nulo ni habrá lugar a la aplicación del inciso tercero del artículo 1058 del Código de Comercio sobre reducción porcentual de la prestación asegurada. En este caso se deberá pagar la prima adecuada al verdadero estado del riesgo.
A55: CLAUSULA DE JURISDICCION Y SOLUCION DE CONTROVERSIAS | B55: Se deja constancia que en caso de existir alguna controversia, ésta se dirimirá de acuerdo con lo establecido en la Ley y los diferentes mecanismos de solucion de conflictos
A56: DOMICILIO | B56: Sin perjuicios de las disposiciones procesales para los efectos relacionados con el presente contrato, se fija como domicilio de las partes la ciudad de Pereíra Risaralda, en la República de Colombia.
A57: RESTABLECIMIENTO AUTOMATICO DEL VALOR ASEGURADO POR PAGO DE SINIESTRO. | B57: Queda entendido y convenido en adición a los términos y condiciones contenidas en la Póliza o en sus anexos que el valor asegurado se reducirá en igual cantidad del monto del siniestro y que la Aseguradora acepta el restablecimiento automático del mismo, mediante el pago de la prima a que haya lugar.
... A76: GASTOS POR ACCESO NO AUTORIZADO AL SISTEMA INFORMATICO | B76: la compañía será responsable de los gastos por acceso no autorizado al sistema informático incurridos por un asegurado que resulten de la pérdida directa cubierta por los amparos:
B77: 1. infidelidad de empleados,
B78: 2. hurto por computador y
B79: 3. pérdida a clientes.
B80: la cobertura otorgada bajo este amparo, aplica solamente si la pérdida directa cubierta, esta en exceso del deducible aplicable al amparo afectado. los gastos de investigación, gastos legales y los gastos por acceso no autorizado al sistema informático serán parte de y no en adición del límite agregado de responsabilidad de la póliza.
A81: GASTOS PARA LA DEMOSTRACIÓN DEL SINIESTRO | B81: Bajo este amparo se cubren los gastos razonables en que incurra el asegurado, para la demostración de la ocurrencia y cuantía del siniestro y serán indemnizados bajo esta póliza. Estos gastos deben ser previamente aprobados por la aseguradora y la Entidad se compromete para estos casos presentar previamente cotización de estos gastos (cuando se requiera), la aseguradora se reserva el derecho de poder cotizar con sus proveedores los servicios que demanden la aplicación de estos gastos, hasta el 100% de los gastos demostrados.
A82: GASTOS ADICIONALES. Sublímite 20% del límite asegurado. | B82: No obstante lo que se diga en contrario en las condiciones generales y particulares de la póliza, la Compañía se obliga a indemnizar los gastos adicionales (que no tengan carácter de permanentes) incluidos aquellos que tenga que asumir por la reconstrucción de archivos, documentos, bases de datos o información en servidores o medios magnéticos, debidamente comprobados en que necesaria y razonablemente incurra el asegurado, como consecuencia directa del siniestro.
A83: TÉRMINO PARA EL PRONUNCIAMIENTO Y ACEPTACIÓN DE LOS RECLAMOS. | B83: Queda expresamente acordado que la aseguradora se pronunciará sobre la aceptación de los reclamos, máximo dentro de los diez (10) días hábiles siguientes al recibo de la documentación que acredite la ocurrencia y cuantía de los siniestros. En caso contrario se entenderán formalizados los reclamos y aceptado el valor reclamado, de conformidad con la(s) cotización(es) presentada(s) por la Entidad o los asegurados y la Compañía aseguradora deberá proceder al giro de la indemnización en el término establecido para el pago de las indemnizaciones.
A84: COMPROMISO DE LA ASEGURADORA PARA EL PAGO DE LAS INDEMNIZACIONES. | B84: Una vez formalizada la reclamación hasta 10 días hábiles. Queda expresamente convenido y aceptado, que la Aseguradora se compromete a efectuar el pago de la indemnización de los siniestros, dentro de los diez (10) días hábiles siguientes al término previsto para el pronunciamiento y aceptación de los reclamos.
A85: EXCLUSIONES NO APLICABLES | B85: Por medio de la presente cláusula se anula toda exclusión referente a la perdida como resultado directo o indirecto de que el personal no tome obligatoriamente dos semanas consecutivas de vacaciones por año. | F85: se anula toda exclusión referente a la perdida como resultado directo o indirecto de que el personal no tome obligatoriamente dos semanas consecutivas de vacaciones por año.
B86: Por medio de la presente cláusula se anula toda exclusión referente a perdidas que sean consecuencia a falta de segregación de funciones, sistema de custodia conjunta y control dual. | F86: se anula toda exclusión referente a perdidas que sean consecuencia a falta de segregación de funciones, sistema de custodia conjunta y control dual.
A87: REALIZACIÓN DE SURVEY FINANCIERO SIN COSTO PARA LA ENTIDAD | B87: Sin costo para la entidad | F87: =LOWER(F76)
A88: MODIFICACIÓN DEL ESTADO DEL RIESGO | B88: No obstante lo estipulado en las condiciones generales del seguro, se establece una limitación a la obligación que el Asegurado notifique los hechos o circunstancias que agraven el riesgo durante la vigencia del contrato, en el sentido, que la aseguradora solo puede invocarla cuando exista relación de causalidad entre la agravación y el siniestro. Se ampararán automáticamente los riesgos cuya agravación se informe, hasta el pronunciamiento del asegurador en contrario
A89: PERÍODO ADICIONAL DE COBERTURAS | B89: Se deja establecido y convenido que las personas al servicio del asegurado, continuarán amparadas los treinta (30) días inmediatamente siguientes a la fecha de retiro, con sujeción a las Cláusulas relativas a vigencia, terminación y revocación de la Póliza
A90: DESAPARICIÓN MISTERIOSA EN PREDIOS, DE ACUERDO CON EL CONDICIONADO GENERAL.
A91: ERRORES Y OMISIONES NO INTENCIONALES. | B91: El tomador está obligado a declarar sinceramente los hechos y circunstancias que determinen el estado del riesgo. La inexactitud sobre hechos o circunstancias que, conocidas por la compañía, la hubieren retraído de celebrar el contrato o inducido a estipular condiciones más onerosas, produce la nulidad relativa del seguro. Sin embargo, si se incurriere en errores, omisiones e inexactitudes inculpables al tomador o al asegurado, el contrato no será nulo ni habrá lugar a la aplicación del inciso tercero del artículo 1058 del Código de Comercio sobre reducción porcentual de la prestación asegurada. En este caso se deberá pagar la prima adecuada al verdadero estado del riesgo.
A92: PAGO DE LA INDEMNIZACIÓN A ELECCIÓN DEL ASEGURADO. | B92: En caso de siniestro, el asegurado se reserva el derecho de solicitar a la compañía de seguros el pago de la indemnización, en dinero o mediante la reparación, y/o reposición o reconstrucción del bien o bienes afectados, o mediante giro a los contratistas y/o proveedores de servicios o suministro de éstos u otros similares con los cuales la Entidad decida reemplazarlos. La compañía a petición escrita de la Entidad efectuará el pago de la indemnización bajo estas condiciones.
A93: ANTICIPO DE INDEMNIZACIÓN 50% | B93: El oferente debe contemplar bajo esta cláusula que, a petición escrita del asegurado, anticipará pagos parciales sobre el valor del reclamo, con base en el valor de la estimación preliminar de la pérdida, aceptada por el ajustador en los casos en que haya nombramiento, para adelantar la reparación, reposición o remplazo de los bienes asegurados. En caso que el anticipo o suma de anticipos que la compañía adelante al asegurado llegare a exceder la suma total indemnizable a que tenga derecho, éste se compromete a devolver el exceso pagado. Para esta cláusula el oferente debe contemplar un plazo máximo para el pago del anticipo cinco (5) días hábiles a partir de la fecha de solicitud del mismo.
A94: DEDUCIBLES
A95: COBERTURAS | B95: PROPUESTA ASEGURADORA
A96: Toda y cada pérdida
A100: NOMBRE Y FIRMA REPRESENTANTE LEGAL

Sheet RCE 
A6: ANEXO No 06 ESPECIFICACIONES TECNICAS SEGURO DE RESPONSABILIDAD CIVIL EXTRACONTRACTUAL
A7: TOMADOR | B7: =IRF!B5 -> MUNICIPIO DE PEREIRA
A8: ASEGURADO : | B8: =B7 -> MUNICIPIO DE PEREIRA
A9: BENEFICIARIO: | B9: =B7 -> MUNICIPIO DE PEREIRA
A10: NIT | B10: =IRF!B8 -> 891.480.030-2.
A11: RAMO | B11: Seguro de Responsabilidad Civil Extracontractual
A12: INTERMEDIARIO | B12: GONSEGUROS CORREDORES DE SEGUROS S.A.
A13: VIGENCIA | B13: =IRF!B11 -> DESDE LAS 00:00 HORAS DEL 19 DE SEPTIEMBRE DE 2025 HASTA LAS 24:00 HORAS DEL 19 DE SEPTIEMBRE DE 2026
A14: CONDICIONES TECNICAS BASICAS OBLIGATORIAS
A15: DESCRIPCION DE LA ACTIVIDAD DEL ASEGURADO | B15: Entidad Pública -
A16: DIRECCION COMERCIAL /TELEFONO | B16: Cra. 7 No. 18-55 Pereira - Risaralda.
A17: DIRECCION DEL RIESGO | B17: Territorio Colombiano
A18: Presupuesto Anual Ejecutado 2024 | B18: 1.2812592e+12
A19: Presupuesto Anual 2025 | B19: 1592014170715
A20: Valor nomina 2024 | B20: 34051909438
A21: Valor nómina presupuestada 2025 | B21: 124527000000
A22: Numero de empleados | B22: 567
A23: UBICACIÓN GEOGRAFICA | B23: Republica de Colombia
A24: JURISDICCION | B24: Esta póliza ampara en todas partes del mundo, con sujeción a la Ley Colombiana. La cobertura mundial, operará solo para viajes de servidores públicos al exterior, en calidad de trabajo.
A25: INTERES ASEGURADO | B25: Se cubren los perjuicios patrimoniales y extrapatrimoniales que se causen a terceros con motivo de la responsabilidad civil en que incurra el asegurado de acuerdo con la Ley Colombiana, por lesiones o muerte a personas y/o destrucción de bienes y perjuicios económicos, incluyendo lucro cesante y daños morales, como consecuencia de tales daños personales y/ materiales, causados durante el giro normal de su actividad, llevados a cabo en cualquier lugar dentro del territorio Colombiano.
A26: BIENES E INTERESES ASEGURABLES | B26: Se considerarán asegurados todos los predios y actividades que el asegurado posea y desarrolle, bien sea en arriendo, comodato, use o entregue en comodato y aquellos de terceros que la entidad use, mantenga, ocupe, y desempeñe sus actividades y operaciones, o que sea tenedor o a cualquier título y en general en los cuales desarrolle y realice las actividades propias de la administración municipal, control y de servicio a la comunidad, incluyendo los predios e instalaciones públicos que, de acuerdo a la ley, se encuentren bajo su responsabilidad, protección, administración y control.
A27: COBERTURAS VALORES ASEGURADOS Y SUBLIMITES OBLIGATORIOS
A28: Predios, Labores y operaciones. (PLO) | B28: 9000000000
A29: Actividades de cargue, descargue y transporte de bienes, incluyendo eventualmente los azarosos e inflamables. | B29: 9000000000
A30: Transporte y Manejo de Materias prima y Productos | B30: 9000000000
A31: Actividades deportivas, culturales y sociales dentro y fuera de los predios del asegurado | B31: 9000000000
A32: Avisos, vallas y letreros dentro y fuera de predios, sean o no instalados por el asegurado | B32: 9000000000
A33: Perjuicios causados por directivos, representantes y empleados del asegurado, en el desempeño de sus funciones y dentro de las actividades del asegurado, dentro y fuera de Colombia, incluyendo en viajes. La presente cobertura no ampara la responsabilidad civil profesional, ni RC Servidores Publicos | B33: 9000000000
A34: Contaminación accidental, súbita e imprevista | B34: 9000000000
A35: Eventos sociales organizados por el asegurado, desarrollados dentro y fuera de sus predios. | B35: 9000000000
A36: RC Incendio y explosión. | B36: 9000000000
A37: Participación del asegurado en ferias y exposiciones nacionales e internacionales | B37: 9000000000
A38: Posesión, uso y mantenimiento de depósitos, tanques y tuberías o redes. | B38: 9000000000
A39: Uso de Restaurantes y cafeterías, campos deportivos, clubes y casinos. | B39: 9000000000
... A42: Propietarios, Arrendatarios y/o poseedores | B42: 9000000000
A43: Contratistas y subcontratistas independientes. Incluyendo trabajos de mantenimiento, reparaciones y modificaciones de predios. | B43: =B42/2 -> 4500000000
A44: Evento
A45: Vigencia | B45: =B42 -> 9000000000
A46: Bienes bajo cuidado, tenencia y control y custodia, declarados o no.
A47: Evento | B47: =B45*30% -> 2700000000
A48: Vigencia | B48: =B45*60% -> 5400000000
A49: R.C. Parqueaderos.
A50: Evento | B50: 500000000
A51: Vigencia | B51: 1000000000
A52: R.C. Cruzada.
A53: Evento | B53: 4500000000
A54: Vigencia | B54: 9000000000
A55: R.C. Patronal. En exceso de la seguridad social.
A56: Evento | B56: 2700000000
A57: Vigencia | B57: 5400000000
A58: R.C. Vehículos propios y no propios.
A59: Evento | B59: 2700000000
A60: Vigencia | B60: 5400000000
A61: Gastos Médicos, hospitalarios y traslado de víctimas.
A62: Evento | B62: =90000000*30 -> 2700000000
A63: Vigencia | B63: 3500000000
A64: Otras propiedades adyacentes
A65: Evento | B65: 1500000000
A66: Vigencia | B66: 1500000000
A67: R.C. Errores de Puntería, uso de armas de fuego : Incluye personal contratista de firma especializada que la Entidad, utiliza para labores de vigilancia o de seguridad, escoltas y uso de perros guardianes. | B67: Hasta 400 SMMLV.
A68: Operación de Drones (aeronave pilotiada a distancia)
A69: Evento /Vigencia | B69: 500000000
A70: CONDICIONES TÉCNICAS BÁSICAS OBLIGATORIAS Queda expresamente acordado y convenido que la aseguradora acepta las condiciones tecnicas básicas obligatorias establecidas en este anexo, en los termimos aqui señalados; por lo tanto, en caso de exisitir discrepancia entre este texto frente a los ejemplares de las condiciones generales de la poliza o en los certificados, anexos, nota de cobertura, slip de cotizacion o cualquier otro documento incluido o no en la oferta, prevaleceran los terminos de este anexo de condiciones tecnicas básicas obligatorias. Por lo tanto se deberá entender que la aseguradora acepta las siguientes cláusulas.
A71: COBERTURA BASICA | B71: Adicional al alcance de la cobertura, la presente póliza ampara los perjuicios patrimoniales incluyendo el daño moral y lucro cesante. Igualmente se amparan los perjuicios extrapatrimoniales incluyendo los daños morales, daños a la vida de relación, daños fisiológicos, alteraciones a las condiciones de existencia, daños al proyecto de vida, daños a la honra, daños sexuales, daños a la salud, daños estéticos y otros que se enmarquen como extrapatrimoniales con motivo de la responsabilidad civil extracontractual en que incurra de acuerdo con la ley colombiana. La compañía responderá, por los costos del proceso que el tercero damnificado o sus causahabientes promuevan en su contra o la del asegurado (valores incluidos dentro de la suma asegurada principal), con las salvedades siguientes: La compañía responderá, además, por los costos del proceso (haciéndo parte de la suma asegurada y no en adición a ella) que el tercero damnificado o sus causahabientes promuevan en su contra o la del asegurado. Asi mismo se ampara la Responsabilidad Civil a terceros proveniente de la operacion de drones (aeronave pilotada a distancia)
A72: CONVENIO PARA EL PLAZO DEL PAGO DE LA PRIMA | B72: No obstante cualquier estipulación en contrario, por la presente cláusula se deja establecido que, de acuerdo con lo estipulado en el artículo 81 de la Ley 45/90 y la Resolución numero 03750 de Diciembre 31/74 de la Superintendencia Financiera, las partes contratantes convienen que las primas causadas por el presente Contrato de seguros y los Certificados o Anexos que se emitan en aplicación al mismo serán pagadas por el asegurado dentro de los noventa (90) días a partir de la fecha en que el respectivo documento sea recibido en sus oficinas, directamente por la Aseguradora y/o por el intermediario de seguros, quien deberá certificar haber recibido a satisfacción las respectivas pólizas en las condiciones contratadas; Si las pólizas no han sido correctamente elaboradas, el término para el pago solo empezará a contarse desde la fecha en que se presenten en debida forma. La demora en el pago originada por la presentación incorrecta de los documentos requeridos será responsabilidad del contratista y no tendrán por ello derecho al pago de intereses o compensación de ninguna naturaleza o a la aplicación de la terminación del contrato por mora en el pago de la prima.
A73: REVOCACIÓN, NO RENOVACIÓN O MODIFICACIONES DE LA PÓLIZA Y SUS ANEXOS | B73: La Aseguradora deberá dar aviso por escrito al ASEGURADO, con una anticipación de noventa (90) días en caso que decida modificar, revocar o no renovar esta póliza y/o alguno de sus amparos adicionales o modificar cualquiera de sus condiciones. En caso de revocación la aseguradora devolverá al asegurado, la proporción de prima correspondiente al tiempo que falte para el vencimiento de la Póliza, liquidada a prorrata.
A74: MODIFICACIONES A FAVOR DEL ASEGURADO | B74: Si durante la vigencia de este seguro se presentan modificaciones a las condiciones generales y particulares de la póliza, que presenten un beneficio a favor del ASEGURADO, tales modificaciones se consideran automáticamente incorporadas a la póliza siempre que el cambio no implique un aumento en la prima originalmente pactada.
A75: CLAUSULA DE APLICACION DE CONDICIONES PARTICULARES | B75: Queda expresamente acordado y convenido, que la Compañía acepta las condiciones básicas tecnicas establecidas en este anexo en los terminos señalados en el mismo, por lo tanto, en caso de existir discrepancia ente los ofrecimientos contenidos en la propuesta tecnica básica, frente a los textos de los ejemplares de las pólizas, certificados, anexos o cualquier otro documento; prevalecerá la información y condiciones básicas tecnicas establecidas.
A76: PRORROGAS | B76: Queda expresamente declarado y convenido que la (s) aseguradora (s) queda (n) obligadas (s) a otorgar la (s) prorroga (s) que el Asegurado, solicite en caso de que se requiera tiempo adicional para surtir los trámites internos de un nuevo proceso, en las mismas condiciones en que se encuentran suscritas las pólizas como tambien las modificaciones que se requieran en el transcurso de la vigencia sin condicionamiento alguno, incluido el intermediario.
A77: REVISION DE TERMINOS PARA PRORROGA | B77: Bajo esta clusula la compañía podrá realizar revisión de términos para las prórrogas cuando la siniestralidad incurrida sobrepase el 60%. (Siniestralidad incurrida =siniestros pagos + reservas + 10% IBRN/primas netas).
A78: AVISO DE SINIESTRO | B78: No obstante lo dispuesto en las condiciones la Póliza o en sus anexos, por la presente cláusula se conviene entre las partes, un término sesenta (60) días habiles para que el Asegurado de aviso al Asegurador de cualquier evento que afecte a la presente Póliza, contados a partir de la fecha en que haya tenido conocimiento de dicho evento, sin perjuicio de lo establecido en el artículo 1081 del Código de Comercio.
A79: GARANTIAS | B79: Queda expresamente acordado y aceptado que la cobertura otorgada bajo la presente póliza no queda sujeta al cumplimiento de ningún tipo de garantía por parte de la entidad asegurada.
A80: ERRORES, OMISIONES O INEXACTITUDES NO INTENCIONALES | B80: El tomador está obligado a declarar sinceramente los hechos y circunstancias que determinen el estado del riesgo. La inexactitud sobre hechos o circunstancias que, conocidas por la compañía, la hubieren retraído de celebrar el contrato o inducido a estipular condiciones más onerosas, produce la nulidad relativa del seguro. Sin embargo, si se incurriere en errores, omisiones e inexactitudes inculpables al tomador o al asegurado, el contrato no será nulo ni habrá lugar a la aplicación del inciso tercero del artículo 1058 del Código de Comercio sobre reducción porcentual de la prestación asegurada. En este caso se deberá pagar la prima adecuada al verdadero estado del riesgo.
A81: CLAUSULA DE JURISDICCION Y SOLUCION DE CONTROVERSIAS | B81: Se deja constancia que en caso de existir alguna controversia, ésta se dirimirá de acuerdo con lo establecido en la Ley y los diferentes mecanismos de solucion de conflictos
A82: DOMICILIO | B82: Sin perjuicios de las disposiciones procesales para los efectos relacionados con el presente contrato, se fija como domicilio de las partes la ciudad de Pereíra Risaralda, en la República de Colombia.
... A109: PROPIETARIOS, COPROPIETARIOS, ARRENDATARIOS Y POSEEDORES | B109: En virtud del presente amparo se cubren las indemnizaciones que deba pagar el asegurado en razón de la responsabilidad civil que le sea imputable en su calidad de propietario, copropietario, arrendatario, arrendador ó poseedor de los inmuebles que ocupe o de en arrendamiento. Esta cobertura se extiende además a cubrir la responsabilidad civil del asegurado derivada de:
B110: 1. Hechos de porteros, conserjes, jardineros u otros dependientes del asegurado, con motivo de sus funciones al servicio del inmueble.
B111: 2. Reparaciones, modificaciones o construcciones dentro de los mismos inmuebles.
A112: RESPONSABILIDAD CIVIL POR INCENDIO Y/Ó RAYO, EXPLOSIÓN | B112: La póliza se extiende a cubrir los daños y perjuicios patrimoniales y extrapatrimoniales ocasionados a terceros por Incendio, Rayo y Explosión.
A113: PARTICIPACIÓN DE LA ENTIDAD EN FERIAS Y EXPOSICIONES NACIONALES E INTERNACIONALES | B113: En el desarrollo de su actividad - Se excluye Estados Unidos, Puerto Rico y Canadá
A114: GASTOS DE DEFENSA, CAUCIONES Y COSTAS PROCESALES | B114: La presente póliza ampara, aún en exceso de la suma asegurada, los siguientes gastos: 1. Los honorarios de abogado y demás gastos que tenga que sufragar el Asegurado para la defensa de sus intereses, como consecuencia de la reclamación judicial o extrajudicial de la víctima o sus causahabientes, aún en el caso de que sea infundada, falsa o fraudulenta. 2. El costo de cualquier clase de caución que el Asegurado tenga que prestar en los procesos de que trata el numeral anterior. La Aseguradora no se obliga sin embargo, a otorgar dichas cauciones.
B115: En los casos en los que por no haber condena u obligación de indemnizar en cabeza del Asegurado, sólo haya lugar al reconocimiento de gastos de defensa y/o cauciones judiciales bajo esta póliza, no habrá lugar a la aplicación de deducible. Las costas del proceso que el tercero damnificado o sus causahabientes promuevan en contra del asegurado y/o la Aseguradora, con la salvedad que si la condena por los perjuicios ocasionados a la víctima excede la suma asegurada, la Aseguradora sólo responderá por los costos del proceso en proporción a la cuota que le corresponda en la indemnización.
A116: SUBROGACION | B116: Contempla bajo esta condición, el otorgamiento de las siguientes condiciones: Al indemnizar un siniestro la aseguradora se subroga, por ministerio de la ley y hasta concurrencia de su importe, en los derechos del Asegurado contra las personas responsables del siniestro, no obstante la aseguradora renuncia expresamente a ejercer sus derechos de subrogación contra: 1. Cualquier persona o entidad que sea un asegurado bajo la póliza 2. Cualquier filial, subsidiaria u operadora del asegurado 3. Cualquier miembro de la Junta Directiva o cualquier empleado o dependiente del asegurado, salvo el caso en que los daños hayan sido causados intencionalmente por ellos.
A117: NOMBRAMIENTO DE AJUSTADOR | B117: En caso de siniestro que afecte las pólizas contratadas y en los que a juicio de la aseguradora se deba asignar Ajustador, dichos Ajustadores no podrán ser asignados unilateralmente por la aseguradora, sino bajo los siguientes parámetros: • Sé elegirá una terna de Empresas de Ajustadores nominada por la Entidad y la Aseguradora. • La terna debe corresponder a firmas de Ajustadores con sede principal o sucursal en Pereira, Armena, Manizales o Cali • La escogencia del Ajustador se efectuará de común acuerdo entre la Entidad y la Aseguradora. • El Ajustador deberá ser designado dentro de los tres (3) días hábiles siguientes contados a partir de la fecha del reporte del siniestro. • El Ajustador deberá contactar al Asegurado y efectuar las visitas de rigor dentro de los dos (2) días hábiles siguientes a la fecha de designación, en caso contrario, se designará otro de los integrantes de la terna preseleccionada.
A118: EXTENSION DE COBERTURA PARA BIENES DE PROPIEDAD DE EMPLEADOS | B118: Esta cobertura se extiende a cubrir los daños materiales causados por el asegurado o sus dependientes, contratistas y subcontratistas, a bienes de propiedad de empleados ocasionados dentro ó fuera de los predios del asegurado.
A119: RESPONSABILIDAD CIVIL DEL ASEGURADO FRENTE A FAMILIARES DE LOS TRABAJADORES | B119: Queda expresamente convenido y acordado que para efectos de este seguro se entederán como terceros los familiares del personal del asegurado, siempre y cuando los mismos no tengan relación contractual con la entidad.
A120: NO CONCURRENCIA DE AMPAROS, CLAUSULAS O CONDICIONES | B120: Queda entendido, convenido y aceptado, que si dos o más amparos, cláusulas o condiciones otorgan cobertura a un mismo evento, se indemnizará con base en aquella que ofrezca mayor protección para los intereses del asegurado. De igual manera prevalecerán los amparos, cláusulas o condiciones que otorguen coberturas sobre aquellos que las excluyan. En todo caso y ante cualquier discrepancia sobre cual es el amparo, cláusula o condición aplicable a un caso determinado, se aplicara aquella o aquellas que en conjunto determine el asegurado de acuerdo a su conveniencia.
A121: ADICIONALMENTE LA COMPAÑÍA SERA RESPONSABLE POR: | B121: a.) Todos los gastos y expensas judiciales decretados a favor de cualquier reclamante contra el asegurado. b.) Todos los honorarios de abogado, gastos y expensas judiciales en que haya incurrido el Asegurado, tanto para la etapa de conciliación extrajudicial como para el proceso judicial, con el consentimiento escrito de la compañía para oponerse a cualquier reclamo. c.) Asistencia jurídica en proceso penal y civil (opera por reemobolso) La compañía responderá, aun en exceso de la suma asegurada por los costos del proceso que el tercero damnificado o sus causahabientes promuevan en su contra o la del asegurado, con las salvedades siguientes: • Si la responsabilidad proviene de dolo o esta expresamente señalada en las exclusiones de la póliza. • Si el asegurado afronta el proceso contra orden expresa de la compañía, y • Si la condena por los perjuicios ocasionados a la victima excede la suma que delimita la responsabilidad de la compañía, esta solo responderá por los gastos del proceso en proporción a la cuota que le corresponda en la indemnización
A123: TÉRMINO PARA EL PRONUNCIAMIENTO Y ACEPTACIÓN DE LOS RECLAMOS. | B123: Queda expresamente acordado que la aseguradora se pronunciará sobre la aceptación de los reclamos, máximo dentro de los diez (10) días hábiles siguientes al recibo de la documentación que acredite la ocurrencia y cuantía de los siniestros. En caso contrario se entenderán formalizados los reclamos y aceptado el valor reclamado, de conformidad con la(s) cotización(es) presentada(s) por la Entidad o los asegurados y la Compañía aseguradora deberá proceder al giro de la indemnización en el término establecido para el pago de las indemnizaciones.
A124: COMPROMISO DE LA ASEGURADORA PARA EL PAGO DE LAS INDEMNIZACIONES. | B124: Una vez formalizada la reclamación hasta 10 días hábiles. Queda expresamente convenido y aceptado, que la Aseguradora se compromete a efectuar el pago de la indemnización de los siniestros, dentro de los diez (10) días hábiles siguientes al término previsto para el pronunciamiento y aceptación de los reclamos.
A125: CLAUSULAS PARTICULARES SOLICITADAS :Si la clausula es aceptada anotar una S, si es negada una N o si es aceptada con desviacion, indicar en el formato de desviaciones el texto propuesto.
A126: CLAUSULAS PARTICULARES OPCIONALES REQUERIDAS | C126: S/N/D | D126: PUNTOS
A127: RESPONSABILIDAD CIVIL DERIVADA DE MONTAJES, CONSTRUCCIONES Y OBRAS CIVILES PARA EL MANTENIMIENTO O AMPLIACIÓN DE PREDIOS. | B127: Si. Se otorga sublimite d e$ 1.500.000.000 Se otorgará el mayor puntaje al proponente que ofrezca el mayor límite de cobertura en este amparo. Los demás submites puntuarán de manera proporcional.
A128: RESPONSABILIDAD CIVIL POR ACTOS TERRORISTAS | B128: Sublimite minimo de $1.000.000.000 Se otorgará el mayor puntaje al proponente que ofrezca el mayor límite de cobertura en este amparo. Los demás submites puntuarán de manera proporcional.
A129: AMPARO POR CULPA GRAVE: | B129: No obstante lo establecido en las condiciones particulares y generales de la póliza y sus anexos, por la presente cláusula queda establecido y convenido que la presente póliza se extiende a amparar la culpa grave de los asegurados - Se ampara en los terminos estatuidos en la Ley
A130: AMPARO DE CIMENTACIÓN Y/O ASENTAMIENTO DERRUMBAMIENTO A PROPIEDADES ADYACENTES : | B130: Por el presente anexo y no obstante lo que en contrario se diga en las Condiciones Generales de la Póliza o en sus Anexos, la Aseguradora indemnizara las perdidas patrimoniales que sufra el asegurado por la Responsabilidad Civil en que incurra a consecuencia del deterioro o destrucción de bienes de terceros y/o propiedades adyacentes, así como por los asentimientos y/o derrumbamientos que tales propiedades sufran, en el desarrollo y/o construcción de obras civiles. - En exceso de la cobertura de todo riesgo contrucción.
A131: COBRO POSTERIOR DE DEDUCIBLE: | B131: Se conviene entre las partes y no obstante lo establecido en las condiciones generales de la Póliza y sus anexos, que la Aseguradora, por solicitud expresa del Asegurado no deducirá, ningún porcentaje del valor total de la respectiva indemnización, cuando esta se efectúe a una tercera persona, natural o jurídica, distinta al asegurado, según las cláusulas de pago de indemnizaciones. Igualmente se conviene, que el Asegurado pagará a la Aseguradora con base en la cuenta que se presentará oportunamente y dentro de los TREINTA (30) días contados a partir del recibo de las facturas en sus dependencias, el monto ó porcentaje de la indemnización, correspondiente al deducible que quede a su cargo.
A132: EXTENSION POR ACTOS DE EMPLEADOS : | B132: Se extiende a cubrir la responsabilidad civil extracontractual del asegurado a consecuencia de los actos u omisiones cometidas por los empleados a su servicio, incluidos los temporales, ocasionales transitorios, estudiantes en practica, durante el desempeño de sus funciones dentro de la Republica de Colombia y en el exterior, siendo entendido que todo juicio o demanda deberá ser entablada ante las autoridades competentes colombianas.
A133: NO APLICACION DE DEDUCIBLES EN ARREGLOS TRANSACIONALES: | B133: No obstante las condiciones del deducible de la polzia, por la presente clausula se conviene entre las partes, que en caso de transacion directa o conciliacion, ya sea judicial o extrajudicail, con los terceros afectados que mejore en cualqueir circunstancai el monto de la pretension inicial, el valor que se convenga paga,contmeplara el deducible estipuLado
A134: RECLAMACIONES: | B134: Este seguro se extiende a cubrir el reembolso de cualquier suma que se vea precisado a pagar el asegurado como consecuencia de los actos y omisiones a que se refiere este contrato , en el evento de que la victima, dejando de lado la eventual responsabilidad civil extracontractual que ello podria generar, opte por reclamar o iniciar en contra del asegurado una responsabiliad de tipo contractual.
...

Sheet RC SERVIDORES P
A1: ANEXO Nº 07 (ESPECIFICACIONES TECNICAS SEGURO DE RESPONSABILIDAD CIVIL SERVIDORES PUBLICOS)
A2: TOMADOR | B2: ='RCE '!B7 -> MUNICIPIO DE PEREIRA
A3: ASEGURADO | B3: VER DEFINICION DE ASEGURADO
A4: BENEFICIARIO | B4: TERCEROS AFECTADOS
A5: NIT | B5: ='RCE '!B10 -> 891.480.030-2.
A6: RAMO | B6: RC SERVIDORES PUBLICOS
A7: INTERMEDIARIO: | B7: GONSEGUROS CORREDORES DE SEGUROS S.A.
A8: VIGENCIA | B8: ='RCE '!B13 -> DESDE LAS 00:00 HORAS DEL 19 DE SEPTIEMBRE DE 2025 HASTA LAS 24:00 HORAS DEL 19 DE SEPTIEMBRE DE 2026
A9: CONDICIONES TÉCNICAS BÁSICAS OBLIGATORIAS
A10: OBJETO | B10: Contratar la cobertura de seguro de responsabilidad civil servidores públicos, de conformidad con lo previsto en artículo 43 de la ley 2008 de 2019 y el articulo 46 del decreto 2411 de 2019, disposiciones que autorizan a las entidades estatales la contratación del seguro en los términos allí establecidos. También podrán contratar un seguro de responsabilidad civil para servidores públicos, mediante el cual se ampare la responsabilidad de los mismos por actos o hechos no dolosos ocurridos en ejercicio de sus funciones, y los gastos de defensa en materia disciplinaria, penal y fiscal que deban realizar; estos últimos gastos los podrán pagar las entidades, siempre y cuando exista decisión definitiva que exonere de toda responsabilidad y no sea condenada la contraparte a las costas del proceso. amparar los perjuicios o detrimentos patrimoniales causados a la contraloría general de la república, como consecuencia de decisiones de gestión incorrectas, pero no dolosas, adoptadas y/o ejecutadas o inejecutadas, por los servidores públicos y/o funcionarios con regímenes de responsabilidad similares a los de los servidores públicos, cuyos cargos se relacionan en el presente pliego de condiciones. Al igual que asumir los gastos de defensa (honorarios profesionales de abogados defensores y cauciones judiciales) según los límites por etapas procesales establecidos en este documento, en todo tipo de procesos, incluidos los penales siempre que se trate de delitos no dolosos; civiles; administrativos; iniciados por entes de control (procuraduría, contraloría o similares), investigaciones o procesos internos, o; por cualquier organismo oficial, en los que se discuta la responsabilidad correspondiente a los cargos asegurado.
A11: VALORES ASEGURADOS
A12: PERJUICIOS O DETRIMENTO PATRIMONIAL | B12: 6000000000
A13: GASTOS DE DEFENSA | B13: 1200000000
A14: RELACIÓN DE CARGOS A ASEGURAR | B14: SEGUN FORMULARIO Y RELACION ANEXA
A15: PERJUICIOS O DETRIMENTO PATRIMONIAL. | B15: Ampara los perjuicios o detrimentos patrimoniales causados a la entidad y/o al estado, incluyendo la culpa grave como consecuencia de las decisiones de gestiones incorrectas pero no dolosas, adoptadas y/o ejecutadas o inejecutadas por los servidores públicos y/o funcionarios con regímenes de responsabilidad similares a los de los servidores públicos, cuyos cargos estén amparados en la póliza así mismo, esta cobertura se extiende para amparar los perjuicios por los que los funcionarios asegurados sean responsables por haber cometido algún acto incorrecto respecto del cual se les siga o debiera seguir, un juicio de responsabilidad fiscal de acuerdo con las previsiones de la ley 610 de 2000, así como la acción de repetición o de llamamiento en garantía con fines de repetición, contemplado en la ley 678 de 2001, articulo 90 de la cpc.
A16: GASTOS DE DEFENSA | B16: Mediante esta cobertura se amparan los gastos de defensa (honorarios profesionales de abogados defensores y cauciones judiciales) en materia disciplinaria, penal, fiscal, administrativo (incluidos los de reparación directa), civil (incluidos, los artículos 64 y 65 del código general del proceso y la ley 1564 de 2012), investigaciones disciplinarias internas y en general los incurridos para defenderse en cualquier tipo de investigación o proceso adelantados por organismos oficiales, según los límites por: tipos de procesos y etapas procesales establecidos en este documento. queda expresamente convenido, que dentro de los límites y sublímites de gastos de defensa están considerados los impuestos y gravámenes, ya sean fiscales, tributarios u otros legalmente establecidos, y que por tal motivo formen parte del costo de los servicios de gastos de defensa que sean prestados a los asegurados
A17: DEFINICIÓN DE ASEGURADO: | B17: Se considera asegurado: los administradores de la entidad, cuyos cargos se detallan en el formulario de solicitud adjunto a estos Pliegos de Condiciones. Cuando se dé un cambio de funcionario éste se cubre automáticamente, siempre y cuando el cargo que se ocupe se encuentre en la relación de los cargos asegurados.
A18: MODIFICACIÓN EN LAS LEYES EXISTENTES O INTRODUCCIÓN DE NUEVA LEGISLACIÓN: | B18: La presente póliza otorgará cobertura a los asegurados, frente a la modificación en las leyes existentes o la introducción de nueva legislación en materia penal, disciplinaria o fiscal, sujeto a que las investigaciones o procesos que sean iniciados en virtud de dichas modificaciones legislativas, tengan como finalidad imputar responsabilidad a los asegurados, por acciones u omisiones no dolosas cometidas en calidad de servidores públicos, con ocasión de las funciones propias del cargo asegurado. esta póliza se extiende a cubrir los perjuicios (reales o presuntos), reclamaciones, demandas o investigaciones contra los funcionarios que ocupan los cargos asegurados, cuando ellas individualicen o se dirijan contra un funcionario asegurado. de acuerdo con los términos y condiciones de esta póliza.
A19: SUBLÍMITES BÁSICOS OBLIGATORIOS PARA LA COBERTURA DE GASTOS DE DEFENSA
A20: La propuesta debe contemplar el ofrecimiento de los siguientes sublimites de honorarios profesionales de abogados, los cuales deben operar exclusivamente bajo la modalidad de: por persona y por cada proceso para cada una de de las personas cuyo cargo se encuentre asegurado, precisando que la presente cobertura será efectiva siempre y cuando en la reclamación este individualizado el cargo, la persona, y que la conducta a investigar goce de cobertura.
A21: DEFINICIONES | B21: EL AUTO DE APERTURA DE LA INVESTIGACIÓN O PROCESO, hace referencia al documento mediante el cual se inicia la investigación y se vincula formalmente al asegurado a la misma, según el tipo de proceso este documento puede variar (Según se trate de procesos de responsabilidad fiscal, procesos penales o procesos disciplinario), y en todo caso es indispensable para el análisis de la reclamación. SE ENTIENDE POR NOTIFICACIÓN, la personal (sentencia No. T 684/98 la Corte Suprema) por Edicto, por Estado, por Estrado o por Conducta Concluyente, para esta última no se requiere de certificación alguna de constancia del organismo de control que investiga.
A22: FUNCIONARIO | C22: VALOR LIMITE
A23: ALCALDE | C23: Límite por etapa Persona por Proceso
A24: LIMITE UNICO COMBINADO POR PROCESO, EVENTO Y VIGENCIA | C24: 300000000 | E24: 300000000
A26: DEMAS FUNCIONARIOS | C26: Límite por etapa Persona por Proceso
A27: LÍMITE POR PROCESO | B27: LÍMITE POR PROCESO | C27: 25000000 | E27: 300000000
A28: LÍMITE POR EVENTO | B28: LÍMITE POR EVENTO | C28: 50000000 | E28: 300000000
A29: LIMITE POR VIGENCIA | B29: LIMITE POR VIGENCIA | C29: 150000000 | E29: 300000000
A30: Cauciones judiciales hasta $30.000.000 por evento y $150.000.000 por vigencia.
A31: NOTA: Queda entendido y aceptado que los anteriores valores son los máximos permitidos y se aclara que la compañía de seguros de acuerdo a sus procesos internos técnicos de análisis de cada caso en Concreto podrá realizar ofrecimientos sin sobrepasar lo estipulado en los límites arriba citados.
A32: PROCESOS DE INDAGACIÓN O INVESTIGACIONES PRELIMINARES, Según el tipo de proceso con base en las siguientes definiciones:
A33: DEFINICIÓN PARA PROCESOS FISCALES. LEY 610 DE 2000 | B33: La investigación preliminar para este tipo de procesos es la fase de instrucción comprendida entre la iniciación de una investigación de oficio, por solicitud de las entidades vigiladas, o por denuncias o quejas presentadas por cualquier persona u organización ciudadana, hasta antes de abrirse formalmente el proceso (Artículo 39).
A34: DEFINICIÓN PARA PROCESOS DISCIPLINARIOS. Ley 1952 de 2019, articulo 208 PROCEDENCIA, OBJETIVO Y TRÁMITE DE LA INDAGACIÓN PREVIA.(CÓDIGO GENERAL DISCIPLINARIO) | B34: La indagación preliminar para este tipo de procesos es la fase de instrucción iniciada en caso de duda sobre la identificación o individualización del posible autor de una falta disciplinaria.
A35: DEFINICIÓN PARA PROCESOS PENALES | B35: Sistema Acusatorio (Ley 906 de 2004). Toda la etapa de instrucción adelantada por la Fiscalía de acuerdo con el procedimiento establecido para el sistema penal acusatorio hasta antes del auto de formulación de imputación (art. 286 y s.s.).
A36: DEFINICIÓN PARA PROCESOS ANTE OTROS ORGANISMOS | B36: Toda la etapa de investigación preliminar adelantada contra un servidor público y/o funcionario con responsabilidades similares, adelantada por un organismo oficial, antes de que exista decisión de vinculación definitiva a un proceso.
A37: SISTEMA DE COBERTURA | B37: La presente póliza opera bajo la modalidad de cobertura por reclamación o "claims made" de conformidad con la Ley 389 de 1997. La cobertura de la póliza aplica a: (i) reclamaciones o investigaciones notificadas a los funcionarios asegurado por primera vez durante la vigencia de la póliza; y/o (ii) circunstancias por las que los funcionarios asegurados tengan conocimiento por primera vez durante la vigencia de la póliza, de investigaciones iniciadas o que estarán siendo iniciadas en su contra. La cobertura se circunscribe a hechos que hayan ocurrido dentro del período de retroactividad de la póliza. Los hallazgos o circunstancias en averiguación que no individualicen ningún funcionario o cargo asegurado no se considerarán, para efectos de la póliza, como hechos conocidos que puedan dar lugar a una reclamación aplicable bajo el presente seguro sino hasta el momento que sea vinculado el funcionario(s) formalmente a alguna investigación o indagación preliminar. En consecuencia, en caso de que estos hechos se materialicen posteriormente en una reclamación, no se consideraran hechos excluidos aun cuando no hubiesen sido reportados a la aseguradora. Así mismo queda expresamente acordado y convenido que la aseguradora acepta bajo los mismos términos, las condiciones del sistema de cobertura aquí definidas y en caso de existencia de textos, cláusulas o condiciones contenidas en la propuesta o indicadas en el ejemplar de las condiciones generales de la póliza u otro documento, en contradicción con lo dispuesto en esta cláusula, se entenderán por no escritas.
A38: DEFINICIÓN DE EVENTO | B38: Se entiende por evento toda circunstancia que pueda derivar en una o varias reclamaciones o procesos, aun cuando sean adelantados por autoridades distintas, siempre que provengan de una misma causa y aun cuando estén involucrados varios funcionarios asegurados. Para efectos de determinar la cobertura bajo la póliza, de acuerdo con la Modalidad de Cobertura aquí definida, queda entendido y acordado que todas las investigaciones y procesos que surjan con posterioridad a dicha notificación efectuada por primera vez, deberán ser atendidas por la misma póliza que conoció de aquella primera reclamación debidamente notificada durante la vigencia de la póliza.
A39: PERIODO DE RETROACTIVIDAD 01 DE ENERO DE 2008 | B39: Se cubren hechos ocurridos desde la fecha de retroactividad otorgada y notificada durante la vigencia que no hayan sido notificados por el asegurado antes del inicio de la vigencia. considerando que la cobertura opera sobre esta base.
A40: LA POLIZA | B40: Que se ofrezca puede tener cualquier nombre comercial, pero es indispensable que su clausulado se adecue a la naturaleza juridica de la entidad asegurada, como entidad estatal. De no contemplar esta caracteristica, la propuesta de esta poliza no sera admitida.
A41: JURISDICCIÓN Y LIMITACIÓN TERRITORIAL | B41: Colombia. Aplica la legislación Colombiana.
A42: AMPARO AUTOMÁTICO PARA FUNCIONARIOS PASADOS, PRESENTES Y FUTUROS: | B42: Queda expresamente acordado que bajo la presente póliza se amparan los funcionarios que desempeñan los cargos asegurados, señalados en el formulario de solicitud y los que en el futuro llegaren a ocupar los cargos amparados, los cuales se cubren en forma automática, sin que se requiera aviso de tal modificación; así mismo se amparan los funcionarios que hayan ocupado los cargos durante el periodo de retroactividad aplicable a esta póliza.
A43: HOMOLOGACIÓN DE CARGO: | B43: Se ampara automáticamente sin cobro e prima en la póliza la homologación de cargos (cambios de la denominación de los cargos) que en cualquier momento se efectué en la entidad asegurada siempre y cuando desempeñen las mismas o similares funciones a las antiguas denominaciones.si durante la vigencia de la póliza se producen eliminación de cargos asegurados, cambio de denominación en los cargos asegurados, cambios de dependencias de los cargos asegurados, o cambios de funciones en los cargos asegurados, los cargos originales mantendrán la cobertura otorgada bajo las condiciones de la póliza que estaba vigente en su momento, la entidad deberá a manera de información avisar de los cambios efectuados en los cargos de la entidad sin que esto afecte para a cobertura de la póliza dentro de los ciento veinte (120) días siguientes a que se presente la modificación, sin que esto afecte o modifique la cobertura y/o condiciones de la póliza.
B44: Queda expresamente acordado, que este seguro ampara las funciones establecidas para los cargos amparados, independiente del funcionario que las desempeñe, siempre y cuando la asignación de funciones se surta conforme el trámite de asignación de las mismas establecidas por la entidad.
A45: AMPARO DE RESPONSABILIDAD DE LOS FUNCIONARIOS ASEGURADOS QUE SE TRANSMITA POR MUERTE, INCPACIDAD, INHABILITACIÓN O INSOLVENCIA. | B45: Se ampara la responsabilidad de los funcionarios asegurados que se transmita por muerte, incapacidad, inhabilitación o insolvencia.
A46: APLICACIÓN DE LAS DISPOSICIONES DEL CÓDIGO DE COMERCIO: | B46: Las reglas aplicables a los seguros en general y los principios, normas y reglas aplicables a los seguros de daños y responsabilidad civil serán aplicables, salvo disposición en contrario, al seguro objeto de esta contratación.
A47: NO APLICACIÓN DE TARIFAS DE COLEGIOS DE ABOGADOS: | B47: No aplicación de tarifa de colegios de abogados u otro criterio similar, para limitar y/o aceptar la propuesta de los honorarios de abogados, presentada por la entidad tomadora, los funcionarios que ésta designe o los asegurados.
A48: LIBRE ESCOGENCIA DE ABOGADOS PARA LA DEFENSA: | B48: Mediante esta condición, queda expresamente acordado que la selección de los profesionales encargados de la defensa corresponderá a la entidad tomadora, los funcionarios que ésta designe o los asegurados; quienes para su aprobación presentarán a la compañía la propuesta correspondiente, incluidos los impuestos y gravámenes, ya sean fiscales, tributarios u otros legalmente establecidos, y que por tal motivo formen parte del costo de los servicios de gastos de defensa.
A49: PLAZO PARA LA ACEPTACIÓN DE GASTOS JUDICIALES Y/O COSTOS DE DEFENSA: | B49: Mediante esta condición, queda expresamente acordado que la aseguradora se pronunciará sobre la cotización de honorarios del abogado, gastos judiciales y/o costos de defensa (incluidos los impuestos, gravámenes u otros legalmente establecidos); en la brevedad posible y máximo dentro de los QUINCE (15) días hábiles siguientes al recibo de la documentación que acredite los mismos. en caso contrario se entenderán aceptados los honorarios de abogado, de conformidad con la(s) cotización(es) presentada(s) por la entidad asegurada o los funcionarios que esta designe o los asegurados.
A50: GASTOS DE DEFENSA EN ACTOS RELACIONADOS CON LA INCORRECTA CONTRATACIÓN DE SEGUROS | B50: Mediante esta condición, queda expresamente acordado que la aseguradora reconocerá los gastos defensa que se generen con osación de procesos apertudados por la mala o deficiente contratación de seguros. Con límite de $15.000.000 persona/proceso; $100.000.000 por evento y $200.000.000 por vigencia.(opera com parte del valor asegurado)
A51: COBERTURA DE ACCIÓN DE REPETICIÓN: | B51: Cubre los perjuicios por los que el asegurado resulte responsable en razón de actuaciones culposas realizadas dentro del ejercicio de sus funciones de su cargo, respecto de las cuales se le siga o debiera seguir una acción de repetición o llamamiento en garantía con fines de repetición por culpa grave, al tenor de la ley 678 de 2001 y concordantes, incluyendo los gastos de defensa.
A52: COBERTURA PARA CULPA Y FALTAS GRAVÍSIMAS: | B52: Se otorga únicamente gastos de defensa para atender investigaciones disciplinarias conforme al código único disciplinario. esta cobertura no implica el amparo de la culpa gravísima o dolo bajo ninguna circunstancia.
A53: COBERTURA PARA CULPA GRAVE: | B53: Queda entendido, convenido y aceptado que se amparan las reclamaciones presentadas contra las personas aseguradas, aun cuando el acto incorrecto generador de responsabilidad civil, se deba a una culpa grave, negligencia o falta de diligencia grave del asegurado siempre y cuando el acto no cuente con calificación dolosa.
A54: ANTICIPO DE INDEMNIZACIÓN PARA EL PAGO DE HONORARIOS DEL 50%: | B54: Mediante la presente cláusula queda expresamente convenido y aceptado, que en caso de siniestro la aseguradora anticipará pago del 50% del valor de los gastos de defensa (no podrá hacer ofrecimientos menores a este porcentaje), excepto para los procesos penales que operarán bajo la modalidad de reembolso; con base en la cotización de honorarios profesionales presentadas a la compañía aseguradora por la entidad tomadora o los funcionarios designados por ésta o los asegurados y aprobada de acuerdo con lo establecido en la clausula de aceptación de gastos judiciales y/o costos de defensa. para tal efecto, la aseguradora igualmente se compromete al pago del anticipo, dentro de los QUINCE (15) días hábiles siguientes a la conclusión del término previsto en la cláusula de aceptación de gastos judiciales y/o costos de defensa. así mismo se acuerda que el pago del saldo del 50%, lo efectuará la aseguradora con la presentación del fallo definitivo de la autoridad competente, acompañado de las actuaciones surtidas por parte de asegurado en el proceso y la autorización del funcionario asegurado.
A55: CONVENIO PARA EL PLAZO DEL PAGO DE LA PRIMA | B55: No obstante cualquier estipulación en contrario, por la presente cláusula se deja establecido que, de acuerdo con lo estipulado en el artículo 81 de la Ley 45/90 y la Resolución numero 03750 de Diciembre 31/74 de la Superintendencia Financiera, las partes contratantes convienen que las primas causadas por el presente Contrato de seguros y los Certificados o Anexos que se emitan en aplicación al mismo serán pagadas por el asegurado dentro de los noventa (90) días a partir de la fecha en que el respectivo documento sea recibido en sus oficinas, directamente por la Aseguradora y/o por el intermediario de seguros, quien deberá certificar haber recibido a satisfacción las respectivas pólizas en las condiciones contratadas; Si las pólizas no han sido correctamente elaboradas, el término para el pago solo empezará a contarse desde la fecha en que se presenten en debida forma. La demora en el pago originada por la presentación incorrecta de los documentos requeridos será responsabilidad del contratista y no tendrán por ello derecho al pago de intereses o compensación de ninguna naturaleza o a la aplicación de la terminación del contrato por mora en el pago de la prima.
A56: REVOCACIÓN, NO RENOVACIÓN O MODIFICACIONES DE LA PÓLIZA Y SUS ANEXOS | B56: La Aseguradora deberá dar aviso por escrito al ASEGURADO, con una anticipación de noventa (90) días en caso que decida modificar, revocar o no renovar esta póliza y/o alguno de sus amparos adicionales o modificar cualquiera de sus condiciones. En caso de revocación la aseguradora devolverá al asegurado, la proporción de prima correspondiente al tiempo que falte para el vencimiento de la Póliza, liquidada a prorrata.
... A68: EXCLUSIONES: | B68: Queda expresamente convenido y aceptado que la oferta de la aseguradora para el presente seguro, contempla única y exclusivamente las exclusiones, abajo estipuladas. De conformidad con lo anterior, las exclusiones abajo señaladas corresponden a las únicas aplicables en la oferta del presente seguro y la póliza que se expida; quedando expresamente señalado y acordado que la compañía acepta que las exclusiones contenidas o indicadas en el ejemplar de las condiciones generales de la póliza u otro documento que se emita en aplicación a la misma se entenderán como no escritas.
B69: A. EXCLUSIÓN DE PAGOS Y GRATIFICACIONES: se excluyen reclamaciones tendientes a obtener el pago o devolución de ninguna suma, remuneración o dadiva otorgada, pagada o entregada por los funcionarios asegurados a terceros, cuando dicho pago sea considerado indebido, improcedente o ilegal, así como cualquier tipo de ventajas, beneficios o retribuciones otorgadas a favor de los funcionarios asegurados con cargo de la entidad tomadora que sea contrario a las disposiciones legales que rigen la actividad de la entidad tomadora.
B70: B. EXCLUSIÓN DE RIESGOS NUCLEARES: No se ampara ninguna reclamación de responsabilidad por pérdida, daño, gasto o similar, ocasionado directa o indirectamente por las siguientes causas, y sin importar su relación con cualquier otra causa o evento que contribuya directamente o de cualquier otra forma a la pérdida: reacción nuclear o radiación, o contaminación radioactiva (sin importar como haya sido originada), incluyendo pero sin limitarse al incendio directo o indirectamente por una reacción nuclear o radiación, o contaminación radioactiva.
B71: C. EXCLUSIÓN DE DAÑOS MATERIALES / LESIONES PERSONALES: No se ampara ninguna reclamación de responsabilidad por daños materiales causados por los funcionarios asegurados ó la entidad a propiedades de terceros ni por lesiones personales y/o muerte causada a terceros sin importar si la misma ha sido o no causada por los funcionarios asegurados; cuyos riesgos son propios de aseguramiento bajo seguro de responsabilidad civil extracontractual.
B72: D. EXCLUSIÓN DE PÉRDIDAS PROVENIENTES DIRECTA O INDIRECTAMENTE DE LAVADO DE DINERO: Se excluye cualquier responsabilidad legal derivada directa o indirectamente de ó como resultado de ó en conexión con cualquier acto o actos (o supuesto acto o actos) de lavado de dinero o cualquier acto o actos (o supuesto acto o actos) los cuales forman parte de y/o constituyen un delito o delitos bajo cualquier legislación de lavado de dinero (o cualquier disposición y/o normas o regulaciones establecidas por cualquier cuerpo regulador o autoridad). LAVADO SIGNIFICA: a) el encubrimiento, o disfraz, o conversión, o transferencia, o traslado de la propiedad delictiva, (inclusive encubriendo o disfrazando su naturaleza, fuente, ubicación, disposición, movimiento o propiedad o cualquier derecho relacionado con ella). b) el tomar parte en o favorecer en cualquier forma relacionada con un arreglo que es conocido o sospechoso para facilitar (por cualquier medio) la adquisición, retención, uso o control de la propiedad delictiva por o en nombre de otra persona. c) la adquisición, uso o posesión de la propiedad delictiva. d) cualquier acto que constituya una tentativa, conspiración o incitación para cometer cualquier acto o actos mencionados en los literales anteriores a), b) ó c). e) cualquier acto que constituya ayudar, incitar, asesorar o facilitar la comisión de cualquier acto o actos mencionados en los literales anteriores a), b) ó c).
B73: E. EXCLUSIÓN DE RESPONSABILIDAD CIVIL PROFESIONAL: esta cobertura no se extiende para amparar ninguna reclamación que tenga su causa, sea consecuencia de, o de cualquier forma esté relacionada directa o indirectamente con la prestación de un servicio de carácter profesional, de manera independiente a sus funciones de gestión o administración.
B74: F. EXCLUSIÓN DE RECLAMOS POR EVENTOS GENERADO A CONSECUENCIA DE RIESGOS ASEGURABLES BAJO LOS SEGUROS DE DAÑOS: Queda acordado que la aseguradora no será responsable por las reclamaciones que se efectúen en contra de los funcionarios que desempeñan los cargos asegurados, como consecuencia de las pérdidas o daños que sufran los bienes asegurables de la entidad y cuyos riesgos son objeto de aseguramiento bajo seguros de daños.
B75: G. EXCLUSIÓN DE PÉRDIDAS O DAÑOS POR DEPRECIACIÓN, PÉRDIDAS DE INVIERSIONES, RESULTADOS DE FLUCTUACIONES EN LOS MERCADOS FINANCIEROS, OTORGAMIENTO DE CRÉDITOS Y RECUPERACIÓN DE CARTERA. | C75: A) basada en, surgida de, directa o indirectamente resultante de, o como consecuencia de, o de cualquier manera relacionada con, cualquier negocio, tanto real como supuesto, y de cualquier naturaleza, cuyo objetivo sea el de afectar el precio de, o negociar, las acciones y/o obligaciones de cualquier compañía, o de cualquier producto alimenticio, o materia prima, o mercadería o divisa o cualquier instrumento negociable, a menos que dicho negocio se hubiera llevado a cabo de acuerdo con las leyes, reglas y reglamentos aplicables al mismo;
C76: B) basada en, surgida de, directa o indirectamente resultante de, como consecuencia de, o de cualquier manera relacionada con, cualquier alegato de que cualquier asegurado que se hubiese beneficiado inoportunamente negociando valores bursátiles como consecuencia de información de la que no dispusieran otros vendedores y compradores de dichos valores;
C77: C) formulada por, o por cuenta de, cualquier cliente de la entidad tomadora o de los asegurados como consecuencia de la inversión en, gestión de, o consejos relacionados con, cualquier patrimonio, fundación, fidecomiso o propiedad;
C78: D) surgida única y exclusivamente de la depreciación o pérdida sufrida por cualquier inversión cuando dicha depreciación o pérdida sea el resultado de cualquier fluctuación de cualquier mercado financiero, de valores, mercaderías o cualesquiera otros mercados cuando tal fluctuación esté fuera del control o influencia de los asegurados.
C79: E) surgida única y exclusivamente del hecho de que los valores o mercaderías o inversiones no produzcan los resultados representados o esperados.
C80: F). exclusión de multas o sanciones penales o administrativas impuestas a la entidad tomadora o a los funcionarios asegurados, contribuciones.
B81: H. EXCLUSIÓN DE MULTAS O SANCIONES PENALES O ADMINISTRATIVAS IMPUESTAS A LA ENTIDAD TOMADORA O A LOS FUNCIONARIOS ASEGURADOS, CONTRIBUCIONES POLÍTICAS Y DONACIONES: Queda acordado y convenido que esta cobertura no se extiende para amparar ninguna reclamación proveniente de o que contribuya de alguna manera al reconocimiento por parte de los funcionarios asegurados de donaciones o contribuciones políticas o de cualquier otra naturaleza que no sean contempladas por la ley o los estatutos de la entidad. Queda acordado y convenido que esta cobertura no se extiende para amparar ninguna reclamación proveniente de o que contribuya de alguna manera al reconocimiento por parte de los funcionarios asegurados de donaciones o contribuciones políticas o de cualquier otra naturaleza que no sean contempladas por la ley o los estatutos de la entidad.
B82: I. EXCLUSIÓN DE AVALES O GARANTÍAS PERSONALES OTORGADAS POR LOS FUNCIONARIOS ASEGURADOS: Sujeto a los demás términos y condiciones de esta póliza, queda acordado y convenido que esta cobertura no se extiende para amparar ninguna reclamación efectuada en contra de los funcionarios asegurados como consecuencia de avales o garantías ofrecidas a titulo personal y que no correspondan a las actuaciones propias de su cargo.
B83: J. EXCLUSIÓN DE DAÑOS O PERDIDAS NO RELACIONADAS CON EL DESEMPEÑO DE SUS FUNCIONES:No se ampara los daños o perdidas ocasionadas por incurrir el funcionario asegurado en faltas, errores u omisiones no directamente relacionadas con el desempeño de las funciones propias de su cargo, bien sea que las mismas constituyan o no faltas disciplinarias. adicionalmente se excluyen las reclamaciones generadas por o resultantes del incumplimiento de cualquier obligación de carácter contractual adquirida por los funcionarios asegurados, distintas de las inherentes a las responsabilidades de administración, adquiridas en su carácter de servidor público.
B84: K. EXCLUSIÓN DE ASBESTO: Se excluyen los daños causados por asbesto en estado natural o por sus productos, así como los daños resultantes de operaciones y actividades que impliquen exposición a fibras de amianto, además, daños originados directa o indirectamente por contaminación, filtración o polución de cualquier clase del medio ambiente, por otras alteraciones perjudiciales del agua, aire, suelo, subsuelo o por ruido.
B85: L. EXCLUSIÓN DE GUERRA: Se excluye la pérdida o daño causados por guerra, invasión, actos de enemigo extranjero, hostilidades u operaciones bélicas (exista o no declaración de guerra), guerra civil insurrección, rebelión, revolución, huelga, insurrección, conmoción civil, golpe de estado civil o militar, ley marcial asonada o confiscación o destrucción por cualquier acto de autoridad gubernamental o pública legítimamente constituida.
B86: M. EXCLUSIÓN RELATIVA A PENSIONES: Se excluyen las reclamaciones relativas a pensiones, participación en beneficios o programas de beneficios, establecidos en todo o parte a favor de los servidores públicos asegurados de la entidad, así como lo relacionado con prestaciones sociales
B87: N. EXCLUSIÓN DE ACOSO SEXUAL: Queda acordado que la aseguradora no será responsable por reclamaciones que se efectúen en contra de los funcionarios asegurados por acoso sexual independientemente del lugar o circunstancias donde se ejerce, ya sea en lugares públicos y de trabajo. por acoso sexual se entiende: cualquier tipo de acercamiento o presión de naturaleza sexual tanto física como verbal, no deseada por quien la sufre, que surge de la relación laboral, comercial o de cualquier otra índoles y que da como resultado un ambiente de trabajo hostil, un impedimento para hacer las tareas y/o un condicionamiento de las oportunidades de ocupación de la persona perseguida
B88: P. EXCLUSIÓN DE DEMANDAS DE TIPO LABORAL: Queda acordado que la aseguradora no será responsable por las investigaciones en contra de los funcionarios asegurados como consecuencia de decisiones de gestión relacionadas con asuntos de carácter laboral que se inicien durante la vigencia de la póliza contra cualquier funcionario asegurado ni las que tengan por objeto el reconocimiento de salarios, prestaciones, indemnizaciones o demás retribuciones o compensaciones de carácter económico emanadas de un contrato de trabajo. No obstante los términos de la exclusion antes indicada, queda expresamente acordado y expresado que esta póliza ampara los costos y gastos de defensa, según las condiciones establecidas en la normatividad legal señalada en el objeto del seguro, por cualquiera de los eventos DE DEMANDAS DE TIPO LABORAL
B89: Q. EXCLUSIÓN DE TERRORISMO: 1) guerra civil o internacional sean estas declaradas o no, invasión, actos de enemigos extranjeros, hostilidades u operaciones bélicas o similares (sin perjuicio de que la guerra haya sido o no declarada), huelga, paros patronales, actos malintencionados de terceros, rebelión, revolución, insurrección, o conmoción civil alcanzando la proporción de, o llegando a constituirse en un levantamiento, poder militar o usurpado. 2) cualquier acto de terrorismo incluyendo, pero no limitado al uso de fuerza o violencia y/o la amenaza de la misma, dirigidos a, o que causen daño, lesión, estrago, interrupción o comisión de un acto peligroso para la vida humana o propiedad, realizado en contra de cualquier persona, propiedad o gobierno, con objetivo establecido o no establecido, de perseguir intereses económicos, étnicos, nacionalistas, políticos, raciales o intereses religiosos, así tales intereses sean declarados o no.
B90: R. EXCLUSIÓN DE DAÑO MORAL, PERJUICIOS A LA REPUTACIÓN, TALES COMO: Injuria, calumnia, violación de intimidad, propiedad intelectual, desequilibrio emocional
B91: S. CLÁUSULA DE EXCLUSIÓN DE PÉRDIDAS Y DATOS CIBERNÉTICOS 1. No obstante, cualquier disposición contraria en esta póliza o cualquier suplemento a la misma, se excluye cualquier: 1.1 Pérdida cibernética. 1.2 Pérdida, daño, responsabilidad, reclamación, coste, gasto de cualquier naturaleza causado directa o indirectamente por, contribuido por, resultante de, que surja o esté relacionado con cualquier pérdida de uso, reducción de la funcionalidad, reparación, reemplazo, restauración o reproducción de cualesquiera datos, incluyendo cualquier cantidad relacionada con el valor de dichos datos, independientemente de cualquier otra causa o evento que contribuya simultáneamente o en cualquier otra secuencia. 2. En el caso que cualquier parte de esta cláusula fuera considerada inválida o inaplicable, el resto permanecerá en pleno vigor y efecto. 3. Esta cláusula reemplaza y, si entra en conflicto con cualquier otra disposición de la póliza o cualquier suplemento que tenga relación con la pérdida cibernética o los datos, reemplaza esa disposición. DEFINICIONES A. PÉRDIDA CIBERNÉTICA: Cualquier pérdida, daño, responsabilidad, reclamación, coste o gasto de cualquier naturaleza que directa o indirectamente sea causado o aportado por, resulte o surja de, o esté en conexión con un acto cibernético o un incidente cibernético incluyendo, pero sin limitarse a cualquier acción tomada con el fin de controlar, prevenir, suprimir o remediar cualquier acto cibernético o incidente cibernético. B. ACTO CIBERNÉTICO: Acto o serie de actos no autorizados, malintencionados o delictivos, sin consideración del tiempo y espacio, o la amenaza o engaño relacionados con el acceso, procesamiento, uso u operación de cualquier sistema informático. C. INCIDENTE CIBERNÉTICO: Todo error u omisión o serie de errores u omisiones relacionados con el acceso, procesamiento, uso u operación de cualquier sistema informático; o Cualquier indisponibilidad o fallo parcial o total o serie de indisponibilidades o fallos parciales o totales para acceder, procesar, usar u operar cualquier sistema informático. D. SISTEMA INFORMÁTICO: Cualquier ordenador, hardware, software, sistema de comunicación, equipo electrónico (incluyendo pero sin limitarse a teléfonos inteligentes, laptops, tablets, dispositivos portátiles), servidor, nube o microcontrolador incluyendo cualquier sistema similar o configuración de lo antes mencionado e incluyendo asimismo toda entrada y salida, dispositivo de almacenamiento de datos, equipo de redes o instalaciones de copias de respaldo, de propiedad u operadas por el asegurado o cualquier otra parte. E. DATOS: Información, hechos, conceptos, código o cualquier otra información de cualquier naturaleza registrada y transmitida en cualquier forma para ser usada, accedida, procesada, transmitida o almacenada por un sistema informático.
A92: CLAUSULAS PARTICULARES OPCIONALES REQUERIDAS | E92: S / N / D | F92: PUNTOS
A93: RESTABLECIMIENTO AUTOMÁTICO DE VALOR ASEGURADO POR PAGO DE SINIESTRO | B93: En caso de siniestro el límite asegurado se rebajará en la suma indemnizada a partir de la fecha en que se efectúe el pago y se restablecerá automáticamente a su límite inicial y el Asegurado pagará la prima adicional correspondiente a prorrata. Está cláusula tiene aplicación en cualquier época, aún en aquellos casos en que la indemnización se efectúe posteriormente a la terminación de la vigencia afectada por la reclamación.
A94: SILENCIO ADMINISTRATIVO POSITIVO | B94: Por la presente cláusula queda establecido y convenido que la Aseguradora se compromete a indemnizar los perjuicios causados a terceros, a los socios y a la empresa de servicios públicos, provenientes de la responsabilidad civil de los administradores originada en cualquier reclamación iniciada por primera vez contra los asegurados durante la vigencia de la póliza, por la declaratoria del silencio administrativo positivo en contra de la empresa de servicios públicos, derivada de todo acto culposo o culpa grave real o presunta cometida por los administradores, de acuerdo con la resolución 365 del 4 de Julio de 1995, expedida por la Superintendencia de Servicios Públicos y demás disposiciones legales que la modifiquen o complementen.
A95: ACCIÓN SOCIAL DE RESPONSABILIDAD CIVIL | B95: Queda establecido y convenido por la presente cláusula que la aseguradora indemnizará a la Entidad cuando se produzca una condena contra el ó los administradores como consecuencia de la acción instaurada con base en el artículo 25 de la Ley 222 de 1995.
A96: SOCIEDAD TOMADORA | B96: Por la presente cláusula queda establecido y convenido que la presente póliza ampara la totalidad de los gastos procesales y de defensa en los casos en los que la reclamación se haga también contra EL ASEGURADO sin exceder del límite asegurado pactado en la póliza.
A97: GASTOS DE DEFENSA EN PROCESOS PENALES Y ADMINISTRATIVOS | B97: Ampara los costos procesales y gastos de defensa en que incurra el Asegurado como consecuencia de procesos penales y de investigaciones adelantadas por organismos oficiales, así como los que surjan de la defensa de las sanciones impuestas por dichos organismos, Los costos y gastos derivados de los procesos penales se deben pagar sin condicionamiento alguno referente a la inocencia del asegurado y la cobertura no se limita hasta el fallo de primera instancia.
A98: GASTOS POR ACCIONES SINDICALES | B98: Se conviene entre las partes y no obstante lo establecido en las condiciones generales de la Póliza y sus anexos, que la Aseguradora cubrirá los gastos que se generen por los honorarios de mediadores que traten de apaciguar la huelga o conflictos con los empleados del ASEGURADO, generado a causa de una acción del Directivo.
A99: RECLAMACIÓN DIRECTA | B99: Indemnización si fallo de Responsabilidad Fiscal. Se debe presentar acta de inicio de la investigación e instaurar denuncia penal en contra del empleado.
A100: COSTOS Y GASTOS DERIVADOS DE LOS PROCESOS PENALES | B100: Por medio de la presente cláusula, se conviente que la Asegureadora pagará los costos y gastos derivados de unprcoes penal sin condicionamiento alguno referente a la inocencia del asegurado y la cobertura no se limita hasta el fallo en primera instancia
A101: ARREGLOS TRANSACIONALES EN RECLAMACIONES POR RESPONSABILIDAD CIVIL | B101: No obstante las condiciones del deducible de la polIza, por la presente clausula se conviene entre las partes, que en caso de transacion directa o conciliacion, ya sea judicial o extrajudicial con los terceros afectados, que mejore en cualquier circunstancia el monto de la pretension inicial, el valor que se convenga se debe distribuir proporcionalmente entre la compania ASEGURADORA y el ASEGURADO, tomando como base el porcentaje qiue representa el deducible de la poliza del valor inicial de las pretensiones y este mismo porcentaje se aplicara al monto a pagar para obtener la parte que le corresponda EL ASEGURADO.
A102: RECLAMACIONES | B102: Este seguro se extiende a cubrir el reembolso de cualquier suma que se vea precisado a pagar el asegurado como consecuencia de los actos y omisiones a que se refiere este contrato , en el evento de que la victima, dejando de lado la eventual responsabilidad civil extracontractual que ello podria generar, opte por reclamar o iniciar en contra del asegurado una responsabiliad de tipo contractual.
A103: BONO DEL 10% EN CASO DE NO RECLAMACION.
A104: DENTRO DE LA DEFINICION DE SOCIEDAD SE AMPARAN LAS SUBORDINADAS ADQUIRIDAS, FUSIONADAS, ESCINDIDAS O CREADAS CON POSTERIORIDAD A LA ENTRADA EN VIGENCIA DE LA POLIZA
A105: AMPARO DE DIRECTORES MIEMBROS DE JUNTA DIRECTIVA | B105: Queda expresamente declarado y convenido que la poliza debera cubrir las perdidad que resulten de o se causen por actos dolosos o delictuosos de cualquier director o miembro de "junta directiva"" del asegurado cuando este ejerciendo o desempenando funciones comprendidas dentro del ambito de deberes y obligaciones de los "empleados o Trabajadores"del asegaurado o mientras que este actuando como miembro de cualquier comite, comision, o junta con funciones directivas especificas.
A106: USO Y CONTROL DE NUEVOS PREDIOS Y EMPLEADOS | B106: Por medio de la presente clausula se aclara que caso que a traves de funciones, compra o cualesquiera otros negocios similares, el asegurado llegare a tener el uso control de nuevos predios o que algunas personas llegaren a ser, en los mismo eventos empleado del asegurado, el amparo de la presente poliza se extiende en relacion con tales predios y empleados.
A107: HONORARIOS DE ABOGADOS, COSTAS Y GASTOS PERSONALE | B107: Queda expresamente declarado y convenido que la poliza contempla el reconocimiento en excesos de los limites pactados para los distintos amparos, los gastos en que por este concepto incurra el asegurado de acuerdo con la costumbre tarifaria de este tipo de negocios juridicos.,
A108: DEDUCIBLES OBLIGATORIOS: SIN DEDUCIBLE

Sheet RELACIÓN CARGOS
A1: ANEXO 07 A RELACION CARGOS ASEGURADOS
A3: NO. | B3: CARGO | C3: CODÍGO | D3: GRADO | E3: NUMERO DE CARGOS
A4: 1 | B4: Alcalde | C4: 5 | E4: 1
A5: 2 | B5: Secretarios de Despacho | C5: 20 | D5: 8 | E5: 16
A6: 3 | B6: Subsecretarios de Despacho | C6: 45 | D6: 4 | E6: 8
A7: 4 | B7: Directores Técnicos | C7: 9 | D7: 4 | E7: 3
A8: 5 | B8: Directores Técnicos | C8: 9 | D8: 2 | E8: 1
A9: 6 | B9: Directores Administrativos | C9: 9 | D9: 4 | E9: 6
A10: 7 | B10: Directores Operativos | C10: 9 | D10: 4 | E10: 24
A11: 8 | B11: Asesor | C11: 105 | D11: 5 | E11: 1
A12: 9 | B12: Asesor | C12: 105 | D12: 2 | E12: 1
A13: 10 | B13: Asesor | C13: 115 | D13: 5 | E13: 1
A14: 11 | B14: Jefe de Oficina | C14: 6 | D14: 2 | E14: 8
A15: 12 | B15: Jefe de Oficina Asesora | C15: 115 | D15: 5 | E15: 1
A16: 13 | B16: Almacenista General | C16: 215 | D16: 4 | E16: 1
... A18: 15 | B18: Profesional Especializado | C18: 222 | D18: 8 | E18: 43
A19: 16 | B19: Profesional Universitario | C19: 219 | D19: O3 | E19: 2
A20: 17 | B20: Profesional Universitario | C20: 219 | D20: 4 | E20: 72
A21: 18 | B21: Profesional Universitario | C21: 219 | D21: 5 | E21: 3
A22: 19 | B22: Corregidor | C22: 227 | D22: 7 | E22: 12
A23: 20 | B23: Inspector de Policía | C23: 233 | D23: 7 | E23: 21
A24: 21 | B24: Comisario de Familia | C24: 202 | D24: 10 | E24: 5
A25: 22 | B25: Comisario de Familia Nocturno | C25: 202 | D25: 10 | E25: 2
A26: TOTAL CARGOS | E26: =SUM(E4:E25) -> 233

Sheet CYBER
A1: ANEXO No 08 ESPECIFICACIONES TECNICAS SEGURO DE RESPONSABILIDAD CIVIL RIESGOS CIBERNETICOS - CYBER
A2: TOMADOR: | B2: ='RC SERVIDORES P'!B2 -> MUNICIPIO DE PEREIRA
A3: ASEGURADO: | B3: =B2 -> MUNICIPIO DE PEREIRA
A4: BENEFICIARIO: | B4: =B3 -> MUNICIPIO DE PEREIRA
A5: NIT: | B5: ='RC SERVIDORES P'!B5 -> 891.480.030-2.
A6: RAMO | B6: RESPONSABILIDAD CIVIL RIESGOS CIBERNETICOS - CYBER
A7: INTERMEDIARIO | B7: GONSEGUROS CORREDORES DE SEGUROS S.A.
A8: VIGENCIA: | B8: ='RC SERVIDORES P'!B8 -> DESDE LAS 00:00 HORAS DEL 19 DE SEPTIEMBRE DE 2025 HASTA LAS 24:00 HORAS DEL 19 DE SEPTIEMBRE DE 2026
A9: CONDICIONES TECNICA BASICAS OBLIGATORIAS
A10: Cubrir las pérdidas patrimoniales y Gastos de Defensa por la eventual responsabilidad de la entidad por pérdidas o daños ocasionados a terceros, y por los daños o pérdidas a sus propios bienes e intereses, derivados de situaciones de riesgo en el manejo de información, que son objeto de la cobertura de la póliza, dentro y fuera del Territorio nacional. Se precisa que la compañía de seguros conoce el riesgo con base en lo declarado por el asegurado en el formulario de declaración del riesgo aportado al presente proceso.
A11: LÍMITE ASEGURADO | E11: $ 3,000.000.000 Evento/Vigencia
A12: AMPAROS BÁSICOS
A13: RESPONSABILIDAD CIVIL POR FALLAS EN EL TRATAMIENTO DE LOS DATOS PERSONALES | B13: La aseguradora se compromete a indemnizar los perjuicios por los que sea responsable el asegurado por una falla en el tratamiento de datos (violación de información personal) ya sea real o presunta, la cobertura debe operar independientemente del medio de fuga, siempre y cuando afecte lo que califica como datos personales y que el medio de fuga o violación de la seguridad de datos debe estar enmarcada en el objeto de cobertura.
A14: RESPONSABILIDAD CIVIL POR DATOS CORPORATIVOS | B14: La aseguradora se compromete a indemnizar los perjuicios por los que sea responsable por la violación de la información corporativa ya sea real o presunta, la cobertura debe operar independientemente del medio de fuga, siempre y cuando afecte lo que califica como datos corporativos y que el medio de fuga o violación de la seguridad de datos debe estar enmarcada en el objeto de cobertura.
A15: RESPONSABILIDAD CIVIL POR EMPRESAS SUBCONTRATISTAS | B15: La aseguradora se compromete a indemnizar cualquier pérdida derivada de violación de información personal y/o violación de información corporativa que resulte en un reclamo en contra del Asegurado como consecuencia del procesamiento o recopilación de datos personales y corporativos por una empresa subcontratista en nombre de la sociedad y por los cuales, la sociedad es responsable.
A16: RESPONSABILIDAD CIVIL POR SEGURIDAD DE DATOS. | B16: La aseguradora se compromete a indemnizar cualquier pérdida derivada de un acto, error u omisión, real o presunto, que resulte en un reclamo contra el asegurado: 1- Una contaminación de datos de terceros por medio de un software no autorizado, un código informático o virus específicamente diseñado para el sistema de cómputo de la sociedad; 2- Una denegación inadecuada o errónea de los derechos de acceso a los datos a un tercero autorizado; 3- Un ataque de denegación de servicio que produzca denegación inadecuada o errónea de los derechos de acceso a los datos a un tercero autorizado; 4- La destrucción, modificación, contaminación, daño o eliminación de datos almacenados en cualquier sistema de cómputo como consecuencia de una violación de seguridad de datos; 5- El robo físico del hardware controlado por la sociedad y dentro de sus predios; por cualquier persona diferente al asegurado y en el cual se encuentran datos almacenados y que dicho robo derive en una pérdida de datos; o 6- La revelación de datos como consecuencia de una violación de seguridad de datos; Asimismo, se cubrirán las pérdidas que sufra la sociedad, derivadas de un acto intencional que provenga de cualquier empleado de la Entidad, en el caso que esta última sea legalmente responsable por dichos actos.
A17: GASTOS DE DEFENSA. | B17: La aseguradora tendrá el derecho de defender cualquier reclamo, por el que esta póliza pueda responder bajo sus coberturas. La aseguradora pagará los gastos de defensa incurridos para defender dicho reclamo, esta cobertura opera sin aplicación de deducible. Por gastos de defensa se entienden los honorarios, costas y expensas razonables y necesarias en los que, con el previo consentimiento escrito de la Aseguradora, incurra el asegurado para la negociación de acuerdos o defensa de cualquier reclamación de responsabilidad, sea judicial o extrajudicial, adelantada por un tercero en contra del asegurado, fuere está fundada o infundada. En el evento de que el asegurado fuere condenado por haber incurrido en una conducta dolosa, deberá reembolsar a la Aseguradora las sumas que le hayan sido anticipadas por esta cobertura.
A18: INVESTIGACIÓN. | B18: Sublimite del 30% del valor asegurado por reclamo y en el agregado anual. La aseguradora se compromete a indemnizar los honorarios, costos y gastos razonables en los que incurra el asegurado, con el previo consentimiento por escrito del asegurador, para su asesoramiento legal y su representación en relación con una investigación, esta cobertura opera sin aplicación de deducible.
A19: RESTITUCIÓN DE LA IMAGEN DE LA ENTIDAD. | B19: Sublimite del 30% del valor asegurado por reclamo y en el agregado anual. La aseguradora se compromete a indemnizar los honorarios, costos y gastos razonables incurridos por la sociedad en la obtención de asesoramiento por parte de un consultor independiente de relaciones públicas, con el previo consentimiento por escrito de la aseguradora, con el objeto de mitigar los daños a la reputación de la sociedad como consecuencia de un reclamo, una violación de información personal, una violación de información corporativa, o una violación de seguridad de datos, esta cobertura opera sin aplicación de deducible.
